Workbook

Sheet Summary Analytics
B1: THE FLORIDA COLLEGE SYSTEM
B2: 2017-2018
B3: ADMINISTRATIVE COST REPORT SUMMARY ANALYTICS
I5: Prior Year's Data:
B6: COLLEGE | C6: ADMINISTRATIVE COST | D6: % OF INSTITUTIONAL SUPPORT EXCLUDED | E6: ADMINISTRATIVE COST % OVER COST ANALYSIS TOTAL EXPENDITURES EXCLUDING TRANSFERS | F6: 2017-18 FTE-3 | G6: ADMINISTRATIVE COST PER FUNDABLE FTE | I6: 2016-17 ADMINISTRATIVE COST % OVER COST ANALYSIS TOTAL EXPENDITURES EXCLUDING TRANSFERS | J6: AMOUNT CHANGE
A7: 1 | B7: Eastern Florida State College | C7: 6887578.1 | D7: 0.43854842 | E7: 0.093224938 | F7: 10730.9 | G7: 641.84534 | I7: 0.087944778 | J7: 0.00528016
A8: 2 | B8: Broward College | C8: 14488147 | D8: 0.55366097 | E8: 0.081855422 | F8: 28626.3 | G8: 506.11315 | I8: 0.10704052 | J8: -0.025185097
A9: 3 | B9: College of Central Florida | C9: 2388899.7 | D9: 0.65370019 | E9: 0.061777969 | F9: 5099.6 | G9: 468.44845 | I9: 0.06048699 | J9: 0.0012909786
A10: 4 | B10: Chipola College | C10: 1558626 | D10: 0.56582069 | E10: 0.10441444 | F10: 1438.5 | G10: 1083.5078 | I10: 0.10146637 | J10: 0.0029480678
A11: 5 | B11: Daytona State College | C11: 7291794 | D11: 0.46952058 | E11: 0.093421964 | F11: 11405.6 | G11: 639.317 | I11: 0.094234878 | J11: -0.00081291361
A12: 6 | B12: Florida SouthWestern State College | C12: 5536519 | D12: 0.52576026 | E12: 0.083288247 | F12: 11104.3 | G12: 498.59235 | I12: 0.085131876 | J12: -0.0018436293
A13: 7 | B13: Florida State College at Jacksonville | C13: 7015768 | D13: 0.70399809 | E13: 0.051017755 | F13: 16807.5 | G13: 417.41889 | I13: 0.058839839 | J13: -0.0078220839
A14: 8 | B14: Florida Keys Community College | C14: 1114439.5 | D14: 0.57815672 | E14: 0.10938229 | F14: 714.3 | G14: 1560.1841 | I14: 0.23584235 | J14: -0.12646006
A15: 9 | B15: Gulf Coast State College | C15: 2750561.8 | D15: 0.55518784 | E15: 0.085248478 | F15: 3584.8 | G15: 767.2846 | I15: 0.084058749 | J15: 0.0011897289
A16: 10 | B16: Hillsborough Community College | C16: 10176672 | D16: 0.52029982 | E16: 0.089501358 | F16: 20009.9 | G16: 508.58186 | I16: 0.090228424 | J16: -0.00072706575
A17: 11 | B17: Indian River State College | C17: 3383785 | D17: 0.54821798 | E17: 0.040127281 | F17: 13317.5 | G17: 254.0856 | I17: 0.040492972 | J17: -0.00036569018
A18: 12 | B18: Florida Gateway College | C18: 1843589.1 | D18: 0.59582776 | E18: 0.094855711 | F18: 2335.6 | G18: 789.3428 | I18: 0.10400668 | J18: -0.0091509691
... A34: 28 | B34: Valencia College | C34: 16018653 | D34: 0.50459869 | E34: 0.081002853 | F34: 30827.2 | G34: 519.62726 | I34: 0.07875588 | J34: 0.0022469732
B35: FCS | C35: 1.7727264e+08 | D35: 0.54332004 | E35: 0.082119118 | F35: 320042.5 | G35: 553.90343 | I35: 0.081765698 | J35: 0.00035342026
B37: Highest: | D37: 0.71509075 | E37: 0.13390394 | F37: 48188.2 | G37: 1560.1841 | I37: 0.23584235
B38: Lowest: | D38: 0.20036218 | E38: 0.039590555 | F38: 714.3 | G38: 244.3999 | I38: 0.038654686
B39: Range: | D39: 0.51472858 | E39: 0.094313383 | F39: 47473.9 | G39: 1315.7842 | I39: 0.19718766

Sheet Comparative Matrices
E1: THE FLORIDA COLLEGE SYSTEM
E2: 2017-2018
E3: ADMINISTRATIVE COST REPORT COMPARATIVE MATRICES
AD5: *Determined by reporting preponderance.
F6: YES / NO / PARTIAL MATRIX (Yes means it is administrative) | AK6: Count of | AL6: Count of | AM6: Count of | AN6: Total | AO6: % of | AP6: % of | AQ6: % of
F7: COLLEGE | G7: Eastern Florida State College | H7: Broward College | I7: College of Central Florida | J7: Chipola College | K7: Daytona State College | L7: Florida SouthWestern State College | M7: Florida State College at Jacksonville | N7: Florida Keys Community College | O7: Gulf Coast State College | P7: Hillsborough Community College | Q7: Indian River State College | R7: Florida Gateway College | S7: Lake-Sumter Community College | T7: State College of Florida, Manatee-Sarasota | U7: Miami Dade College | V7: North Florida Community College | W7: Northwest Florida State College | X7: Palm Beach State College | Y7: Pasco-Hernando State College | Z7: Pensacola State College | AA7: Polk State College | AB7: St. Johns River State College | AC7: St. Petersburg College | AD7: Santa Fe College | AE7: Seminole State College of Florida | AF7: South Florida State College | AG7: Tallahassee Community College | AH7: Valencia College | AI7: FCS* | AK7: Yes | AL7: No | AM7: Partial | AO7: Yes | AP7: No | AQ7: Partial
A8: 16000000 | D8: Institutional Support Control (Administrative)
B9: 16100000 | E9: Executive Management Control
C10: 16110000 | F10: College-Wide Management | G10: Yes | O10: Partial | S10: Yes | AI10: Yes | AK10: =COUNTIF(G10:AH10,"Yes") -> 2 | AL10: =COUNTIF(G10:AH10,"No") -> 0 | AM10: =COUNTIF(G10:AH10,"Partial") -> 1 | AN10: =SUM(AK10:AM10) -> 3 | AO10: =IFERROR(AK10/$AN10,0) -> 0.66666667 | AP10: =IFERROR(AL10/$AN10,0) -> 0 | AQ10: =IFERROR(AM10/$AN10,0) -> 0.33333333
C11: 16111000 | F11: District Board of Trustees | I11: yes | K11: Yes | L11: Yes | M11: Yes | N11: Yes | O11: Yes | Q11: Yes | R11: Yes | T11: Yes | U11: Yes | V11: Yes | W11: Yes | X11: Yes | Y11: Yes | Z11: yes | AA11: Yes | AB11: Yes | AC11: Yes | AD11: Yes | AE11: Yes | AF11: Yes | AG11: Partial | AH11: Yes | AI11: Yes | AK11: =COUNTIF(G11:AH11,"Yes") -> 22 | AL11: =COUNTIF(G11:AH11,"No") -> 0 | AM11: =COUNTIF(G11:AH11,"Partial") -> 1 | AN11: =SUM(AK11:AM11) -> 23 | AO11: =IFERROR(AK11/$AN11,0) -> 0.95652174 | AP11: =IFERROR(AL11/$AN11,0) -> 0 | AQ11: =IFERROR(AM11/$AN11,0) -> 0.043478261
C12: 16112000 | F12: President | G12: Yes | H12: Partial | I12: yes | K12: Yes | L12: Yes | M12: Yes | N12: Partial | O12: Yes | P12: Yes | Q12: Yes | R12: Yes | S12: Yes | T12: Partial | U12: Yes | V12: Yes | W12: Yes | X12: Yes | Y12: Yes | Z12: yes | AA12: Yes | AB12: Yes | AC12: Yes | AD12: Yes | AE12: Yes | AF12: Yes | AG12: Yes | AH12: Yes | AI12: Yes | AK12: =COUNTIF(G12:AH12,"Yes") -> 24 | AL12: =COUNTIF(G12:AH12,"No") -> 0 | AM12: =COUNTIF(G12:AH12,"Partial") -> 3 | AN12: =SUM(AK12:AM12) -> 27 | AO12: =IFERROR(AK12/$AN12,0) -> 0.88888889 | AP12: =IFERROR(AL12/$AN12,0) -> 0 | AQ12: =IFERROR(AM12/$AN12,0) -> 0.11111111
C13: 16113000 | F13: Assistant to the President | H13: Partial | K13: Yes | L13: No | P13: Yes | Q13: Yes | V13: Yes | Z13: yes | AC13: Yes | AI13: Yes | AK13: =COUNTIF(G13:AH13,"Yes") -> 6 | AL13: =COUNTIF(G13:AH13,"No") -> 1 | AM13: =COUNTIF(G13:AH13,"Partial") -> 1 | AN13: =SUM(AK13:AM13) -> 8 | AO13: =IFERROR(AK13/$AN13,0) -> 0.75 | AP13: =IFERROR(AL13/$AN13,0) -> 0.125 | AQ13: =IFERROR(AM13/$AN13,0) -> 0.125
C14: 16114000 | F14: Executive Vice President/Vice President(s) | H14: Partial | I14: yes | K14: Yes | L14: Yes | M14: Yes | O14: Yes | P14: Yes | Q14: Yes | R14: Partial | S14: Partial | T14: Partial | U14: Partial | W14: Yes | X14: Yes | Z14: yes | AB14: Yes | AC14: Yes | AD14: Partial | AE14: Yes | AF14: Yes | AG14: Partial | AH14: Yes | AI14: Yes | AK14: =COUNTIF(G14:AH14,"Yes") -> 15 | AL14: =COUNTIF(G14:AH14,"No") -> 0 | AM14: =COUNTIF(G14:AH14,"Partial") -> 7 | AN14: =SUM(AK14:AM14) -> 22 | AO14: =IFERROR(AK14/$AN14,0) -> 0.68181818 | AP14: =IFERROR(AL14/$AN14,0) -> 0 | AQ14: =IFERROR(AM14/$AN14,0) -> 0.31818182
C15: 16115000 | F15: Chief Campus Administrators in Multi-Campus Colleges | G15: Partial | H15: Partial | I15: no | L15: No | M15: No | P15: No | S15: No | T15: Partial | U15: No | Y15: No | AA15: No | AB15: No | AD15: No | AH15: No | AI15: No | AK15: =COUNTIF(G15:AH15,"Yes") -> 0 | AL15: =COUNTIF(G15:AH15,"No") -> 11 | AM15: =COUNTIF(G15:AH15,"Partial") -> 3 | AN15: =SUM(AK15:AM15) -> 14 | AO15: =IFERROR(AK15/$AN15,0) -> 0 | AP15: =IFERROR(AL15/$AN15,0) -> 0.78571429 | AQ15: =IFERROR(AM15/$AN15,0) -> 0.21428571
C16: 16116000 | F16: Equal Access, Equal Opportunity, Equal Employment Officer | K16: Yes | P16: Yes | T16: Partial | U16: Yes | W16: No | Z16: yes | AA16: Yes | AC16: Yes | AD16: No | AE16: Yes | AI16: Yes | AK16: =COUNTIF(G16:AH16,"Yes") -> 7 | AL16: =COUNTIF(G16:AH16,"No") -> 2 | AM16: =COUNTIF(G16:AH16,"Partial") -> 1 | AN16: =SUM(AK16:AM16) -> 10 | AO16: =IFERROR(AK16/$AN16,0) -> 0.7 | AP16: =IFERROR(AL16/$AN16,0) -> 0.2 | AQ16: =IFERROR(AM16/$AN16,0) -> 0.1
C17: 16117000 | F17: Internal Auditing | T17: Yes | AH17: Yes | AI17: Yes | AK17: =COUNTIF(G17:AH17,"Yes") -> 2 | AL17: =COUNTIF(G17:AH17,"No") -> 0 | AM17: =COUNTIF(G17:AH17,"Partial") -> 0 | AN17: =SUM(AK17:AM17) -> 2 | AO17: =IFERROR(AK17/$AN17,0) -> 1 | AP17: =IFERROR(AL17/$AN17,0) -> 0 | AQ17: =IFERROR(AM17/$AN17,0) -> 0
C18: 16120000 | F18: Educational Planning and Development | K18: No | M18: No | O18: No | T18: No | U18: Yes | V18: No | AE18: No | AI18: No | AK18: =COUNTIF(G18:AH18,"Yes") -> 1 | AL18: =COUNTIF(G18:AH18,"No") -> 6 | AM18: =COUNTIF(G18:AH18,"Partial") -> 0 | AN18: =SUM(AK18:AM18) -> 7 | AO18: =IFERROR(AK18/$AN18,0) -> 0.14285714 | AP18: =IFERROR(AL18/$AN18,0) -> 0.85714286 | AQ18: =IFERROR(AM18/$AN18,0) -> 0
C19: 16121000 | F19: Institutional Research | G19: No | H19: Partial | I19: no | K19: No | L19: No | M19: No | N19: No | P19: Yes | R19: No | T19: No | U19: No | V19: No | W19: Yes | X19: No | Y19: No | Z19: yes | AA19: No | AB19: No | AC19: No | AD19: No | AE19: No | AF19: No | AG19: No | AH19: No | AI19: No | AK19: =COUNTIF(G19:AH19,"Yes") -> 3 | AL19: =COUNTIF(G19:AH19,"No") -> 20 | AM19: =COUNTIF(G19:AH19,"Partial") -> 1 | AN19: =SUM(AK19:AM19) -> 24 | AO19: =IFERROR(AK19/$AN19,0) -> 0.125 | AP19: =IFERROR(AL19/$AN19,0) -> 0.83333333 | AQ19: =IFERROR(AM19/$AN19,0) -> 0.041666667
C20: 16122000 | F20: Analytical Studies | H20: Yes | P20: Yes | S20: No | U20: No | Y20: No | AB20: Yes | AI20: Yes | AK20: =COUNTIF(G20:AH20,"Yes") -> 3 | AL20: =COUNTIF(G20:AH20,"No") -> 3 | AM20: =COUNTIF(G20:AH20,"Partial") -> 0 | AN20: =SUM(AK20:AM20) -> 6 | AO20: =IFERROR(AK20/$AN20,0) -> 0.5 | AP20: =IFERROR(AL20/$AN20,0) -> 0.5 | AQ20: =IFERROR(AM20/$AN20,0) -> 0
C21: 16130000 | F21: Legal Services | G21: Yes | H21: Partial | I21: yes | K21: Yes | L21: Yes | M21: Yes | O21: Yes | P21: Yes | Q21: Yes | R21: No | S21: Yes | T21: Yes | U21: Yes | W21: Yes | X21: No | Y21: Yes | Z21: yes | AB21: Yes | AC21: Yes | AD21: Yes | AE21: Yes | AF21: Yes | AH21: Yes | AI21: Yes | AK21: =COUNTIF(G21:AH21,"Yes") -> 20 | AL21: =COUNTIF(G21:AH21,"No") -> 2 | AM21: =COUNTIF(G21:AH21,"Partial") -> 1 | AN21: =SUM(AK21:AM21) -> 23 | AO21: =IFERROR(AK21/$AN21,0) -> 0.86956522 | AP21: =IFERROR(AL21/$AN21,0) -> 0.086956522 | AQ21: =IFERROR(AM21/$AN21,0) -> 0.043478261
C22: 16140000 | F22: College-Wide Planning and Management Committees, Council or Task Forces | K22: Yes | R22: No | S22: No | T22: No | U22: Yes | AD22: No | AG22: No | AI22: No | AK22: =COUNTIF(G22:AH22,"Yes") -> 2 | AL22: =COUNTIF(G22:AH22,"No") -> 5 | AM22: =COUNTIF(G22:AH22,"Partial") -> 0 | AN22: =SUM(AK22:AM22) -> 7 | AO22: =IFERROR(AK22/$AN22,0) -> 0.28571429 | AP22: =IFERROR(AL22/$AN22,0) -> 0.71428571 | AQ22: =IFERROR(AM22/$AN22,0) -> 0
C23: 16141000 | F23: Faculty Senates | T23: No | AC23: No | AG23: No | AH23: No | AI23: No | AK23: =COUNTIF(G23:AH23,"Yes") -> 0 | AL23: =COUNTIF(G23:AH23,"No") -> 4 | AM23: =COUNTIF(G23:AH23,"Partial") -> 0 | AN23: =SUM(AK23:AM23) -> 4 | AO23: =IFERROR(AK23/$AN23,0) -> 0 | AP23: =IFERROR(AL23/$AN23,0) -> 1 | AQ23: =IFERROR(AM23/$AN23,0) -> 0
C24: 16142000 | F24: Planning Committees | T24: No | X24: No | Z24: no | AF24: Yes | AG24: No | AI24: Yes | AK24: =COUNTIF(G24:AH24,"Yes") -> 1 | AL24: =COUNTIF(G24:AH24,"No") -> 4 | AM24: =COUNTIF(G24:AH24,"Partial") -> 0 | AN24: =SUM(AK24:AM24) -> 5 | AO24: =IFERROR(AK24/$AN24,0) -> 0.2 | AP24: =IFERROR(AL24/$AN24,0) -> 0.8 | AQ24: =IFERROR(AM24/$AN24,0) -> 0
C25: 16143000 | F25: Administrative Councils | M25: No | U25: Yes | AC25: Yes | AI25: Yes | AK25: =COUNTIF(G25:AH25,"Yes") -> 2 | AL25: =COUNTIF(G25:AH25,"No") -> 1 | AM25: =COUNTIF(G25:AH25,"Partial") -> 0 | AN25: =SUM(AK25:AM25) -> 3 | AO25: =IFERROR(AK25/$AN25,0) -> 0.66666667 | AP25: =IFERROR(AL25/$AN25,0) -> 0.33333333 | AQ25: =IFERROR(AM25/$AN25,0) -> 0
B26: 16200000 | E26: Fiscal Operations Control | AK26: =COUNTIF(G26:AH26,"Yes") -> 0 | AL26: =COUNTIF(G26:AH26,"No") -> 0 | AM26: =COUNTIF(G26:AH26,"Partial") -> 0 | AN26: =SUM(AK26:AM26) -> 0 | AO26: =IFERROR(AK26/$AN26,0) -> 0 | AP26: =IFERROR(AL26/$AN26,0) -> 0 | AQ26: =IFERROR(AM26/$AN26,0) -> 0
C27: 16210000 | F27: Fiscal Control | R27: Partial | W27: Partial | Y27: Yes | AA27: Yes | AB27: Partial | AD27: Partial | AE27: Yes | AI27: Partial | AK27: =COUNTIF(G27:AH27,"Yes") -> 3 | AL27: =COUNTIF(G27:AH27,"No") -> 0 | AM27: =COUNTIF(G27:AH27,"Partial") -> 4 | AN27: =SUM(AK27:AM27) -> 7 | AO27: =IFERROR(AK27/$AN27,0) -> 0.42857143 | AP27: =IFERROR(AL27/$AN27,0) -> 0 | AQ27: =IFERROR(AM27/$AN27,0) -> 0.57142857
C28: 16211000 | F28: Business Officer (Financial Duties) | G28: Yes | H28: Partial | K28: Yes | N28: Yes | V28: Partial | AF28: Yes | AI28: Yes | AK28: =COUNTIF(G28:AH28,"Yes") -> 4 | AL28: =COUNTIF(G28:AH28,"No") -> 0 | AM28: =COUNTIF(G28:AH28,"Partial") -> 2 | AN28: =SUM(AK28:AM28) -> 6 | AO28: =IFERROR(AK28/$AN28,0) -> 0.66666667 | AP28: =IFERROR(AL28/$AN28,0) -> 0 | AQ28: =IFERROR(AM28/$AN28,0) -> 0.33333333
C29: 16212000 | F29: Comptroller | G29: Yes | H29: Yes | L29: Partial | O29: Yes | P29: Yes | Q29: Yes | R29: Partial | T29: Yes | U29: Yes | V29: No | X29: Partial | Z29: Partial | AC29: Yes | AH29: Yes | AI29: Yes | AK29: =COUNTIF(G29:AH29,"Yes") -> 9 | AL29: =COUNTIF(G29:AH29,"No") -> 1 | AM29: =COUNTIF(G29:AH29,"Partial") -> 4 | AN29: =SUM(AK29:AM29) -> 14 | AO29: =IFERROR(AK29/$AN29,0) -> 0.64285714 | AP29: =IFERROR(AL29/$AN29,0) -> 0.071428571 | AQ29: =IFERROR(AM29/$AN29,0) -> 0.28571429
C30: 16213000 | F30: Budget Administration and Control | G30: Yes | H30: Partial | K30: Yes | O30: Yes | Q30: Yes | U30: Partial | X30: Yes | AC30: Yes | AH30: Yes | AI30: Yes | AK30: =COUNTIF(G30:AH30,"Yes") -> 7 | AL30: =COUNTIF(G30:AH30,"No") -> 0 | AM30: =COUNTIF(G30:AH30,"Partial") -> 2 | AN30: =SUM(AK30:AM30) -> 9 | AO30: =IFERROR(AK30/$AN30,0) -> 0.77777778 | AP30: =IFERROR(AL30/$AN30,0) -> 0 | AQ30: =IFERROR(AM30/$AN30,0) -> 0.22222222
C31: 16220000 | F31: Financial Operations | G31: No | I31: yes | J31: Partial | M31: Partial | N31: Partial | O31: Yes | P31: Partial | Q31: Partial | R31: Partial | S31: Partial | T31: Partial | U31: Yes | V31: No | Y31: Partial | AA31: Partial | AE31: Partial | AG31: Yes | AI31: Partial | AK31: =COUNTIF(G31:AH31,"Yes") -> 4 | AL31: =COUNTIF(G31:AH31,"No") -> 2 | AM31: =COUNTIF(G31:AH31,"Partial") -> 11 | AN31: =SUM(AK31:AM31) -> 17 | AO31: =IFERROR(AK31/$AN31,0) -> 0.23529412 | AP31: =IFERROR(AL31/$AN31,0) -> 0.11764706 | AQ31: =IFERROR(AM31/$AN31,0) -> 0.64705882
C32: 16221000 | F32: Payroll Operation | G32: Yes | H32: Partial | K32: Yes | O32: Yes | Q32: Yes | R32: Partial | S32: Yes | U32: Yes | V32: No | X32: Yes | Y32: Yes | Z32: yes | AC32: Yes | AE32: Yes | AI32: Yes | AK32: =COUNTIF(G32:AH32,"Yes") -> 11 | AL32: =COUNTIF(G32:AH32,"No") -> 1 | AM32: =COUNTIF(G32:AH32,"Partial") -> 2 | AN32: =SUM(AK32:AM32) -> 14 | AO32: =IFERROR(AK32/$AN32,0) -> 0.78571429 | AP32: =IFERROR(AL32/$AN32,0) -> 0.071428571 | AQ32: =IFERROR(AM32/$AN32,0) -> 0.14285714
C33: 16222000 | F33: Bursar | G33: No | H33: Partial | K33: Partial | Q33: No | R33: No | T33: Partial | U33: No | W33: Partial | X33: No | Y33: No | Z33: no | AC33: Yes | AE33: No | AH33: No | AI33: No | AK33: =COUNTIF(G33:AH33,"Yes") -> 1 | AL33: =COUNTIF(G33:AH33,"No") -> 9 | AM33: =COUNTIF(G33:AH33,"Partial") -> 4 | AN33: =SUM(AK33:AM33) -> 14 | AO33: =IFERROR(AK33/$AN33,0) -> 0.071428571 | AP33: =IFERROR(AL33/$AN33,0) -> 0.64285714 | AQ33: =IFERROR(AM33/$AN33,0) -> 0.28571429
C34: 16223000 | F34: Cashier | G34: No | M34: No | O34: Yes | Q34: No | R34: No | V34: No | AC34: Partial | AE34: No | AF34: No | AG34: No | AH34: No | AI34: No | AK34: =COUNTIF(G34:AH34,"Yes") -> 1 | AL34: =COUNTIF(G34:AH34,"No") -> 9 | AM34: =COUNTIF(G34:AH34,"Partial") -> 1 | AN34: =SUM(AK34:AM34) -> 11 | AO34: =IFERROR(AK34/$AN34,0) -> 0.090909091 | AP34: =IFERROR(AL34/$AN34,0) -> 0.81818182 | AQ34: =IFERROR(AM34/$AN34,0) -> 0.090909091
C35: 16224000 | F35: Disbursement | G35: Yes | H35: Partial | K35: Yes | O35: Yes | Q35: Yes | U35: Yes | AI35: Yes | AK35: =COUNTIF(G35:AH35,"Yes") -> 5 | AL35: =COUNTIF(G35:AH35,"No") -> 0 | AM35: =COUNTIF(G35:AH35,"Partial") -> 1 | AN35: =SUM(AK35:AM35) -> 6 | AO35: =IFERROR(AK35/$AN35,0) -> 0.83333333 | AP35: =IFERROR(AL35/$AN35,0) -> 0 | AQ35: =IFERROR(AM35/$AN35,0) -> 0.16666667
C36: 16225000 | F36: Accounting | H36: Partial | K36: Partial | Q36: Yes | U36: Partial | V36: No | X36: Yes | AC36: Yes | AI36: Partial | AK36: =COUNTIF(G36:AH36,"Yes") -> 3 | AL36: =COUNTIF(G36:AH36,"No") -> 1 | AM36: =COUNTIF(G36:AH36,"Partial") -> 3 | AN36: =SUM(AK36:AM36) -> 7 | AO36: =IFERROR(AK36/$AN36,0) -> 0.42857143 | AP36: =IFERROR(AL36/$AN36,0) -> 0.14285714 | AQ36: =IFERROR(AM36/$AN36,0) -> 0.42857143
C37: 16230000 | F37: Investment Management | L37: Yes | U37: Yes | AI37: Yes | AK37: =COUNTIF(G37:AH37,"Yes") -> 2 | AL37: =COUNTIF(G37:AH37,"No") -> 0 | AM37: =COUNTIF(G37:AH37,"Partial") -> 0 | AN37: =SUM(AK37:AM37) -> 2 | AO37: =IFERROR(AK37/$AN37,0) -> 1 | AP37: =IFERROR(AL37/$AN37,0) -> 0 | AQ37: =IFERROR(AM37/$AN37,0) -> 0
C38: 16231000 | F38: Cash Flow Management | H38: Yes | AH38: No | AI38: Yes | AK38: =COUNTIF(G38:AH38,"Yes") -> 1 | AL38: =COUNTIF(G38:AH38,"No") -> 1 | AM38: =COUNTIF(G38:AH38,"Partial") -> 0 | AN38: =SUM(AK38:AM38) -> 2 | AO38: =IFERROR(AK38/$AN38,0) -> 0.5 | AP38: =IFERROR(AL38/$AN38,0) -> 0.5 | AQ38: =IFERROR(AM38/$AN38,0) -> 0
C39: 16232000 | F39: Endowment Management | AK39: =COUNTIF(G39:AH39,"Yes") -> 0 | AL39: =COUNTIF(G39:AH39,"No") -> 0 | AM39: =COUNTIF(G39:AH39,"Partial") -> 0 | AN39: =SUM(AK39:AM39) -> 0 | AO39: =IFERROR(AK39/$AN39,0) -> 0 | AP39: =IFERROR(AL39/$AN39,0) -> 0 | AQ39: =IFERROR(AM39/$AN39,0) -> 0
C40: 16240000 | F40: Grants and Contracts Financial Management | I40: no | AI40: No | AK40: =COUNTIF(G40:AH40,"Yes") -> 0 | AL40: =COUNTIF(G40:AH40,"No") -> 1 | AM40: =COUNTIF(G40:AH40,"Partial") -> 0 | AN40: =SUM(AK40:AM40) -> 1 | AO40: =IFERROR(AK40/$AN40,0) -> 0 | AP40: =IFERROR(AL40/$AN40,0) -> 1 | AQ40: =IFERROR(AM40/$AN40,0) -> 0
C41: 16241000 | F41: Grants Management | L41: No | N41: No | Q41: No | R41: No | S41: No | W41: No | X41: No | AA41: No | AC41: Yes | AE41: No | AH41: No | AI41: No | AK41: =COUNTIF(G41:AH41,"Yes") -> 1 | AL41: =COUNTIF(G41:AH41,"No") -> 10 | AM41: =COUNTIF(G41:AH41,"Partial") -> 0 | AN41: =SUM(AK41:AM41) -> 11 | AO41: =IFERROR(AK41/$AN41,0) -> 0.090909091 | AP41: =IFERROR(AL41/$AN41,0) -> 0.90909091 | AQ41: =IFERROR(AM41/$AN41,0) -> 0
C42: 16242000 | F42: Grants Accounting | G42: Yes | H42: Partial | O42: Yes | P42: Yes | Q42: No | U42: No | X42: No | AH42: No | AI42: No | AK42: =COUNTIF(G42:AH42,"Yes") -> 3 | AL42: =COUNTIF(G42:AH42,"No") -> 4 | AM42: =COUNTIF(G42:AH42,"Partial") -> 1 | AN42: =SUM(AK42:AM42) -> 8 | AO42: =IFERROR(AK42/$AN42,0) -> 0.375 | AP42: =IFERROR(AL42/$AN42,0) -> 0.5 | AQ42: =IFERROR(AM42/$AN42,0) -> 0.125
B43: 16300000 | E43: General Administrative and Logistical Services Control | AK43: =COUNTIF(G43:AH43,"Yes") -> 0 | AL43: =COUNTIF(G43:AH43,"No") -> 0 | AM43: =COUNTIF(G43:AH43,"Partial") -> 0 | AN43: =SUM(AK43:AM43) -> 0 | AO43: =IFERROR(AK43/$AN43,0) -> 0 | AP43: =IFERROR(AL43/$AN43,0) -> 0 | AQ43: =IFERROR(AM43/$AN43,0) -> 0
C44: 16310000 | F44: Administrative Data/Telecommunication Services | H44: No | I44: Partial | J44: Partial | K44: No | L44: Partial | N44: No | O44: No | P44: No | S44: No | U44: No | V44: No | W44: Partial | X44: No | Y44: No | Z44: no | AA44: No | AB44: Partial | AD44: Partial | AE44: No | AF44: No | AG44: No | AH44: No | AI44: No | AK44: =COUNTIF(G44:AH44,"Yes") -> 0 | AL44: =COUNTIF(G44:AH44,"No") -> 16 | AM44: =COUNTIF(G44:AH44,"Partial") -> 6 | AN44: =SUM(AK44:AM44) -> 22 | AO44: =IFERROR(AK44/$AN44,0) -> 0 | AP44: =IFERROR(AL44/$AN44,0) -> 0.72727273 | AQ44: =IFERROR(AM44/$AN44,0) -> 0.27272727
C45: 16310100 | F45: Computing | G45: Partial | K45: No | M45: No | N45: No | O45: No | P45: Partial | Q45: No | R45: Partial | T45: Partial | U45: No | W45: No | X45: Yes | Z45: no | AA45: No | AC45: Yes | AD45: Partial | AE45: No | AF45: No | AI45: No | AK45: =COUNTIF(G45:AH45,"Yes") -> 2 | AL45: =COUNTIF(G45:AH45,"No") -> 11 | AM45: =COUNTIF(G45:AH45,"Partial") -> 5 | AN45: =SUM(AK45:AM45) -> 18 | AO45: =IFERROR(AK45/$AN45,0) -> 0.11111111 | AP45: =IFERROR(AL45/$AN45,0) -> 0.61111111 | AQ45: =IFERROR(AM45/$AN45,0) -> 0.27777778
C46: 16310200 | F46: Telecommunications | K46: Yes | R46: No | T46: Partial | U46: No | X46: No | AC46: Yes | AE46: No | AF46: No | AG46: No | AI46: No | AK46: =COUNTIF(G46:AH46,"Yes") -> 2 | AL46: =COUNTIF(G46:AH46,"No") -> 6 | AM46: =COUNTIF(G46:AH46,"Partial") -> 1 | AN46: =SUM(AK46:AM46) -> 9 | AO46: =IFERROR(AK46/$AN46,0) -> 0.22222222 | AP46: =IFERROR(AL46/$AN46,0) -> 0.66666667 | AQ46: =IFERROR(AM46/$AN46,0) -> 0.11111111
C47: 16310300 | F47: Networking | K47: No | M47: No | P47: No | T47: Partial | U47: No | X47: No | Z47: no | AD47: Partial | AF47: No | AI47: No | AK47: =COUNTIF(G47:AH47,"Yes") -> 0 | AL47: =COUNTIF(G47:AH47,"No") -> 7 | AM47: =COUNTIF(G47:AH47,"Partial") -> 2 | AN47: =SUM(AK47:AM47) -> 9 | AO47: =IFERROR(AK47/$AN47,0) -> 0 | AP47: =IFERROR(AL47/$AN47,0) -> 0.77777778 | AQ47: =IFERROR(AM47/$AN47,0) -> 0.22222222
C48: 16320000 | F48: Human Resources | G48: Yes | H48: Partial | I48: Partial | J48: Yes | K48: Yes | L48: Yes | M48: Yes | N48: Yes | O48: Yes | P48: Yes | Q48: Partial | R48: Yes | S48: Yes | T48: Partial | U48: Yes | V48: Partial | W48: Yes | X48: Yes | Y48: Yes | Z48: yes | AA48: Yes | AB48: Yes | AC48: Yes | AD48: Partial | AE48: Partial | AF48: Yes | AG48: Yes | AH48: Yes | AI48: Yes | AK48: =COUNTIF(G48:AH48,"Yes") -> 21 | AL48: =COUNTIF(G48:AH48,"No") -> 0 | AM48: =COUNTIF(G48:AH48,"Partial") -> 7 | AN48: =SUM(AK48:AM48) -> 28 | AO48: =IFERROR(AK48/$AN48,0) -> 0.75 | AP48: =IFERROR(AL48/$AN48,0) -> 0 | AQ48: =IFERROR(AM48/$AN48,0) -> 0.25
C49: 16330000 | F49: Logistical Services | J49: Partial | M49: Yes | U49: Yes | V49: No | W49: No | AA49: No | AE49: No | AI49: Yes | AK49: =COUNTIF(G49:AH49,"Yes") -> 2 | AL49: =COUNTIF(G49:AH49,"No") -> 4 | AM49: =COUNTIF(G49:AH49,"Partial") -> 1 | AN49: =SUM(AK49:AM49) -> 7 | AO49: =IFERROR(AK49/$AN49,0) -> 0.28571429 | AP49: =IFERROR(AL49/$AN49,0) -> 0.57142857 | AQ49: =IFERROR(AM49/$AN49,0) -> 0.14285714
C50: 16330100 | F50: Purchasing | G50: Yes | H50: Partial | I50: yes | K50: Yes | L50: Yes | N50: Yes | O50: Yes | P50: Yes | Q50: Yes | R50: Yes | S50: Yes | T50: Yes | U50: Yes | V50: No | W50: Yes | X50: Yes | Y50: Yes | Z50: yes | AA50: Yes | AC50: Yes | AD50: Yes | AE50: Yes | AF50: Yes | AG50: Yes | AH50: Yes | AI50: Yes | AK50: =COUNTIF(G50:AH50,"Yes") -> 23 | AL50: =COUNTIF(G50:AH50,"No") -> 1 | AM50: =COUNTIF(G50:AH50,"Partial") -> 1 | AN50: =SUM(AK50:AM50) -> 25 | AO50: =IFERROR(AK50/$AN50,0) -> 0.92 | AP50: =IFERROR(AL50/$AN50,0) -> 0.04 | AQ50: =IFERROR(AM50/$AN50,0) -> 0.04
C51: 16330200 | F51: Receiving | H51: Partial | K51: Yes | O51: Yes | P51: No | X51: Yes | Z51: yes | AB51: No | AC51: Yes | AE51: No | AI51: Yes | AK51: =COUNTIF(G51:AH51,"Yes") -> 5 | AL51: =COUNTIF(G51:AH51,"No") -> 3 | AM51: =COUNTIF(G51:AH51,"Partial") -> 1 | AN51: =SUM(AK51:AM51) -> 9 | AO51: =IFERROR(AK51/$AN51,0) -> 0.55555556 | AP51: =IFERROR(AL51/$AN51,0) -> 0.33333333 | AQ51: =IFERROR(AM51/$AN51,0) -> 0.11111111
C52: 16330300 | F52: Shipping | AK52: =COUNTIF(G52:AH52,"Yes") -> 0 | AL52: =COUNTIF(G52:AH52,"No") -> 0 | AM52: =COUNTIF(G52:AH52,"Partial") -> 0 | AN52: =SUM(AK52:AM52) -> 0 | AO52: =IFERROR(AK52/$AN52,0) -> 0 | AP52: =IFERROR(AL52/$AN52,0) -> 0 | AQ52: =IFERROR(AM52/$AN52,0) -> 0
C53: 16330400 | F53: Warehousing | H53: Partial | K53: Yes | M53: No | T53: Yes | Z53: yes | AC53: Yes | AE53: No | AI53: Yes | AK53: =COUNTIF(G53:AH53,"Yes") -> 4 | AL53: =COUNTIF(G53:AH53,"No") -> 2 | AM53: =COUNTIF(G53:AH53,"Partial") -> 1 | AN53: =SUM(AK53:AM53) -> 7 | AO53: =IFERROR(AK53/$AN53,0) -> 0.57142857 | AP53: =IFERROR(AL53/$AN53,0) -> 0.28571429 | AQ53: =IFERROR(AM53/$AN53,0) -> 0.14285714
C54: 16330500 | F54: Property Management | J54: Partial | K54: Yes | L54: Yes | P54: No | T54: Yes | U54: Yes | V54: No | X54: Yes | AC54: Yes | AH54: Yes | AI54: Yes | AK54: =COUNTIF(G54:AH54,"Yes") -> 7 | AL54: =COUNTIF(G54:AH54,"No") -> 2 | AM54: =COUNTIF(G54:AH54,"Partial") -> 1 | AN54: =SUM(AK54:AM54) -> 10 | AO54: =IFERROR(AK54/$AN54,0) -> 0.7 | AP54: =IFERROR(AL54/$AN54,0) -> 0.2 | AQ54: =IFERROR(AM54/$AN54,0) -> 0.1
C55: 16330600 | F55: Mail and Distribution | H55: Partial | I55: no | J55: No | K55: Yes | L55: Yes | M55: No | O55: No | P55: No | Q55: No | R55: No | S55: No | T55: Partial | U55: No | V55: No | Y55: No | Z55: yes | AC55: Yes | AD55: No | AF55: No | AG55: No | AH55: No | AI55: No | AK55: =COUNTIF(G55:AH55,"Yes") -> 4 | AL55: =COUNTIF(G55:AH55,"No") -> 15 | AM55: =COUNTIF(G55:AH55,"Partial") -> 2 | AN55: =SUM(AK55:AM55) -> 21 | AO55: =IFERROR(AK55/$AN55,0) -> 0.19047619 | AP55: =IFERROR(AL55/$AN55,0) -> 0.71428571 | AQ55: =IFERROR(AM55/$AN55,0) -> 0.095238095
C56: 16330700 | F56: Telephone Service/Operations | I56: no | J56: No | L56: No | M56: No | N56: No | O56: No | P56: No | Q56: No | S56: No | U56: No | V56: No | W56: No | Y56: No | Z56: no | AA56: No | AC56: Yes | AD56: No | AF56: No | AG56: No | AI56: No | AK56: =COUNTIF(G56:AH56,"Yes") -> 1 | AL56: =COUNTIF(G56:AH56,"No") -> 18 | AM56: =COUNTIF(G56:AH56,"Partial") -> 0 | AN56: =SUM(AK56:AM56) -> 19 | AO56: =IFERROR(AK56/$AN56,0) -> 0.052631579 | AP56: =IFERROR(AL56/$AN56,0) -> 0.94736842 | AQ56: =IFERROR(AM56/$AN56,0) -> 0
C57: 16330800 | F57: General Printing and Reproduction | I57: no | J57: No | K57: Yes | N57: Yes | P57: No | S57: No | T57: Partial | U57: No | V57: Partial | W57: No | X57: No | Y57: No | Z57: no | AC57: Partial | AI57: No | AK57: =COUNTIF(G57:AH57,"Yes") -> 2 | AL57: =COUNTIF(G57:AH57,"No") -> 9 | AM57: =COUNTIF(G57:AH57,"Partial") -> 3 | AN57: =SUM(AK57:AM57) -> 14 | AO57: =IFERROR(AK57/$AN57,0) -> 0.14285714 | AP57: =IFERROR(AL57/$AN57,0) -> 0.64285714 | AQ57: =IFERROR(AM57/$AN57,0) -> 0.21428571
C58: 16330900 | F58: Campus Transportation (including motor pool) | G58: Yes | I58: no | J58: Partial | K58: No | Q58: No | S58: No | T58: Partial | U58: No | W58: Partial | X58: No | Z58: no | AB58: No | AC58: Yes | AI58: No | AK58: =COUNTIF(G58:AH58,"Yes") -> 2 | AL58: =COUNTIF(G58:AH58,"No") -> 8 | AM58: =COUNTIF(G58:AH58,"Partial") -> 3 | AN58: =SUM(AK58:AM58) -> 13 | AO58: =IFERROR(AK58/$AN58,0) -> 0.15384615 | AP58: =IFERROR(AL58/$AN58,0) -> 0.61538462 | AQ58: =IFERROR(AM58/$AN58,0) -> 0.23076923
C59: 16331000 | F59: Parking and Parking Space Management | P59: No | U59: No | AI59: No | AK59: =COUNTIF(G59:AH59,"Yes") -> 0 | AL59: =COUNTIF(G59:AH59,"No") -> 2 | AM59: =COUNTIF(G59:AH59,"Partial") -> 0 | AN59: =SUM(AK59:AM59) -> 2 | AO59: =IFERROR(AK59/$AN59,0) -> 0 | AP59: =IFERROR(AL59/$AN59,0) -> 1 | AQ59: =IFERROR(AM59/$AN59,0) -> 0
C60: 16340000 | F60: Other General Expenses | I60: no | J60: No | K60: No | M60: No | N60: Yes | O60: No | P60: No | S60: Partial | T60: Partial | X60: No | Z60: partial | AE60: No | AF60: Yes | AG60: No | AH60: No | AI60: No | AK60: =COUNTIF(G60:AH60,"Yes") -> 2 | AL60: =COUNTIF(G60:AH60,"No") -> 10 | AM60: =COUNTIF(G60:AH60,"Partial") -> 3 | AN60: =SUM(AK60:AM60) -> 15 | AO60: =IFERROR(AK60/$AN60,0) -> 0.13333333 | AP60: =IFERROR(AL60/$AN60,0) -> 0.66666667 | AQ60: =IFERROR(AM60/$AN60,0) -> 0.2
C61: 16341000 | F61: Business Hospitality | G61: No | H61: Partial | M61: Yes | P61: Yes | S61: No | T61: Partial | U61: Yes | V61: Partial | W61: No | Y61: No | AD61: Yes | AE61: No | AF61: Yes | AH61: No | AI61: No | AK61: =COUNTIF(G61:AH61,"Yes") -> 5 | AL61: =COUNTIF(G61:AH61,"No") -> 6 | AM61: =COUNTIF(G61:AH61,"Partial") -> 3 | AN61: =SUM(AK61:AM61) -> 14 | AO61: =IFERROR(AK61/$AN61,0) -> 0.35714286 | AP61: =IFERROR(AL61/$AN61,0) -> 0.42857143 | AQ61: =IFERROR(AM61/$AN61,0) -> 0.21428571
C62: 16342000 | F62: Organizational Memberships | G62: Partial | I62: Partial | J62: Yes | M62: No | O62: Yes | Q62: Yes | S62: Yes | T62: Yes | U62: Yes | V62: Partial | W62: No | X62: No | Y62: Yes | Z62: yes | AA62: Yes | AC62: Yes | AD62: Yes | AE62: Yes | AG62: No | AH62: Yes | AI62: Yes | AK62: =COUNTIF(G62:AH62,"Yes") -> 13 | AL62: =COUNTIF(G62:AH62,"No") -> 4 | AM62: =COUNTIF(G62:AH62,"Partial") -> 3 | AN62: =SUM(AK62:AM62) -> 20 | AO62: =IFERROR(AK62/$AN62,0) -> 0.65 | AP62: =IFERROR(AL62/$AN62,0) -> 0.2 | AQ62: =IFERROR(AM62/$AN62,0) -> 0.15
C63: 16343000 | F63: General Insurance (other than property) | G63: No | H63: Yes | I63: no | J63: No | L63: Partial | M63: No | O63: No | R63: No | S63: No | T63: Partial | U63: Nos | W63: No | Y63: No | Z63: no | AA63: No | AC63: No | AD63: No | AE63: Partial | AH63: No | AI63: No | AK63: =COUNTIF(G63:AH63,"Yes") -> 1 | AL63: =COUNTIF(G63:AH63,"No") -> 14 | AM63: =COUNTIF(G63:AH63,"Partial") -> 3 | AN63: =SUM(AK63:AM63) -> 18 | AO63: =IFERROR(AK63/$AN63,0) -> 0.055555556 | AP63: =IFERROR(AL63/$AN63,0) -> 0.77777778 | AQ63: =IFERROR(AM63/$AN63,0) -> 0.16666667
C64: 16344000 | F64: Commencement (Graduation) | G64: No | J64: No | L64: No | M64: No | O64: No | S64: No | T64: No | U64: No | V64: Partial | X64: No | Y64: No | Z64: no | AA64: No | AC64: No | AF64: No | AI64: No | AK64: =COUNTIF(G64:AH64,"Yes") -> 0 | AL64: =COUNTIF(G64:AH64,"No") -> 14 | AM64: =COUNTIF(G64:AH64,"Partial") -> 1 | AN64: =SUM(AK64:AM64) -> 15 | AO64: =IFERROR(AK64/$AN64,0) -> 0 | AP64: =IFERROR(AL64/$AN64,0) -> 0.93333333 | AQ64: =IFERROR(AM64/$AN64,0) -> 0.066666667
B65: 16400000 | E65: Unassigned | AK65: =COUNTIF(G65:AH65,"Yes") -> 0 | AL65: =COUNTIF(G65:AH65,"No") -> 0 | AM65: =COUNTIF(G65:AH65,"Partial") -> 0 | AN65: =SUM(AK65:AM65) -> 0 | AO65: =IFERROR(AK65/$AN65,0) -> 0 | AP65: =IFERROR(AL65/$AN65,0) -> 0 | AQ65: =IFERROR(AM65/$AN65,0) -> 0
B66: 16500000 | E66: Unassigned | AK66: =COUNTIF(G66:AH66,"Yes") -> 0 | AL66: =COUNTIF(G66:AH66,"No") -> 0 | AM66: =COUNTIF(G66:AH66,"Partial") -> 0 | AN66: =SUM(AK66:AM66) -> 0 | AO66: =IFERROR(AK66/$AN66,0) -> 0 | AP66: =IFERROR(AL66/$AN66,0) -> 0 | AQ66: =IFERROR(AM66/$AN66,0) -> 0
B67: 16600000 | E67: Administrative and Support Staff Services Control | AK67: =COUNTIF(G67:AH67,"Yes") -> 0 | AL67: =COUNTIF(G67:AH67,"No") -> 0 | AM67: =COUNTIF(G67:AH67,"Partial") -> 0 | AN67: =SUM(AK67:AM67) -> 0 | AO67: =IFERROR(AK67/$AN67,0) -> 0 | AP67: =IFERROR(AL67/$AN67,0) -> 0 | AQ67: =IFERROR(AM67/$AN67,0) -> 0
C68: 16610000 | F68: In-Service Training | P68: Yes | U68: No | Z68: no | AA68: Yes | AC68: Yes | AH68: Yes | AI68: Yes | AK68: =COUNTIF(G68:AH68,"Yes") -> 4 | AL68: =COUNTIF(G68:AH68,"No") -> 2 | AM68: =COUNTIF(G68:AH68,"Partial") -> 0 | AN68: =SUM(AK68:AM68) -> 6 | AO68: =IFERROR(AK68/$AN68,0) -> 0.66666667 | AP68: =IFERROR(AL68/$AN68,0) -> 0.33333333 | AQ68: =IFERROR(AM68/$AN68,0) -> 0
C69: 16620000 | F69: Sabbatical Leaves (Administrative and Support Staff only) | AK69: =COUNTIF(G69:AH69,"Yes") -> 0 | AL69: =COUNTIF(G69:AH69,"No") -> 0 | AM69: =COUNTIF(G69:AH69,"Partial") -> 0 | AN69: =SUM(AK69:AM69) -> 0 | AO69: =IFERROR(AK69/$AN69,0) -> 0 | AP69: =IFERROR(AL69/$AN69,0) -> 0 | AQ69: =IFERROR(AM69/$AN69,0) -> 0
C70: 16630000 | F70: Training Institutes, etc. | H70: Partial | AD70: No | AH70: No | AI70: No | AK70: =COUNTIF(G70:AH70,"Yes") -> 0 | AL70: =COUNTIF(G70:AH70,"No") -> 2 | AM70: =COUNTIF(G70:AH70,"Partial") -> 1 | AN70: =SUM(AK70:AM70) -> 3 | AO70: =IFERROR(AK70/$AN70,0) -> 0 | AP70: =IFERROR(AL70/$AN70,0) -> 0.66666667 | AQ70: =IFERROR(AM70/$AN70,0) -> 0.33333333
B71: 16700000 | E71: Community Relations Control | AK71: =COUNTIF(G71:AH71,"Yes") -> 0 | AL71: =COUNTIF(G71:AH71,"No") -> 0 | AM71: =COUNTIF(G71:AH71,"Partial") -> 0 | AN71: =SUM(AK71:AM71) -> 0 | AO71: =IFERROR(AK71/$AN71,0) -> 0 | AP71: =IFERROR(AL71/$AN71,0) -> 0 | AQ71: =IFERROR(AM71/$AN71,0) -> 0
C72: 16710000 | F72: Alumni Relations | H72: Partial | J72: No | K72: Yes | L72: No | N72: No | Z72: no | AC72: No | AG72: No | AH72: Yes | AI72: No | AK72: =COUNTIF(G72:AH72,"Yes") -> 2 | AL72: =COUNTIF(G72:AH72,"No") -> 6 | AM72: =COUNTIF(G72:AH72,"Partial") -> 1 | AN72: =SUM(AK72:AM72) -> 9 | AO72: =IFERROR(AK72/$AN72,0) -> 0.22222222 | AP72: =IFERROR(AL72/$AN72,0) -> 0.66666667 | AQ72: =IFERROR(AM72/$AN72,0) -> 0.11111111
C73: 16720000 | F73: Community and/or Public Relation Activities | G73: No | H73: Partial | I73: Partial | J73: Partial | K73: Yes | L73: Partial | M73: No | N73: Yes | P73: Yes | R73: No | S73: Partial | T73: Partial | U73: Yes | V73: No | W73: No | X73: No | Y73: Partial | Z73: partial | AA73: Partial | AB73: Partial | AC73: Partial | AD73: Partial | AE73: Partial | AF73: Yes | AG73: Yes | AH73: Partial | AI73: Partial | AK73: =COUNTIF(G73:AH73,"Yes") -> 6 | AL73: =COUNTIF(G73:AH73,"No") -> 6 | AM73: =COUNTIF(G73:AH73,"Partial") -> 14 | AN73: =SUM(AK73:AM73) -> 26 | AO73: =IFERROR(AK73/$AN73,0) -> 0.23076923 | AP73: =IFERROR(AL73/$AN73,0) -> 0.23076923 | AQ73: =IFERROR(AM73/$AN73,0) -> 0.53846154
C74: 16730000 | F74: Development (Fund Raising) | G74: No | H74: Partial | I74: Partial | K74: No | L74: No | M74: No | O74: No | P74: Yes | Q74: No | R74: No | S74: No | T74: No | V74: No | W74: No | X74: No | Y74: No | Z74: no | AA74: No | AB74: No | AD74: No | AE74: No | AF74: No | AG74: No | AH74: Yes | AI74: No | AK74: =COUNTIF(G74:AH74,"Yes") -> 2 | AL74: =COUNTIF(G74:AH74,"No") -> 20 | AM74: =COUNTIF(G74:AH74,"Partial") -> 2 | AN74: =SUM(AK74:AM74) -> 24 | AO74: =IFERROR(AK74/$AN74,0) -> 0.083333333 | AP74: =IFERROR(AL74/$AN74,0) -> 0.83333333 | AQ74: =IFERROR(AM74/$AN74,0) -> 0.083333333
B75: 16800000 | E75: Unassigned | AK75: =COUNTIF(G75:AH75,"Yes") -> 0 | AL75: =COUNTIF(G75:AH75,"No") -> 0 | AM75: =COUNTIF(G75:AH75,"Partial") -> 0 | AN75: =SUM(AK75:AM75) -> 0 | AO75: =IFERROR(AK75/$AN75,0) -> 0 | AP75: =IFERROR(AL75/$AN75,0) -> 0 | AQ75: =IFERROR(AM75/$AN75,0) -> 0
B76: 16900000 | E76: Unassigned | AK76: =COUNTIF(G76:AH76,"Yes") -> 0 | AL76: =COUNTIF(G76:AH76,"No") -> 0 | AM76: =COUNTIF(G76:AH76,"Partial") -> 0 | AN76: =SUM(AK76:AM76) -> 0 | AO76: =IFERROR(AK76/$AN76,0) -> 0 | AP76: =IFERROR(AL76/$AN76,0) -> 0 | AQ76: =IFERROR(AM76/$AN76,0) -> 0
F79: % EXCLUDED MATRIX
F80: COLLEGE | G80: Eastern Florida State College | H80: Broward College | I80: College of Central Florida | J80: Chipola College | K80: Daytona State College | L80: Florida SouthWestern State College | M80: Florida State College at Jacksonville | N80: Florida Keys Community College | O80: Gulf Coast State College | P80: Hillsborough Community College | Q80: Indian River State College | R80: Florida Gateway College | S80: Lake-Sumter Community College | T80: State College of Florida, Manatee-Sarasota | U80: Miami Dade College | V80: North Florida Community College | W80: Northwest Florida State College | X80: Palm Beach State College | Y80: Pasco-Hernando State College | Z80: Pensacola State College | AA80: Polk State College | AB80: St. Johns River State College | AC80: St. Petersburg College | AD80: Santa Fe College | AE80: Seminole State College of Florida | AF80: South Florida State College | AG80: Tallahassee Community College | AH80: Valencia College | AI80: FCS
A81: 16000000 | D81: Institutional Support Control (Administrative)
B82: 16100000 | E82: Executive Management Control | G82: 0.5514838 | H82: 0.24642152 | I82: 0.21920473 | J82: 0 | K82: 0.20372326 | L82: 0.43201834 | M82: 0.58147237 | N82: 0.9339721 | O82: 0.19350432 | P82: 0.48386728 | Q82: 0 | R82: 0.36574645 | S82: 0.46834817 | T82: 0.36425635 | U82: 0.51731576 | V82: 0.44572956 | W82: 0.023680544 | X82: 0.34820128 | Y82: 0.56435139 | Z82: 0.024275162 | AA82: 0.43768963 | AB82: 0.31665525 | AC82: 0.19306154 | AD82: 0.45626008 | AE82: 0.21522274 | AF82: 0.2277377 | AG82: 0.66168224 | AH82: 0.4496864 | AI82: 0.39783267
C83: 16110000 | F83: College-Wide Management | G83: 0 | O83: 0.37238317 | S83: 0 | AI83: 0.36725526
C84: 16111000 | F84: District Board of Trustees | I84: 0 | J84: 0 | K84: 0 | L84: 0 | M84: 0 | N84: 0 | O84: 0 | Q84: 0 | R84: 0 | T84: 0 | U84: 0 | V84: 0 | W84: 0 | X84: 0 | Y84: 0 | Z84: 0 | AA84: 0 | AB84: 0 | AC84: 0 | AD84: 0 | AE84: 0 | AF84: 0 | AG84: 0.8933562 | AH84: 0 | AI84: 0.41415372
C85: 16112000 | F85: President | G85: 0 | H85: 0.063688179 | I85: 0 | J85: 0 | K85: 0 | L85: 0 | M85: 0 | N85: 0.94028955 | O85: 0 | P85: 0 | Q85: 0 | R85: 0 | S85: 0 | T85: 0.030312366 | U85: 0 | V85: 0 | W85: 0 | X85: 0 | Y85: 0 | Z85: 0 | AA85: 0 | AB85: 0 | AC85: 0 | AD85: 0 | AE85: 0 | AF85: 0 | AG85: 0 | AH85: 0 | AI85: 0.023318117
C86: 16113000 | F86: Assistant to the President | H86: 0.43349038 | K86: 0 | L86: 1 | P86: 0 | Q86: 0 | V86: 0 | Z86: 0 | AC86: 0 | AI86: 0.17194862
C87: 16114000 | F87: Executive Vice President/Vice President(s) | H87: 0.085749112 | I87: 0 | K87: 0 | L87: 0 | M87: 0 | O87: 0 | P87: 0 | Q87: 0 | R87: 0.4 | S87: 0.49005209 | T87: 0.099999997 | U87: 0.11516205 | W87: 0 | X87: 0 | Z87: 0 | AB87: 0 | AC87: 0 | AD87: 0.75088679 | AE87: 0 | AF87: 0 | AG87: 0.48218778 | AH87: 0 | AI87: 0.11016158
C88: 16115000 | F88: Chief Campus Administrators in Multi-Campus Colleges | G88: 0.97236618 | H88: 0.18965187 | I88: 1 | L88: 1 | M88: 1 | P88: 1 | S88: 1 | T88: 0.9 | U88: 1 | Y88: 1 | AA88: 1 | AB88: 1 | AD88: 1 | AH88: 1 | AI88: 0.9493639
C89: 16116000 | F89: Equal Access, Equal Opportunity, Equal Employment Officer | K89: 0 | P89: 0 | T89: 0.50000041 | U89: 0 | W89: 1 | Z89: 0 | AA89: 0 | AC89: 0 | AD89: 1 | AE89: 0 | AI89: 0.079817756
C90: 16117000 | F90: Internal Auditing | T90: 0 | AH90: 0 | AI90: 0
C91: 16120000 | F91: Educational Planning and Development | J91: 0 | K91: 1 | M91: 1 | O91: 1 | T91: 1 | U91: 0 | V91: 1 | AE91: 1 | AI91: 0.34516715
C92: 16121000 | F92: Institutional Research | G92: 1 | H92: 0.61031221 | I92: 1 | K92: 1 | L92: 1 | M92: 1 | N92: 1 | P92: 0 | R92: 1 | T92: 1 | U92: 1 | V92: 1 | W92: 0 | X92: 1 | Y92: 1 | Z92: 0 | AA92: 1 | AB92: 1 | AC92: 1 | AD92: 1 | AE92: 1 | AF92: 1 | AG92: 1 | AH92: 1 | AI92: 0.86549786
C93: 16122000 | F93: Analytical Studies | H93: 0 | P93: 0 | S93: 1 | Y93: 1 | AB93: 0 | AI93: 0.14545014
C94: 16130000 | F94: Legal Services | G94: 0 | H94: 0.19005062 | I94: 0 | K94: 0 | L94: 0 | M94: 0 | O94: 0 | P94: 0 | Q94: 0 | R94: 1 | S94: 0 | T94: 0 | U94: 0 | V94: 0 | W94: 0 | X94: 1 | Y94: 0 | Z94: 0 | AB94: 0 | AC94: 0 | AD94: 0 | AE94: 0 | AF94: 0 | AH94: 0 | AI94: 0.084261834
C95: 16140000 | F95: College-Wide Planning and Management Committees, Council or Task Forces | K95: 0 | R95: 1 | S95: 1 | T95: 1 | U95: 0 | AD95: 1 | AG95: 1 | AI95: 0.22383611
C96: 16141000 | F96: Faculty Senates | T96: 1 | AC96: 1 | AG96: 1 | AH96: 1 | AI96: 1
C97: 16142000 | F97: Planning Committees | T97: 1 | X97: 1 | Z97: 1 | AF97: 0 | AG97: 1 | AI97: 0.96628954
C98: 16143000 | F98: Administrative Councils | M98: 1 | U98: 0 | AC98: 0 | AI98: 0.030868353
B99: 16200000 | E99: Fiscal Operations Control | G99: 0.29227624 | H99: 0.3638309 | I99: 0.15528968 | J99: 0.2054504 | K99: 0.25527732 | L99: 0.58891257 | M99: 0.55784326 | N99: 0.1687655 | O99: 0 | P99: 0.086335414 | Q99: 0.44336767 | R99: 0.63624469 | S99: 0.20534437 | T99: 0.2971655 | U99: 0.50949586 | V99: 0.63810288 | W99: 0.38115372 | X99: 0.57367225 | Y99: 0.3754576 | Z99: 0.33923891 | AA99: 0.25132832 | AB99: 0.061488338 | AC99: 0.19049439 | AD99: 0.58821894 | AE99: 0.57367347 | AF99: 0.32550754 | AG99: 0.17171645 | AH99: 0.57900411 | AI99: 0.40028378
C100: 16210000 | F100: Fiscal Control | R100: 0.8027054 | W100: 0.21999999 | Y100: 0 | AA100: 0 | AB100: 0.061488338 | AD100: 0.58821894 | AE100: 0 | AI100: 0.24505129
C101: 16211000 | F101: Business Officer (Financial Duties) | G101: 0 | H101: 0.37962327 | K101: 0 | N101: 0 | V101: 0.34421675 | AF101: 0 | AI101: 0.1882846
C102: 16212000 | F102: Comptroller | G102: 0 | H102: 0 | L102: 0.58211331 | O102: 0 | P102: 0 | Q102: 0 | R102: 0.25 | T102: 0 | U102: 0 | X102: 0.52212531 | Z102: 0.018707021 | AC102: 0 | AH102: 0 | AI102: 0.17759801
C103: 16213000 | F103: Budget Administration and Control | G103: 0 | H103: 0.56119569 | K103: 0 | O103: 0 | Q103: 0 | U103: 0.49450971 | X103: 0 | AC103: 0 | AH103: 0 | AI103: 0.43127506
...

Sheet Chart Data
B1: THE FLORIDA COLLEGE SYSTEM
B2: 2017-2018
B3: ADMINISTRATIVE COST REPORT ANALYTICS
C5: *Sort all groupings by orange shaded columns after any changes to data
B6: COLLEGE | C6: % OF INSTITUTIONAL SUPPORT EXCLUDED | E6: COLLEGE | F6: ADMINISTRATIVE COST % OVER COST ANALYSIS TOTAL EXPENDITURES EXCLUDING TRANSFERS | G6: ADMINISTRATIVE COST PER FUNDABLE FTE | I6: COLLEGE | J6: ADMINISTRATIVE COST % OVER COST ANALYSIS TOTAL EXPENDITURES EXCLUDING TRANSFERS | K6: CHANGE OVER PRIOR YEAR
A7: 23 | B7: St. Petersburg College | C7: ='Summary Analytics'!D29 -> 0.20036218 | D7: 18 | E7: Palm Beach State College | F7: ='Summary Analytics'!E24 -> 0.039590555 | G7: ='Summary Analytics'!G24 -> 244.3999 | H7: 18 | I7: Palm Beach State College | J7: ='PALM BEACH'!J83 -> 0.039590555 | K7: ='Summary Analytics'!J24 -> 0.00093586973
A8: 22 | B8: St. Johns River State College | C8: ='Summary Analytics'!D28 -> 0.43269639 | D8: 11 | E8: Indian River State College | F8: ='Summary Analytics'!E17 -> 0.040127281 | G8: ='Summary Analytics'!G17 -> 254.0856 | H8: 11 | I8: Indian River State College | J8: ='INDIAN RIVER'!J83 -> 0.040127281 | K8: ='Summary Analytics'!J17 -> -0.00036569018
A9: 1 | B9: Eastern Florida State College | C9: ='Summary Analytics'!D7 -> 0.43854842 | D9: 19 | E9: Pasco-Hernando State College | F9: ='Summary Analytics'!E25 -> 0.059289145 | G9: ='Summary Analytics'!G25 -> 364.64303 | H9: 7 | I9: Florida State College at Jacksonville | J9: ='FSC JAX'!J83 -> 0.051017755 | K9: ='Summary Analytics'!J13 -> -0.0078220839
A10: 26 | B10: South Florida State College | C10: ='Summary Analytics'!D32 -> 0.45927362 | D10: 27 | E10: Tallahassee Community College | F10: ='Summary Analytics'!E33 -> 0.058047484 | G10: ='Summary Analytics'!G33 -> 390.02572 | H10: 27 | I10: Tallahassee Community College | J10: =TALLAHASSEE!J83 -> 0.058047484 | K10: ='Summary Analytics'!J33 -> -0.0073376073
A11: 5 | B11: Daytona State College | C11: ='Summary Analytics'!D11 -> 0.46952058 | D11: 7 | E11: Florida State College at Jacksonville | F11: ='Summary Analytics'!E13 -> 0.051017755 | G11: ='Summary Analytics'!G13 -> 417.41889 | H11: 19 | I11: Pasco-Hernando State College | J11: =PASCO!J83 -> 0.059289145 | K11: ='Summary Analytics'!J25 -> -0.0017105877
A12: 28 | B12: Valencia College | C12: ='Summary Analytics'!D34 -> 0.50459869 | D12: 24 | E12: Santa Fe College | F12: ='Summary Analytics'!E30 -> 0.063887981 | G12: ='Summary Analytics'!G30 -> 443.21897 | H12: 16 | I12: North Florida Community College | J12: ='NORTH FLORIDA'!J83 -> 0.060685765 | K12: ='Summary Analytics'!J22 -> -0.019177643
A13: 15 | B13: Miami Dade College | C13: ='Summary Analytics'!D21 -> 0.50932374 | D13: 3 | E13: College of Central Florida | F13: ='Summary Analytics'!E9 -> 0.061777969 | G13: ='Summary Analytics'!G9 -> 468.44845 | H13: 3 | I13: College of Central Florida | J13: =CENTRAL!J83 -> 0.061777969 | K13: ='Summary Analytics'!J9 -> 0.0012909786
A14: 10 | B14: Hillsborough Community College | C14: ='Summary Analytics'!D16 -> 0.52029982 | D14: 6 | E14: Florida SouthWestern State College | F14: ='Summary Analytics'!E12 -> 0.083288247 | G14: ='Summary Analytics'!G12 -> 498.59235 | H14: 24 | I14: Santa Fe College | J14: ='SANTA FE'!J83 -> 0.063887981 | K14: ='Summary Analytics'!J30 -> 0.0034001726
A15: 6 | B15: Florida SouthWestern State College | C15: ='Summary Analytics'!D12 -> 0.52576026 | D15: 2 | E15: Broward College | F15: ='Summary Analytics'!E8 -> 0.081855422 | G15: ='Summary Analytics'!G8 -> 506.11315 | H15: 21 | I15: Polk State College | J15: =POLK!J83 -> 0.079301329 | K15: ='Summary Analytics'!J27 -> 0.00062348037
A16: 25 | B16: Seminole State College of Florida | C16: ='Summary Analytics'!D31 -> 0.5386368 | D16: 10 | E16: Hillsborough Community College | F16: ='Summary Analytics'!E16 -> 0.089501358 | G16: ='Summary Analytics'!G16 -> 508.58186 | H16: 28 | I16: Valencia College | J16: =VALENCIA!J83 -> 0.081002853 | K16: ='Summary Analytics'!J34 -> 0.0022469732
B17: FCS | C17: ='Summary Analytics'!D35 -> 0.54332004 | D17: 28 | E17: Valencia College | F17: ='Summary Analytics'!E34 -> 0.081002853 | G17: ='Summary Analytics'!G34 -> 519.62726 | H17: 2 | I17: Broward College | J17: =BROWARD!J83 -> 0.081855422 | K17: ='Summary Analytics'!J8 -> -0.025185097
A18: 20 | B18: Pensacola State College | C18: ='Summary Analytics'!D26 -> 0.54661095 | E18: FCS | F18: ='Summary Analytics'!E35 -> 0.082119118 | G18: ='Summary Analytics'!G35 -> 553.90343 | I18: FCS | J18: ='System Summary'!I83 -> 0.082119118 | K18: ='Summary Analytics'!J35 -> 0.00035342026
A19: 11 | B19: Indian River State College | C19: ='Summary Analytics'!D17 -> 0.54821798 | D19: 25 | E19: Seminole State College of Florida | F19: ='Summary Analytics'!E31 -> 0.091723644 | G19: ='Summary Analytics'!G31 -> 600.06024 | H19: 6 | I19: Florida SouthWestern State College | J19: =SOUTHWESTERN!J83 -> 0.083288247 | K19: ='Summary Analytics'!J12 -> -0.0018436293
A20: 2 | B20: Broward College | C20: ='Summary Analytics'!D8 -> 0.55366097 | D20: 21 | E20: Polk State College | F20: ='Summary Analytics'!E27 -> 0.079301329 | G20: ='Summary Analytics'!G27 -> 601.43851 | H20: 9 | I20: Gulf Coast State College | J20: ='GULF COAST'!J83 -> 0.085248478 | K20: ='Summary Analytics'!J15 -> 0.0011897289
A21: 9 | B21: Gulf Coast State College | C21: ='Summary Analytics'!D15 -> 0.55518784 | D21: 5 | E21: Daytona State College | F21: ='Summary Analytics'!E11 -> 0.093421964 | G21: ='Summary Analytics'!G11 -> 639.317 | H21: 10 | I21: Hillsborough Community College | J21: =HILLSBOROUGH!J83 -> 0.089501358 | K21: ='Summary Analytics'!J16 -> -0.00072706575
A22: 4 | B22: Chipola College | C22: ='Summary Analytics'!D10 -> 0.56582069 | D22: 1 | E22: Eastern Florida State College | F22: ='Summary Analytics'!E7 -> 0.093224938 | G22: ='Summary Analytics'!G7 -> 641.84534 | H22: 25 | I22: Seminole State College of Florida | J22: =SEMINOLE!J83 -> 0.091723644 | K22: ='Summary Analytics'!J31 -> 0.0060771289
A23: 8 | B23: Florida Keys Community College | C23: ='Summary Analytics'!D14 -> 0.57815672 | D23: 15 | E23: Miami Dade College | F23: ='Summary Analytics'!E21 -> 0.1003913 | G23: ='Summary Analytics'!G21 -> 648.23013 | H23: 1 | I23: Eastern Florida State College | J23: =EASTERN!J83 -> 0.093224938 | K23: ='Summary Analytics'!J7 -> 0.00528016
A24: 21 | B24: Polk State College | C24: ='Summary Analytics'!D27 -> 0.57852207 | D24: 16 | E24: North Florida Community College | F24: ='Summary Analytics'!E22 -> 0.060685765 | G24: ='Summary Analytics'!G22 -> 669.54362 | H24: 5 | I24: Daytona State College | J24: =DAYTONA!J83 -> 0.093421964 | K24: ='Summary Analytics'!J11 -> -0.00081291361
A25: 13 | B25: Lake-Sumter State College | C25: ='Summary Analytics'!D19 -> 0.57973731 | D25: 14 | E25: State College of Florida, Manatee-Sarasota | F25: ='Summary Analytics'!E20 -> 0.10863062 | G25: ='Summary Analytics'!G20 -> 700.30147 | H25: 12 | I25: Florida Gateway College | J25: =GATEWAY!J83 -> 0.094855711 | K25: ='Summary Analytics'!J18 -> -0.0091509691
A26: 12 | B26: Florida Gateway College | C26: ='Summary Analytics'!D18 -> 0.59582776 | D26: 20 | E26: Pensacola State College | F26: ='Summary Analytics'!E26 -> 0.10021911 | G26: ='Summary Analytics'!G26 -> 725.48972 | H26: 17 | I26: Northwest Florida State College | J26: ='NORTHWEST FLORIDA'!J83 -> 0.09720963 | K26: ='Summary Analytics'!J23 -> 0.01371737
A27: 14 | B27: State College of Florida, Manatee-Sarasota | C27: ='Summary Analytics'!D20 -> 0.60107411 | D27: 13 | E27: Lake-Sumter State College | F27: ='Summary Analytics'!E19 -> 0.10158617 | G27: ='Summary Analytics'!G19 -> 732.23926 | H27: 20 | I27: Pensacola State College | J27: =PENSACOLA!J83 -> 0.10021911 | K27: ='Summary Analytics'!J26 -> 0.0089320591
A28: 17 | B28: Northwest Florida State College | C28: ='Summary Analytics'!D23 -> 0.62493667 | D28: 9 | E28: Gulf Coast State College | F28: ='Summary Analytics'!E15 -> 0.085248478 | G28: ='Summary Analytics'!G15 -> 767.2846 | H28: 15 | I28: Miami Dade College | J28: =MIAMI!J83 -> 0.1003913 | K28: ='Summary Analytics'!J21 -> 0.023832902
A29: 19 | B29: Pasco-Hernando State College | C29: ='Summary Analytics'!D25 -> 0.6256887 | D29: 23 | E29: St. Petersburg College | F29: ='Summary Analytics'!E29 -> 0.1059769 | G29: ='Summary Analytics'!G29 -> 788.44849 | H29: 13 | I29: Lake-Sumter State College | J29: ='LAKE SUMTER'!J83 -> 0.10158617 | K29: ='Summary Analytics'!J19 -> 0.0016027394
A30: 3 | B30: College of Central Florida | C30: ='Summary Analytics'!D9 -> 0.65370019 | D30: 12 | E30: Florida Gateway College | F30: ='Summary Analytics'!E18 -> 0.094855711 | G30: ='Summary Analytics'!G18 -> 789.3428 | H30: 4 | I30: Chipola College | J30: =CHIPOLA!J83 -> 0.10441444 | K30: ='Summary Analytics'!J10 -> 0.0029480678
A31: 18 | B31: Palm Beach State College | C31: ='Summary Analytics'!D24 -> 0.66255679 | D31: 17 | E31: Northwest Florida State College | F31: ='Summary Analytics'!E23 -> 0.09720963 | G31: ='Summary Analytics'!G23 -> 797.36484 | H31: 23 | I31: St. Petersburg College | J31: ='ST PETE'!J83 -> 0.1059769 | K31: ='Summary Analytics'!J29 -> -0.0054222555
A32: 24 | B32: Santa Fe College | C32: ='Summary Analytics'!D30 -> 0.6647069 | D32: 22 | E32: St. Johns River State College | F32: ='Summary Analytics'!E28 -> 0.13390394 | G32: ='Summary Analytics'!G28 -> 952.58531 | H32: 14 | I32: State College of Florida, Manatee-Sarasota | J32: ='SCF MANATEE'!J83 -> 0.10863062 | K32: ='Summary Analytics'!J20 -> 0.00013627582
A33: 7 | B33: Florida State College at Jacksonville | C33: ='Summary Analytics'!D13 -> 0.70399809 | D33: 26 | E33: South Florida State College | F33: ='Summary Analytics'!E32 -> 0.11181672 | G33: ='Summary Analytics'!G32 -> 1078.0592 | H33: 8 | I33: Florida Keys Community College | J33: ='FL KEYS'!J83 -> 0.10938229 | K33: ='Summary Analytics'!J14 -> -0.12646006
A34: 27 | B34: Tallahassee Community College | C34: ='Summary Analytics'!D33 -> 0.70915896 | D34: 4 | E34: Chipola College | F34: ='Summary Analytics'!E10 -> 0.10441444 | G34: ='Summary Analytics'!G10 -> 1083.5078 | H34: 26 | I34: South Florida State College | J34: ='SOUTH FLORIDA'!J83 -> 0.11181672 | K34: ='Summary Analytics'!J32 -> 0.0092339405
A35: 16 | B35: North Florida Community College | C35: ='Summary Analytics'!D22 -> 0.71509075 | D35: 8 | E35: Florida Keys Community College | F35: ='Summary Analytics'!E14 -> 0.10938229 | G35: ='Summary Analytics'!G14 -> 1560.1841 | H35: 22 | I35: St. Johns River State College | J35: ='ST JOHNS'!J83 -> 0.13390394 | K35: ='Summary Analytics'!J28 -> 0.0063708391

Sheet System Summary
A1: The Florida College System
A2: Data Collection for Administrative Cost Report
A3: COLLEGE NAME:
A4: Florida College System
A6: Account | D6: Name | G6: FY 2017-18 | H6: Administration? | I6: Administrative Amount | J6: Excluded Amount | K6: Data Validation | L6: Comments
A7: 16000000 | D7: Institutional Support Control (Administrative)
B8: 16100000 | E8: Executive Management Control | G8: 86206900 | I8: 51910979 | J8: 34295921 | K8: 0
C9: 16110000 | F9: College-Wide Management | G9: 673635 | I9: 426239 | J9: 247396 | K9: 673635
C10: 16111000 | F10: District Board of Trustees | G10: 829040 | I10: 485690 | J10: 343350 | K10: 829040
C11: 16112000 | F11: President | G11: 17767301 | I11: 17353000 | J11: 414300 | K11: 17767301
C12: 16113000 | F12: Assistant to the President | G12: 2396902 | I12: 1984758 | J12: 412144 | K12: 2396902
C13: 16114000 | F13: Executive Vice President/Vice President(s) | G13: 21839220 | I13: 19433377 | J13: 2405843 | K13: 21839220
C14: 16115000 | F14: Chief Campus Administrators in Multi-Campus Colleges | G14: 20038686 | I14: 1014681 | J14: 19024005 | K14: 20038686
C15: 16116000 | F15: Equal Access, Equal Opportunity, Equal Employment Officer | G15: 1364546 | I15: 1255632 | J15: 108915 | K15: 1364546
C16: 16117000 | F16: Internal Auditing | G16: 167201 | I16: 167201 | J16: 0 | K16: 167201
C17: 16120000 | F17: Educational Planning and Development | G17: 1653848 | I17: 1082994 | J17: 570854 | K17: 1653848
C18: 16121000 | F18: Institutional Research | G18: 11168826 | I18: 1502231 | J18: 9666595 | K18: 11168826
C19: 16122000 | F19: Analytical Studies | G19: 523994 | I19: 447780 | J19: 76215 | K19: 523994
C20: 16130000 | F20: Legal Services | G20: 6609398 | I20: 6052478 | J20: 556920 | K20: 6609398
... C24: 16143000 | F24: Administrative Councils | G24: 20798 | I24: 20156 | J24: 642 | K24: 20798
B25: 16200000 | E25: Fiscal Operations Control | G25: 67795738 | I25: 40658204 | J25: 27137534 | K25: 0
C26: 16210000 | F26: Fiscal Control | G26: 5568679 | I26: 4204067 | J26: 1364612 | K26: 5568679
C27: 16211000 | F27: Business Officer (Financial Duties) | G27: 2870325 | I27: 2329888 | J27: 540438 | K27: 2870325
C28: 16212000 | F28: Comptroller | G28: 10269265 | I28: 8445464 | J28: 1823801 | K28: 10269265
C29: 16213000 | F29: Budget Administration and Control | G29: 8810913 | I29: 5010986 | J29: 3799927 | K29: 8810913
C30: 16220000 | F30: Financial Operations | G30: 13983755 | I30: 8660756 | J30: 5322999 | K30: 13983755
C31: 16221000 | F31: Payroll Operation | G31: 3331166 | I31: 3038172 | J31: 292994 | K31: 3331166
C32: 16222000 | F32: Bursar | G32: 6914689 | I32: 708331 | J32: 6206358 | K32: 6914689
C33: 16223000 | F33: Cashier | G33: 2354903 | I33: 516508 | J33: 1838395 | K33: 2354903
C34: 16224000 | F34: Disbursement | G34: 1751018 | I34: 1502398 | J34: 248620 | K34: 1751018
C35: 16225000 | F35: Accounting | G35: 4815973 | I35: 3172348 | J35: 1643625 | K35: 4815973
C36: 16230000 | F36: Investment Management | G36: 332919 | I36: 332919 | J36: 0 | K36: 332919
C37: 16231000 | F37: Cash Flow Management | G37: 2382086 | I37: 1489689 | J37: 892397 | K37: 2382086
... C41: 16242000 | F41: Grants Accounting | G41: 1688135 | I41: 264555 | J41: 1423580 | K41: 1688135
B42: 16300000 | E42: General Administrative and Logistical Services Control | G42: 179278904 | I42: 58568335 | J42: 120710569 | K42: 0
C43: 16310000 | F43: Administrative Data/Telecommunication Services | G43: 51302821 | I43: 2224068 | J43: 49078753 | K43: 51302821
C44: 16310100 | F44: Computing | G44: 33448281 | I44: 7028503 | J44: 26419778 | K44: 33448281
C45: 16310200 | F45: Telecommunications | G45: 4661532 | I45: 868761 | J45: 3792771 | K45: 4661532
C46: 16310300 | F46: Networking | G46: 6323631 | I46: 12611 | J46: 6311021 | K46: 6323631
C47: 16320000 | F47: Human Resources | G47: 30805777 | I47: 29263547 | J47: 1542230 | K47: 30805777
C48: 16330000 | F48: Logistical Services | G48: 1061009 | I48: 948904 | J48: 112105 | K48: 1061009
C49: 16330100 | F49: Purchasing | G49: 7188391 | I49: 6538065 | J49: 650326 | K49: 7188391
C50: 16330200 | F50: Receiving | G50: 1512770 | I50: 777030 | J50: 735740 | K50: 1512770
C51: 16330300 | F51: Shipping | G51: 0 | I51: 0 | J51: 0 | K51: 0
C52: 16330400 | F52: Warehousing | G52: 535490 | I52: 96967 | J52: 438523 | K52: 535490
C53: 16330500 | F53: Property Management | G53: 1548390 | I53: 1438171 | J53: 110219 | K53: 1548390
C54: 16330600 | F54: Mail and Distribution | G54: 3598293 | I54: 1418159 | J54: 2180133 | K54: 3598293
... C63: 16344000 | F63: Commencement (Graduation) | G63: 987831 | I63: 1439 | J63: 986393 | K63: 987831
B64: 16400000 | E64: Unassigned | G64: 0 | I64: 0 | J64: 0 | K64: 0
B65: 16500000 | E65: Unassigned | G65: 0 | I65: 0 | J65: 0 | K65: 0
B66: 16600000 | E66: Administrative and Support Staff Services Control | G66: 3599438 | I66: 745106 | J66: 2854333 | K66: 0
C67: 16610000 | F67: In-Service Training | G67: 725718 | I67: 645270 | J67: 80448 | K67: 725718
C68: 16620000 | F68: Sabbatical Leaves (Administrative and Support Staff only) | G68: 0 | I68: 0 | J68: 0 | K68: 0
C69: 16630000 | F69: Training Institutes, etc. | G69: 2873720 | I69: 99836 | J69: 2773884 | K69: 2873720
B70: 16700000 | E70: Community Relations Control | G70: 51295982 | I70: 25390015 | J70: 25905966 | K70: 0
C71: 16710000 | F71: Alumni Relations | G71: 1847142 | I71: 517560 | J71: 1329582 | K71: 1847142
C72: 16720000 | F72: Community and/or Public Relation Activities | G72: 37326446 | I72: 23353424 | J72: 13973022 | K72: 37326446
C73: 16730000 | F73: Development (Fund Raising) | G73: 12122393 | I73: 1519031 | J73: 10603362 | K73: 12122393
B74: 16800000 | E74: Unassigned | G74: 0 | I74: 0 | J74: 0 | K74: 0
B75: 16900000 | E75: Unassigned | G75: 0 | I75: 0 | J75: 0 | K75: 0
A76: TOTAL | G76: 388176962 | I76: 177272638 | J76: 210904324 | K76: 388176962
F77: Total Institutional Support Expense from Cost Analysis: | G77: 388176962 | I77: 0.45667996 | J77: 0.54332004
G83: Total Expense (Excluding Transfers) from Cost Analysis (CA-2): | H83: =ROUND(SUM(EASTERN:VALENCIA!I83),0) -> 2158725550 | I83: 0.082119118 | J83: : Administrative Cost Percentage

Sheet EASTERN
A1: The Florida College System
A2: Data Collection for the Administrative Cost Report
A3: COLLEGE NAME:
A4: Eastern Florida State College
A6: Account | D6: Name | G6: FY 2017-18 | H6: Administration? | I6: Administrative Amount | J6: Excluded Amount | K6: Data Validation | L6: Comments / Additional Details
A7: 16000000 | D7: Institutional Support Control (Administrative)
B8: 16100000 | E8: Executive Management Control | G8: 2386959.5 | I8: 1070590 | J8: 1316369.5
C9: 16110000 | F9: College-Wide Management | G9: 3631.7183 | H9: Yes | I9: 3631.7183 | K9: 3631.7183
C10: 16111000 | F10: District Board of Trustees | K10: 0
C11: 16112000 | F11: President | G11: 955217.35 | H11: Yes | I11: 955217.35 | K11: 955217.35
C12: 16113000 | F12: Assistant to the President | K12: 0
C13: 16114000 | F13: Executive Vice President/Vice President(s) | K13: 0
C14: 16115000 | F14: Chief Campus Administrators in Multi-Campus Colleges | G14: 659969.85 | H14: Partial | I14: 18237.489 | J14: 641732.36 | K14: 659969.85 | L14: Campus Provosts tab1.2(18)
C15: 16116000 | F15: Equal Access, Equal Opportunity, Equal Employment Officer | K15: 0
C16: 16117000 | F16: Internal Auditing | K16: 0
C17: 16120000 | F17: Educational Planning and Development | K17: 0
C18: 16121000 | F18: Institutional Research | G18: 674637.17 | H18: No | J18: 674637.17 | K18: 674637.17
C19: 16122000 | F19: Analytical Studies | K19: 0
C20: 16130000 | F20: Legal Services | G20: 93503.459 | H20: Yes | I20: 93503.459 | K20: 93503.459
C21: 16140000 | F21: College-Wide Planning and Management Committees, Council or Task Forces | K21: 0
C22: 16141000 | F22: Faculty Senates | K22: 0
C23: 16142000 | F23: Planning Committees | K23: 0
C24: 16143000 | F24: Administrative Councils | K24: 0
B25: 16200000 | E25: Fiscal Operations Control | G25: 2140102.8 | I25: 1514601.6 | J25: 625501.2
C26: 16210000 | F26: Fiscal Control | K26: 0
C27: 16211000 | F27: Business Officer (Financial Duties) | G27: 428033.39 | H27: Yes | I27: 428033.39 | K27: 428033.39
C28: 16212000 | F28: Comptroller | G28: 495754.23 | H28: Yes | I28: 495754.23 | K28: 495754.23
C29: 16213000 | F29: Budget Administration and Control | G29: 52557.927 | H29: Yes | I29: 52557.927 | K29: 52557.927
C30: 16220000 | F30: Financial Operations | G30: 216043.51 | H30: No | J30: 216043.51 | K30: 216043.51
C31: 16221000 | F31: Payroll Operation | G31: 174420.4 | H31: Yes | I31: 174420.4 | K31: 174420.4
C32: 16222000 | F32: Bursar | G32: 283370.37 | H32: No | J32: 283370.37 | K32: 283370.37
C33: 16223000 | F33: Cashier | G33: 126087.33 | H33: No | J33: 126087.33 | K33: 126087.33
C34: 16224000 | F34: Disbursement | G34: 280576.72 | H34: Yes | I34: 280576.72 | K34: 280576.72
C35: 16225000 | F35: Accounting | K35: 0
C36: 16230000 | F36: Investment Management | K36: 0
C37: 16231000 | F37: Cash Flow Management | K37: 0
C38: 16232000 | F38: Endowment Management | K38: 0
C39: 16240000 | F39: Grants and Contracts Financial Management | K39: 0
C40: 16241000 | F40: Grants Management | K40: 0
C41: 16242000 | F41: Grants Accounting | G41: 83258.974 | H41: Yes | I41: 83258.974 | K41: 83258.974
B42: 16300000 | E42: General Administrative and Logistical Services Control | G42: 5857542.3 | I42: 4302386.5 | J42: 1555155.8
C43: 16310000 | F43: Administrative Data/Telecommunication Services | K43: 0
C44: 16310100 | F44: Computing | G44: 3097250.1 | H44: Partial | I44: 3004332.6 | J44: 92917.502 | K44: 3097250.1 | L44: Student labs and assistance
C45: 16310200 | F45: Telecommunications | K45: 0
C46: 16310300 | F46: Networking | K46: 0
C47: 16320000 | F47: Human Resources | G47: 817544.59 | H47: Yes | I47: 817544.59 | K47: 817544.59
C48: 16330000 | F48: Logistical Services | K48: 0
C49: 16330100 | F49: Purchasing | G49: 167099.51 | H49: Yes | I49: 167099.51 | K49: 167099.51
C50: 16330200 | F50: Receiving | K50: 0
C51: 16330300 | F51: Shipping | K51: 0
C52: 16330400 | F52: Warehousing | K52: 0
C53: 16330500 | F53: Property Management | K53: 0
C54: 16330600 | F54: Mail and Distribution | K54: 0
C55: 16330700 | F55: Telephone Service/Operations | K55: 0
C56: 16330800 | F56: General Printing and Reproduction | K56: 0
C57: 16330900 | F57: Campus Transportation (including motor pool) | G57: 289459.39 | H57: Yes | I57: 289459.39 | K57: 289459.39
C58: 16331000 | F58: Parking and Parking Space Management | K58: 0
C59: 16340000 | F59: Other General Expenses | K59: 0
C60: 16341000 | F60: Business Hospitality | G60: 201.96095 | H60: No | J60: 201.96095 | K60: 201.96095
C61: 16342000 | F61: Organizational Memberships | G61: 478612.65 | H61: Partial | I61: 23950.42 | J61: 454662.23 | K61: 478612.65 | L61: Bank fees and Bad Debt Expense
C62: 16343000 | F62: General Insurance (other than property) | G62: 967510.23 | H62: No | J62: 967510.23 | K62: 967510.23
C63: 16344000 | F63: Commencement (Graduation) | G63: 39863.897 | H63: No | J63: 39863.897 | K63: 39863.897
B64: 16400000 | E64: Unassigned
B65: 16500000 | E65: Unassigned
B66: 16600000 | E66: Administrative and Support Staff Services Control | G66: 0 | I66: 0 | J66: 0
C67: 16610000 | F67: In-Service Training | K67: 0
C68: 16620000 | F68: Sabbatical Leaves (Administrative and Support Staff only) | K68: 0
C69: 16630000 | F69: Training Institutes, etc. | K69: 0
B70: 16700000 | E70: Community Relations Control | G70: 1882843.5 | I70: 0 | J70: 1882843.5
C71: 16710000 | F71: Alumni Relations | G71: 0 | K71: 0
C72: 16720000 | F72: Community and/or Public Relation Activities | G72: 1573352 | H72: No | J72: 1573352 | K72: 1573352
C73: 16730000 | F73: Development (Fund Raising) | G73: 309491.51 | H73: No | J73: 309491.51 | K73: 309491.51
B74: 16800000 | E74: Unassigned
B75: 16900000 | E75: Unassigned
A76: TOTAL | G76: 12267448 | I76: 6887578.1 | J76: 5379870 | K76: 12267448
F77: Total 6.0 INSTITUTIONAL SUPPORT reported from CA-2: | G77: 12267448 | I77: 0.56145158 | J77: 0.43854842
F79: Note: The amounts in cells G76 and G77 must be equal.
H83: Total Expense (Excluding Transfers) from Cost Analysis (CA-2): | I83: 73881284 | J83: 0.093224938 | K83: : Administrative Cost Percentage

Sheet BROWARD
A1: The Florida College System
A2: Data Collection for the Administrative Cost Report
A3: COLLEGE NAME:
A4: Broward College
A6: Account | D6: Name | G6: FY 2017-18 | H6: Administration? | I6: Administrative Amount | J6: Excluded Amount | K6: Data Validation | L6: Comments / Additional Details
A7: 16000000 | D7: Institutional Support Control (Administrative)
B8: 16100000 | E8: Executive Management Control | G8: 6826368 | I8: 5144204 | J8: 1682164
C9: 16110000 | F9: College-Wide Management | G9: 0 | I9: 0 | J9: 0 | K9: 0
C10: 16111000 | F10: District Board of Trustees | G10: 0 | I10: 0 | J10: 0 | K10: 0
C11: 16112000 | F11: President | G11: 618278 | H11: Partial | I11: 578901 | J11: 39377 | K11: 618278
C12: 16113000 | F12: Assistant to the President | G12: 595568 | H12: Partial | I12: 337395 | J12: 258173 | K12: 595568
C13: 16114000 | F13: Executive Vice President/Vice President(s) | G13: 2216746 | H13: Partial | I13: 2026662 | J13: 190084 | K13: 2216746
C14: 16115000 | F14: Chief Campus Administrators in Multi-Campus Colleges | G14: 1174009 | H14: Partial | I14: 951356 | J14: 222653 | K14: 1174009
C15: 16116000 | F15: Equal Access, Equal Opportunity, Equal Employment Officer | I15: 0 | J15: 0 | K15: 0
C16: 16117000 | F16: Internal Auditing | G16: 0 | I16: 0 | J16: 0 | K16: 0
C17: 16120000 | F17: Educational Planning and Development | G17: 0 | I17: 0 | J17: 0 | K17: 0
C18: 16121000 | F18: Institutional Research | G18: 1349701 | H18: Partial | I18: 525962 | J18: 823739 | K18: 1349701
C19: 16122000 | F19: Analytical Studies | G19: 92600 | H19: Yes | I19: 92600 | J19: 0 | K19: 92600
C20: 16130000 | F20: Legal Services | G20: 779466 | H20: Partial | I20: 631328 | J20: 148138 | K20: 779466
C21: 16140000 | F21: College-Wide Planning and Management Committees, Council or Task Forces | G21: 0 | I21: 0 | J21: 0 | K21: 0
C22: 16141000 | F22: Faculty Senates | G22: 0 | I22: 0 | J22: 0 | K22: 0
C23: 16142000 | F23: Planning Committees | G23: 0 | I23: 0 | J23: 0 | K23: 0
C24: 16143000 | F24: Administrative Councils | I24: 0 | J24: 0 | K24: 0
B25: 16200000 | E25: Fiscal Operations Control | G25: 6335248 | I25: 4030289 | J25: 2304959
C26: 16210000 | F26: Fiscal Control | G26: 0 | I26: 0 | J26: 0 | K26: 0
C27: 16211000 | F27: Business Officer (Financial Duties) | G27: 1264609 | H27: Partial | I27: 784534 | J27: 480075 | K27: 1264609
C28: 16212000 | F28: Comptroller | G28: 434 | H28: Yes | I28: 434 | J28: 0 | K28: 434
C29: 16213000 | F29: Budget Administration and Control | G29: 464567 | H29: Partial | I29: 203854 | J29: 260713 | K29: 464567
C30: 16220000 | F30: Financial Operations | G30: 0 | I30: 0 | J30: 0 | K30: 0
C31: 16221000 | F31: Payroll Operation | G31: 386440 | H31: Partial | I31: 147255 | J31: 239185 | K31: 386440
C32: 16222000 | F32: Bursar | G32: 1288262 | H32: Partial | I32: 345044 | J32: 943218 | K32: 1288262
C33: 16223000 | F33: Cashier | G33: 0 | I33: 0 | J33: 0 | K33: 0
C34: 16224000 | F34: Disbursement | G34: 392836 | H34: Partial | I34: 144216 | J34: 248620 | K34: 392836
C35: 16225000 | F35: Accounting | G35: 914377 | H35: Partial | I35: 858859 | J35: 55518 | K35: 914377
C36: 16230000 | F36: Investment Management | G36: 0 | I36: 0 | J36: 0 | K36: 0
C37: 16231000 | F37: Cash Flow Management | G37: 1489689 | H37: Yes | I37: 1489689 | J37: 0 | K37: 1489689
C38: 16232000 | F38: Endowment Management | G38: 0 | I38: 0 | J38: 0 | K38: 0
C39: 16240000 | F39: Grants and Contracts Financial Management | G39: 0 | I39: 0 | J39: 0 | K39: 0
C40: 16241000 | F40: Grants Management | G40: 0 | I40: 0 | J40: 0 | K40: 0
C41: 16242000 | F41: Grants Accounting | G41: 134034 | H41: Partial | I41: 56404 | J41: 77630 | K41: 134034
B42: 16300000 | E42: General Administrative and Logistical Services Control | G42: 14339437 | I42: 1565729 | J42: 12773708
C43: 16310000 | F43: Administrative Data/Telecommunication Services | G43: 10532536 | H43: No | I43: 0 | J43: 10532536 | K43: 10532536
C44: 16310100 | F44: Computing | G44: 0 | I44: 0 | J44: 0 | K44: 0
C45: 16310200 | F45: Telecommunications | G45: 0 | I45: 0 | J45: 0 | K45: 0
C46: 16310300 | F46: Networking | G46: 0 | I46: 0 | J46: 0 | K46: 0
C47: 16320000 | F47: Human Resources | G47: 1993209 | H47: Partial | I47: 931063 | J47: 1062146 | K47: 1993209
C48: 16330000 | F48: Logistical Services | G48: 0 | I48: 0 | J48: 0 | K48: 0
C49: 16330100 | F49: Purchasing | G49: 1075944 | H49: Partial | I49: 483519 | J49: 592425 | K49: 1075944
C50: 16330200 | F50: Receiving | G50: 281489 | H50: Partial | I50: 49087 | J50: 232402 | K50: 281489
C51: 16330300 | F51: Shipping | G51: 0 | I51: 0 | J51: 0 | K51: 0
C52: 16330400 | F52: Warehousing | G52: 174853 | H52: Partial | I52: 336 | J52: 174517 | K52: 174853
C53: 16330500 | F53: Property Management | J53: 0 | K53: 0
C54: 16330600 | F54: Mail and Distribution | G54: 102209 | H54: Partial | I54: 12411 | J54: 89798 | K54: 102209
C55: 16330700 | F55: Telephone Service/Operations | G55: 0 | I55: 0 | J55: 0 | K55: 0
C56: 16330800 | F56: General Printing and Reproduction | G56: 0 | I56: 0 | J56: 0 | K56: 0
C57: 16330900 | F57: Campus Transportation (including motor pool) | G57: 0 | I57: 0 | J57: 0 | K57: 0
C58: 16331000 | F58: Parking and Parking Space Management | G58: 0 | I58: 0 | J58: 0 | K58: 0
C59: 16340000 | F59: Other General Expenses | G59: 0 | I59: 0 | J59: 0 | K59: 0
C60: 16341000 | F60: Business Hospitality | G60: 96190 | H60: Partial | I60: 6306 | J60: 89884 | K60: 96190
C61: 16342000 | F61: Organizational Memberships | G61: 0 | I61: 0 | J61: 0 | K61: 0
C62: 16343000 | F62: General Insurance (other than property) | G62: 83007 | H62: Yes | I62: 83007 | J62: 0 | K62: 83007
C63: 16344000 | F63: Commencement (Graduation) | G63: 0 | I63: 0 | J63: 0 | K63: 0
B64: 16400000 | E64: Unassigned
B65: 16500000 | E65: Unassigned
B66: 16600000 | E66: Administrative and Support Staff Services Control | G66: 159029 | I66: 99836 | J66: 59193
C67: 16610000 | F67: In-Service Training | K67: 0
C68: 16620000 | F68: Sabbatical Leaves (Administrative and Support Staff only) | K68: 0
C69: 16630000 | F69: Training Institutes, etc. | G69: 159029 | H69: Partial | I69: 99836 | J69: 59193 | K69: 159029
B70: 16700000 | E70: Community Relations Control | G70: 4799878 | I70: 3648089 | J70: 1151789
C71: 16710000 | F71: Alumni Relations | G71: 823100 | H71: Partial | I71: 210387 | J71: 612713 | K71: 823100
C72: 16720000 | F72: Community and/or Public Relation Activities | G72: 3701919 | H72: Partial | I72: 3328075 | J72: 373844 | K72: 3701919
C73: 16730000 | F73: Development (Fund Raising) | G73: 274859 | H73: Partial | I73: 109627 | J73: 165232 | K73: 274859
B74: 16800000 | E74: Unassigned
B75: 16900000 | E75: Unassigned
A76: TOTAL | G76: 32459960 | I76: 14488147 | J76: 17971813 | K76: 32459960
F77: Total 6.0 INSTITUTIONAL SUPPORT reported from CA-2: | G77: 32459960 | I77: 0.44633903 | J77: 0.55366097
F79: Note: The amounts in cells G76 and G77 must be equal.
H80: Yes
H83: Total Expense (Excluding Transfers) from Cost Analysis (CA-2): | I83: 1.7699679e+08 | J83: 0.081855422 | K83: : Administrative Cost Percentage

Sheet CENTRAL
A1: The Florida College System
A2: Data Collection for the Administrative Cost Report
A3: COLLEGE NAME:
A4: College of Central Florida
A6: Account | D6: Name | G6: FY 2017-18 | H6: Administration? | I6: Administrative Amount | J6: Excluded Amount | K6: Data Validation | L6: Comments / Additional Details
A7: 16000000 | D7: Institutional Support Control (Administrative)
B8: 16100000 | E8: Executive Management Control | G8: 1242898.7 | I8: 970449.44 | J8: 272449.28
C9: 16110000 | F9: College-Wide Management | K9: 0
C10: 16111000 | F10: District Board of Trustees | G10: 9040.71 | H10: yes | I10: 9040.71 | K10: 9040.71
C11: 16112000 | F11: President | G11: 535124.2 | H11: yes | I11: 535124.2 | K11: 535124.2
C12: 16113000 | F12: Assistant to the President | K12: 0
C13: 16114000 | F13: Executive Vice President/Vice President(s) | G13: 308732.74 | H13: yes | I13: 308732.74 | K13: 308732.74
C14: 16115000 | F14: Chief Campus Administrators in Multi-Campus Colleges | G14: 55947.31 | H14: no | J14: 55947.31 | K14: 55947.31 | L14: college wide
C15: 16116000 | F15: Equal Access, Equal Opportunity, Equal Employment Officer | K15: 0
C16: 16117000 | F16: Internal Auditing | K16: 0
C17: 16120000 | F17: Educational Planning and Development | K17: 0
C18: 16121000 | F18: Institutional Research | G18: 216501.97 | H18: no | J18: 216501.97 | K18: 216501.97 | L18: Student based reporting
C19: 16122000 | F19: Analytical Studies | K19: 0
C20: 16130000 | F20: Legal Services | G20: 117551.79 | H20: yes | I20: 117551.79 | K20: 117551.79
C21: 16140000 | F21: College-Wide Planning and Management Committees, Council or Task Forces | K21: 0
C22: 16141000 | F22: Faculty Senates | K22: 0
C23: 16142000 | F23: Planning Committees | K23: 0
C24: 16143000 | F24: Administrative Councils | K24: 0
B25: 16200000 | E25: Fiscal Operations Control | G25: 639234.25 | I25: 539967.77 | J25: 99266.48
C26: 16210000 | F26: Fiscal Control | K26: 0
C27: 16211000 | F27: Business Officer (Financial Duties) | K27: 0
C28: 16212000 | F28: Comptroller | K28: 0
C29: 16213000 | F29: Budget Administration and Control | K29: 0
C30: 16220000 | F30: Financial Operations | G30: 539967.77 | H30: yes | I30: 539967.77 | K30: 539967.77
C31: 16221000 | F31: Payroll Operation | K31: 0
C32: 16222000 | F32: Bursar | K32: 0
C33: 16223000 | F33: Cashier | K33: 0
C34: 16224000 | F34: Disbursement | K34: 0
C35: 16225000 | F35: Accounting | K35: 0
C36: 16230000 | F36: Investment Management | K36: 0
C37: 16231000 | F37: Cash Flow Management | K37: 0
C38: 16232000 | F38: Endowment Management | K38: 0
C39: 16240000 | F39: Grants and Contracts Financial Management | G39: 99266.48 | H39: no | J39: 99266.48 | K39: 99266.48 | L39: Support for Faculty pursuing grant funding
C40: 16241000 | F40: Grants Management | K40: 0
C41: 16242000 | F41: Grants Accounting | K41: 0
B42: 16300000 | E42: General Administrative and Logistical Services Control | G42: 3816085.4 | I42: 652509.19 | J42: 3163576.2
C43: 16310000 | F43: Administrative Data/Telecommunication Services | G43: 1947661.6 | H43: Partial | I43: 176756.51 | J43: 1770905 | K43: 1947661.6 | L43: Excluded: College Wide
C44: 16310100 | F44: Computing | K44: 0
C45: 16310200 | F45: Telecommunications | K45: 0
C46: 16310300 | F46: Networking | K46: 0
C47: 16320000 | F47: Human Resources | G47: 611812.36 | H47: Partial | I47: 308784.29 | J47: 303028.07 | K47: 611812.36 | L47: Excluded: Sick and vacation payout for instructional and non-admin employees
C48: 16330000 | F48: Logistical Services | K48: 0
C49: 16330100 | F49: Purchasing | G49: 120058.04 | H49: yes | I49: 120058.04 | K49: 120058.04
C50: 16330200 | F50: Receiving | K50: 0
C51: 16330300 | F51: Shipping | K51: 0
C52: 16330400 | F52: Warehousing | K52: 0
C53: 16330500 | F53: Property Management | K53: 0
C54: 16330600 | F54: Mail and Distribution | G54: 114225.17 | H54: no | J54: 114225.17 | K54: 114225.17 | L54: Mailroom, postage
C55: 16330700 | F55: Telephone Service/Operations | G55: 73095 | H55: no | J55: 73095 | K55: 73095 | L55: service contracts
C56: 16330800 | F56: General Printing and Reproduction | G56: 168307.98 | H56: no | J56: 168307.98 | K56: 168307.98 | L56: college wide
C57: 16330900 | F57: Campus Transportation (including motor pool) | G57: 30737.33 | H57: no | J57: 30737.33 | K57: 30737.33 | L57: college wide
C58: 16331000 | F58: Parking and Parking Space Management | K58: 0
C59: 16340000 | F59: Other General Expenses | G59: 157601.76 | H59: no | J59: 157601.76 | K59: 157601.76 | L59: collection cost, bank fees, maint service
C60: 16341000 | F60: Business Hospitality | K60: 0
C61: 16342000 | F61: Organizational Memberships | G61: 93820.69 | H61: Partial | I61: 46910.35 | J61: 46910.34 | K61: 93820.69 | L61: student benefits
C62: 16343000 | F62: General Insurance (other than property) | G62: 498765.48 | H62: no | J62: 498765.48 | K62: 498765.48 | L62: unemployment benefits
C63: 16344000 | F63: Commencement (Graduation) | K63: 0
B64: 16400000 | E64: Unassigned
B65: 16500000 | E65: Unassigned
B66: 16600000 | E66: Administrative and Support Staff Services Control | G66: 0 | I66: 0 | J66: 0
C67: 16610000 | F67: In-Service Training | K67: 0
C68: 16620000 | F68: Sabbatical Leaves (Administrative and Support Staff only) | K68: 0
C69: 16630000 | F69: Training Institutes, etc. | K69: 0
B70: 16700000 | E70: Community Relations Control | G70: 1200138.6 | I70: 225973.3 | J70: 974165.33
C71: 16710000 | F71: Alumni Relations | K71: 0
C72: 16720000 | F72: Community and/or Public Relation Activities | G72: 706170.72 | H72: Partial | I72: 1803.19 | J72: 704367.53 | K72: 706170.72 | L72: Excluded: College Activities Funds, Marketing and PR Expenses
C73: 16730000 | F73: Development (Fund Raising) | G73: 493967.91 | H73: Partial | I73: 224170.11 | J73: 269797.8 | K73: 493967.91 | L73: Excluded: CF Foundation reimbursable expenses
B74: 16800000 | E74: Unassigned
B75: 16900000 | E75: Unassigned
A76: TOTAL | G76: 6898357 | I76: 2388899.7 | J76: 4509457.3 | K76: 6898357
F77: Total 6.0 INSTITUTIONAL SUPPORT reported from CA-2: | G77: 6898357 | I77: 0.34629981 | J77: 0.65370019
F79: Note: The amounts in cells G76 and G77 must be equal.
H80: Yes
H83: Total Expense (Excluding Transfers) from Cost Analysis (CA-2): | I83: 38669120 | J83: 0.061777969 | K83: : Administrative Cost Percentage

Sheet CHIPOLA
A1: The Florida College System
A2: Data Collection for the Administrative Cost Report
A3: COLLEGE NAME:
A4: Chipola College
A6: Account | D6: Name | G6: FY 2017-18 | H6: Administration? | I6: Administrative Amount | J6: Excluded Amount | K6: Data Validation | L6: Comments / Additional Details
A7: 16000000 | D7: Institutional Support Control (Administrative)
B8: 16100000 | E8: Executive Management Control | G8: 640492 | I8: 640492 | J8: 0
C9: 16110000 | F9: College-Wide Management | K9: 0
C10: 16111000 | F10: District Board of Trustees | G10: 11960 | I10: 11960 | K10: 11960
C11: 16112000 | F11: President | G11: 368104 | I11: 368104 | K11: 368104
C12: 16113000 | F12: Assistant to the President | K12: 0
C13: 16114000 | F13: Executive Vice President/Vice President(s) | K13: 0
C14: 16115000 | F14: Chief Campus Administrators in Multi-Campus Colleges | K14: 0
C15: 16116000 | F15: Equal Access, Equal Opportunity, Equal Employment Officer | K15: 0
C16: 16117000 | F16: Internal Auditing | K16: 0
C17: 16120000 | F17: Educational Planning and Development | G17: 260428 | I17: 260428 | K17: 260428
C18: 16121000 | F18: Institutional Research | K18: 0
C19: 16122000 | F19: Analytical Studies | K19: 0
C20: 16130000 | F20: Legal Services | K20: 0
C21: 16140000 | F21: College-Wide Planning and Management Committees, Council or Task Forces | K21: 0
C22: 16141000 | F22: Faculty Senates | K22: 0
C23: 16142000 | F23: Planning Committees | K23: 0
C24: 16143000 | F24: Administrative Councils | K24: 0
B25: 16200000 | E25: Fiscal Operations Control | G25: 500257 | I25: 397479 | J25: 102778
C26: 16210000 | F26: Fiscal Control | K26: 0
C27: 16211000 | F27: Business Officer (Financial Duties) | K27: 0
C28: 16212000 | F28: Comptroller | K28: 0
C29: 16213000 | F29: Budget Administration and Control | K29: 0
C30: 16220000 | F30: Financial Operations | G30: 500257 | H30: Partial | I30: 397479 | J30: 102778 | K30: 500257 | L30: Excludes cashiers & merchant service fees
C31: 16221000 | F31: Payroll Operation | K31: 0
C32: 16222000 | F32: Bursar | K32: 0
C33: 16223000 | F33: Cashier | K33: 0
C34: 16224000 | F34: Disbursement | K34: 0
C35: 16225000 | F35: Accounting | K35: 0
C36: 16230000 | F36: Investment Management | K36: 0
C37: 16231000 | F37: Cash Flow Management | K37: 0
C38: 16232000 | F38: Endowment Management | K38: 0
C39: 16240000 | F39: Grants and Contracts Financial Management | K39: 0
C40: 16241000 | F40: Grants Management | K40: 0
C41: 16242000 | F41: Grants Accounting | K41: 0
B42: 16300000 | E42: General Administrative and Logistical Services Control | G42: 1881276 | I42: 444990 | J42: 1436286
C43: 16310000 | F43: Administrative Data/Telecommunication Services | G43: 754021 | H43: Partial | I43: 75402 | J43: 678619 | K43: 754021 | L43: Split between centralized and instructional support
C44: 16310100 | F44: Computing | K44: 0
C45: 16310200 | F45: Telecommunications | K45: 0
C46: 16310300 | F46: Networking | K46: 0
C47: 16320000 | F47: Human Resources | G47: 332762 | H47: Yes | I47: 332762 | K47: 332762
C48: 16330000 | F48: Logistical Services | G48: 9177 | H48: Partial | I48: 2622 | J48: 6555 | K48: 9177 | L48: Excludes R&M and split between instructional support
C49: 16330100 | F49: Purchasing | K49: 0
C50: 16330200 | F50: Receiving | K50: 0
C51: 16330300 | F51: Shipping | K51: 0
C52: 16330400 | F52: Warehousing | K52: 0
C53: 16330500 | F53: Property Management | G53: 51890 | H53: Partial | I53: 5189 | J53: 46701 | K53: 51890 | L53: Some duties would be at school level for DSB's
C54: 16330600 | F54: Mail and Distribution | G54: 90800 | H54: No | J54: 90800 | K54: 90800 | L54: One campus - would be at school level for DSB's
C55: 16330700 | F55: Telephone Service/Operations | G55: 53270 | H55: No | J55: 53270 | K55: 53270 | L55: One campus - would be at school level for DSB's
C56: 16330800 | F56: General Printing and Reproduction | G56: 27125 | H56: No | J56: 27125 | K56: 27125 | L56: Copy paper/copier rental, etc. campus-wide
C57: 16330900 | F57: Campus Transportation (including motor pool) | G57: 133235 | H57: Partial | I57: 7413 | J57: 125822 | K57: 133235 | L57: Mostly used for student activities including athletics & exclude capital outlay
C58: 16331000 | F58: Parking and Parking Space Management | K58: 0
C59: 16340000 | F59: Other General Expenses | G59: 20236 | H59: No | J59: 20236 | K59: 20236 | L59: Bad debt expense & unemployment compensation
C60: 16341000 | F60: Business Hospitality | K60: 0
C61: 16342000 | F61: Organizational Memberships | G61: 21602 | H61: Yes | I61: 21602 | K61: 21602
C62: 16343000 | F62: General Insurance (other than property) | G62: 365237 | H62: No | J62: 365237 | K62: 365237 | L62: Athletic insurance & property casualty insurance
C63: 16344000 | F63: Commencement (Graduation) | G63: 21921 | H63: No | J63: 21921 | K63: 21921 | L63: should be 14XXXXX - academic support
B64: 16400000 | E64: Unassigned
B65: 16500000 | E65: Unassigned
B66: 16600000 | E66: Administrative and Support Staff Services Control | G66: 0 | I66: 0 | J66: 0
C67: 16610000 | F67: In-Service Training | K67: 0
C68: 16620000 | F68: Sabbatical Leaves (Administrative and Support Staff only) | K68: 0
C69: 16630000 | F69: Training Institutes, etc. | K69: 0
B70: 16700000 | E70: Community Relations Control | G70: 567796 | I70: 75665 | J70: 492131
C71: 16710000 | F71: Alumni Relations | G71: 189468 | H71: No | J71: 189468 | K71: 189468 | L71: Costs represent private financial aid collections and distributions
C72: 16720000 | F72: Community and/or Public Relation Activities | G72: 378328 | H72: Partial | I72: 75665 | J72: 302663 | K72: 378328 | L72: Most work is program specific PR not general admin.
C73: 16730000 | F73: Development (Fund Raising) | K73: 0
B74: 16800000 | E74: Unassigned
B75: 16900000 | E75: Unassigned
A76: TOTAL | G76: 3589821 | I76: 1558626 | J76: 2031195 | K76: 3589821
F77: Total 6.0 INSTITUTIONAL SUPPORT reported from CA-2: | G77: 3589821 | I77: 0.43417931 | J77: 0.56582069
F79: Note: The amounts in cells G76 and G77 must be equal.
H80: Yes
H83: Total Expense (Excluding Transfers) from Cost Analysis (CA-2): | I83: 14927304 | J83: 0.10441444 | K83: : Administrative Cost Percentage

Sheet DAYTONA
A1: The Florida College System
A2: Data Collection for the Administrative Cost Report
A3: COLLEGE NAME:
A4: Daytona State College
A6: Account | D6: Name | G6: FY 2017-18 | H6: Administration? | I6: Administrative Amount | J6: Excluded Amount | K6: Data Validation | L6: Comments / Additional Details
A7: 16000000 | D7: Institutional Support Control (Administrative)
B8: 16100000 | E8: Executive Management Control | G8: 2010227.5 | I8: 1600697.4 | J8: 409530.1
C9: 16110000 | F9: College-Wide Management | K9: 0
C10: 16111000 | F10: District Board of Trustees | G10: 12841.79 | H10: Yes | I10: 12841.79 | K10: 12841.79
C11: 16112000 | F11: President | G11: 654726 | H11: Yes | I11: 654726 | K11: 654726
C12: 16113000 | F12: Assistant to the President | G12: 25297.34 | H12: Yes | I12: 25297.34 | K12: 25297.34
C13: 16114000 | F13: Executive Vice President/Vice President(s) | G13: 768250.5 | H13: Yes | I13: 768250.5 | K13: 768250.5
C14: 16115000 | F14: Chief Campus Administrators in Multi-Campus Colleges | K14: 0
C15: 16116000 | F15: Equal Access, Equal Opportunity, Equal Employment Officer | G15: 89143.34 | H15: Yes | I15: 89143.34 | K15: 89143.34
C16: 16117000 | F16: Internal Auditing | K16: 0
C17: 16120000 | F17: Educational Planning and Development | G17: 125809.44 | H17: No | J17: 125809.44 | K17: 125809.44
C18: 16121000 | F18: Institutional Research | G18: 283720.66 | H18: No | J18: 283720.66 | K18: 283720.66
C19: 16122000 | F19: Analytical Studies | K19: 0
C20: 16130000 | F20: Legal Services | G20: 50395.05 | H20: Yes | I20: 50395.05 | K20: 50395.05
C21: 16140000 | F21: College-Wide Planning and Management Committees, Council or Task Forces | G21: 43.39 | H21: Yes | I21: 43.39 | K21: 43.39
C22: 16141000 | F22: Faculty Senates | K22: 0
C23: 16142000 | F23: Planning Committees | K23: 0
C24: 16143000 | F24: Administrative Councils | K24: 0
B25: 16200000 | E25: Fiscal Operations Control | G25: 2367111.8 | I25: 1762841.9 | J25: 604269.97
C26: 16210000 | F26: Fiscal Control | K26: 0
C27: 16211000 | F27: Business Officer (Financial Duties) | G27: 266808.22 | H27: Yes | I27: 266808.22 | K27: 266808.22
C28: 16212000 | F28: Comptroller | K28: 0
C29: 16213000 | F29: Budget Administration and Control | G29: 151340.08 | H29: Yes | I29: 151340.08 | K29: 151340.08
C30: 16220000 | F30: Financial Operations | K30: 0
C31: 16221000 | F31: Payroll Operation | G31: 465428.85 | H31: Yes | I31: 465428.85 | K31: 465428.85
C32: 16222000 | F32: Bursar | G32: 453754 | H32: Partial | I32: 66664.37 | J32: 387089.63 | K32: 453754 | L32: Removed Cashiers and all Operating costs. Kept Bursar Salary and Benefits
C33: 16223000 | F33: Cashier | K33: 0
C34: 16224000 | F34: Disbursement | G34: 179041.67 | H34: Yes | I34: 179041.67 | K34: 179041.67
C35: 16225000 | F35: Accounting | G35: 850739.02 | H35: Partial | I35: 633558.68 | J35: 217180.34 | K35: 850739.02 | L35: Excluded Banking Fees
C36: 16230000 | F36: Investment Management | K36: 0
C37: 16231000 | F37: Cash Flow Management | K37: 0
C38: 16232000 | F38: Endowment Management | K38: 0
C39: 16240000 | F39: Grants and Contracts Financial Management | K39: 0
C40: 16241000 | F40: Grants Management | K40: 0
C41: 16242000 | F41: Grants Accounting | K41: 0
B42: 16300000 | E42: General Administrative and Logistical Services Control | G42: 7497600.5 | I42: 2743317.6 | J42: 4754282.8
C43: 16310000 | F43: Administrative Data/Telecommunication Services | G43: 1941088.5 | H43: No | J43: 1941088.5 | K43: 1941088.5
C44: 16310100 | F44: Computing | G44: 1719415 | H44: No | J44: 1719415 | K44: 1719415
C45: 16310200 | F45: Telecommunications | G45: 801906.98 | H45: Yes | I45: 801906.98 | K45: 801906.98
C46: 16310300 | F46: Networking | G46: 705033.9 | H46: No | J46: 705033.9 | K46: 705033.9
C47: 16320000 | F47: Human Resources | G47: 764528.15 | H47: Yes | I47: 764528.15 | K47: 764528.15
C48: 16330000 | F48: Logistical Services | K48: 0
C49: 16330100 | F49: Purchasing | G49: 274067.6 | H49: Yes | I49: 274067.6 | K49: 274067.6
C50: 16330200 | F50: Receiving | G50: 200367.48 | H50: Yes | I50: 200367.48 | K50: 200367.48
C51: 16330300 | F51: Shipping | K51: 0
C52: 16330400 | F52: Warehousing | G52: 1070.4 | H52: Yes | I52: 1070.4 | K52: 1070.4
C53: 16330500 | F53: Property Management | G53: 127085.01 | H53: Yes | I53: 127085.01 | K53: 127085.01
C54: 16330600 | F54: Mail and Distribution | G54: 287658.73 | H54: Yes | I54: 287658.73 | K54: 287658.73
C55: 16330700 | F55: Telephone Service/Operations | K55: 0
C56: 16330800 | F56: General Printing and Reproduction | G56: 286633.28 | H56: Yes | I56: 286633.28 | K56: 286633.28
C57: 16330900 | F57: Campus Transportation (including motor pool) | G57: 152512.51 | H57: No | J57: 152512.51 | K57: 152512.51
C58: 16331000 | F58: Parking and Parking Space Management | K58: 0
C59: 16340000 | F59: Other General Expenses | G59: 236233.01 | H59: No | J59: 236233.01 | K59: 236233.01
C60: 16341000 | F60: Business Hospitality | K60: 0
C61: 16342000 | F61: Organizational Memberships | K61: 0
C62: 16343000 | F62: General Insurance (other than property) | K62: 0
C63: 16344000 | F63: Commencement (Graduation) | K63: 0
B64: 16400000 | E64: Unassigned
B65: 16500000 | E65: Unassigned
B66: 16600000 | E66: Administrative and Support Staff Services Control | G66: 0 | I66: 0 | J66: 0
C67: 16610000 | F67: In-Service Training | K67: 0
C68: 16620000 | F68: Sabbatical Leaves (Administrative and Support Staff only) | K68: 0
C69: 16630000 | F69: Training Institutes, etc. | K69: 0
B70: 16700000 | E70: Community Relations Control | G70: 1870728.3 | I70: 1184937.1 | J70: 685791.16
C71: 16710000 | F71: Alumni Relations | G71: 25577.7 | H71: Yes | I71: 25577.7 | K71: 25577.7
C72: 16720000 | F72: Community and/or Public Relation Activities | G72: 1159359.4 | H72: Yes | I72: 1159359.4 | K72: 1159359.4
C73: 16730000 | F73: Development (Fund Raising) | G73: 685791.16 | H73: No | J73: 685791.16 | K73: 685791.16
B74: 16800000 | E74: Unassigned
B75: 16900000 | E75: Unassigned
A76: TOTAL | G76: 13745668 | I76: 7291794 | J76: 6453874.1 | K76: 13745668
F77: Total 6.0 INSTITUTIONAL SUPPORT reported from CA-2: | G77: 13745668 | I77: 0.53047942 | J77: 0.46952058
F79: Note: The amounts in cells G76 and G77 must be equal.
H80: Yes
H83: Total Expense (Excluding Transfers) from Cost Analysis (CA-2): | I83: 78052245 | J83: 0.093421964 | K83: : Administrative Cost Percentage

Sheet SOUTHWESTERN
A1: The Florida College System
A2: Data Collection for the Administrative Cost Report
A3: COLLEGE NAME:
A4: Florida SouthWestern State College
A6: Account | D6: Name | G6: FY 2017-18 | H6: Administration? | I6: Administrative Amount | J6: Excluded Amount | K6: Data Validation | L6: Comments / Additional Details
A7: 16000000 | D7: Institutional Support Control (Administrative)
B8: 16100000 | E8: Executive Management Control | G8: 3549428 | I8: 2016010 | J8: 1533418
C9: 16110000 | F9: College-Wide Management | K9: 0
C10: 16111000 | F10: District Board of Trustees | G10: 2682 | H10: Yes | I10: 2682 | K10: 2682
C11: 16112000 | F11: President | G11: 1128851 | H11: Yes | I11: 1128851 | K11: 1128851
C12: 16113000 | F12: Assistant to the President | G12: 153971 | H12: No | J12: 153971 | K12: 153971 | L12: Director, Governmental Relations
C13: 16114000 | F13: Executive Vice President/Vice President(s) | G13: 448527 | H13: Yes | I13: 448527 | K13: 448527
C14: 16115000 | F14: Chief Campus Administrators in Multi-Campus Colleges | G14: 919585 | H14: No | J14: 919585 | K14: 919585 | L14: Regional Vice Presidents
C15: 16116000 | F15: Equal Access, Equal Opportunity, Equal Employment Officer | K15: 0
C16: 16117000 | F16: Internal Auditing | K16: 0
C17: 16120000 | F17: Educational Planning and Development | K17: 0
C18: 16121000 | F18: Institutional Research | G18: 459862 | H18: No | J18: 459862 | K18: 459862 | L18: Institutional Research & Assessment Department
C19: 16122000 | F19: Analytical Studies | K19: 0
C20: 16130000 | F20: Legal Services | G20: 435950 | H20: Yes | I20: 435950 | K20: 435950
C21: 16140000 | F21: College-Wide Planning and Management Committees, Council or Task Forces | K21: 0
C22: 16141000 | F22: Faculty Senates | K22: 0
C23: 16142000 | F23: Planning Committees | K23: 0
C24: 16143000 | F24: Administrative Councils | K24: 0
B25: 16200000 | E25: Fiscal Operations Control | G25: 2696514 | I25: 1108503 | J25: 1588011
C26: 16210000 | F26: Fiscal Control | K26: 0
C27: 16211000 | F27: Business Officer (Financial Duties) | K27: 0
C28: 16212000 | F28: Comptroller | G28: 2621134 | H28: Partial | I28: 1095337 | J28: 1525797 | K28: 2621134 | L28: Excluded Bursar, Collection Services, Bad Debt Expenses, Bank Fees
C29: 16213000 | F29: Budget Administration and Control | K29: 0
C30: 16220000 | F30: Financial Operations | K30: 0
C31: 16221000 | F31: Payroll Operation | K31: 0
C32: 16222000 | F32: Bursar | K32: 0
C33: 16223000 | F33: Cashier | K33: 0
C34: 16224000 | F34: Disbursement | K34: 0
C35: 16225000 | F35: Accounting | K35: 0
C36: 16230000 | F36: Investment Management | G36: 13166 | H36: Yes | I36: 13166 | K36: 13166
C37: 16231000 | F37: Cash Flow Management | K37: 0
C38: 16232000 | F38: Endowment Management | K38: 0
C39: 16240000 | F39: Grants and Contracts Financial Management | K39: 0
C40: 16241000 | F40: Grants Management | G40: 62214 | H40: No | J40: 62214 | K40: 62214 | L40: Manager, Grants Administration and Development
C41: 16242000 | F41: Grants Accounting | K41: 0
B42: 16300000 | E42: General Administrative and Logistical Services Control | G42: 4400885 | I42: 2198120 | J42: 2202765
C43: 16310000 | F43: Administrative Data/Telecommunication Services | G43: 1169705 | H43: Partial | I43: 292426 | J43: 877279 | K43: 1169705
C44: 16310100 | F44: Computing | K44: 0
C45: 16310200 | F45: Telecommunications | K45: 0
C46: 16310300 | F46: Networking | K46: 0
C47: 16320000 | F47: Human Resources | G47: 1334614 | H47: Yes | I47: 1334614 | K47: 1334614
C48: 16330000 | F48: Logistical Services | K48: 0
C49: 16330100 | F49: Purchasing | G49: 173759 | H49: Yes | I49: 173759 | K49: 173759
C50: 16330200 | F50: Receiving | K50: 0
C51: 16330300 | F51: Shipping | K51: 0
C52: 16330400 | F52: Warehousing | K52: 0
C53: 16330500 | F53: Property Management | G53: 198721 | H53: Yes | I53: 198721 | K53: 198721
C54: 16330600 | F54: Mail and Distribution | G54: 168021 | H54: Yes | I54: 168021 | K54: 168021
C55: 16330700 | F55: Telephone Service/Operations | G55: 493077 | H55: No | J55: 493077 | K55: 493077
C56: 16330800 | F56: General Printing and Reproduction | K56: 0
C57: 16330900 | F57: Campus Transportation (including motor pool) | K57: 0
C58: 16331000 | F58: Parking and Parking Space Management | K58: 0
C59: 16340000 | F59: Other General Expenses | K59: 0
C60: 16341000 | F60: Business Hospitality | K60: 0
C61: 16342000 | F61: Organizational Memberships | K61: 0
C62: 16343000 | F62: General Insurance (other than property) | G62: 811595 | H62: Partial | I62: 30579 | J62: 781016 | K62: 811595 | L62: Excluded Property Insurance
C63: 16344000 | F63: Commencement (Graduation) | G63: 51393 | H63: No | J63: 51393 | K63: 51393
B64: 16400000 | E64: Unassigned
B65: 16500000 | E65: Unassigned
B66: 16600000 | E66: Administrative and Support Staff Services Control | G66: 0 | I66: 0 | J66: 0
C67: 16610000 | F67: In-Service Training | K67: 0
C68: 16620000 | F68: Sabbatical Leaves (Administrative and Support Staff only) | K68: 0
C69: 16630000 | F69: Training Institutes, etc. | K69: 0
B70: 16700000 | E70: Community Relations Control | G70: 1027688 | I70: 213886 | J70: 813802
C71: 16710000 | F71: Alumni Relations | G71: 25552 | H71: No | J71: 25552 | K71: 25552 | L71: Director, Alumni Relations
C72: 16720000 | F72: Community and/or Public Relation Activities | G72: 625417 | H72: Partial | I72: 213886 | J72: 411531 | K72: 625417 | L72: Excluded Acreditation Expenses, Marketing Personnel
C73: 16730000 | F73: Development (Fund Raising) | G73: 376719 | H73: No | J73: 376719 | K73: 376719 | L73: Senior Director, Foundation Administration and Development
B74: 16800000 | E74: Unassigned
B75: 16900000 | E75: Unassigned
A76: TOTAL | G76: 11674515 | I76: 5536519 | J76: 6137996 | K76: 11674515
F77: Total 6.0 INSTITUTIONAL SUPPORT reported from CA-2: | G77: 11674515 | I77: 0.47423974 | J77: 0.52576026
F79: Note: The amounts in cells G76 and G77 must be equal.
H80: Yes
H83: Total Expense (Excluding Transfers) from Cost Analysis (CA-2): | I83: 66474193 | J83: 0.083288247 | K83: : Administrative Cost Percentage

Sheet FSC JAX
A1: The Florida College System
A2: Data Collection for the Administrative Cost Report
A3: COLLEGE NAME:
A4: Florida State College at Jacksonville
A6: Account | D6: Name | G6: FY 2017-18 | H6: Administration? | I6: Administrative Amount | J6: Excluded Amount | K6: Data Validation | L6: Comments / Additional Details
A7: 16000000 | D7: Institutional Support Control (Administrative)
B8: 16100000 | E8: Executive Management Control | G8: 5626002.3 | I8: 2354637.4 | J8: 3271364.9
C9: 16110000 | F9: College-Wide Management | K9: 0
C10: 16111000 | F10: District Board of Trustees | G10: 9093.87 | H10: Yes | I10: 9093.87 | K10: 9093.87
C11: 16112000 | F11: President | G11: 749727.01 | H11: Yes | I11: 749727.01 | K11: 749727.01
C12: 16113000 | F12: Assistant to the President | G12: 0 | K12: 0
C13: 16114000 | F13: Executive Vice President/Vice President(s) | G13: 977324.33 | H13: Yes | I13: 977324.33 | K13: 977324.33
C14: 16115000 | F14: Chief Campus Administrators in Multi-Campus Colleges | G14: 1637321.6 | H14: No | J14: 1637321.6 | K14: 1637321.6
C15: 16116000 | F15: Equal Access, Equal Opportunity, Equal Employment Officer | G15: 0 | K15: 0
C16: 16117000 | F16: Internal Auditing | G16: 0 | K16: 0
C17: 16120000 | F17: Educational Planning and Development | G17: 160984.88 | H17: No | J17: 160984.88 | K17: 160984.88
C18: 16121000 | F18: Institutional Research | G18: 1472416.5 | H18: No | J18: 1472416.5 | K18: 1472416.5
C19: 16122000 | F19: Analytical Studies | G19: 0 | K19: 0
C20: 16130000 | F20: Legal Services | G20: 618492.16 | H20: Yes | I20: 618492.16 | K20: 618492.16
C21: 16140000 | F21: College-Wide Planning and Management Committees, Council or Task Forces | G21: 0 | K21: 0
C22: 16141000 | F22: Faculty Senates | G22: 0 | K22: 0
C23: 16142000 | F23: Planning Committees | G23: 0 | K23: 0
C24: 16143000 | F24: Administrative Councils | G24: 641.94 | H24: No | J24: 641.94 | K24: 641.94
B25: 16200000 | E25: Fiscal Operations Control | G25: 4849440.5 | I25: 2144212.8 | J25: 2705227.7
C26: 16210000 | F26: Fiscal Control | K26: 0
C27: 16211000 | F27: Business Officer (Financial Duties) | G27: 0 | K27: 0
C28: 16212000 | F28: Comptroller | G28: 0 | K28: 0
C29: 16213000 | F29: Budget Administration and Control | G29: 0 | K29: 0
C30: 16220000 | F30: Financial Operations | G30: 4838832.2 | H30: Partial | I30: 2144212.8 | J30: 2694619.4 | K30: 4838832.2 | L30: Exclude Bad Debt Expense and Credit Card Costs: Exclude AR Staff
C31: 16221000 | F31: Payroll Operation | G31: 0 | K31: 0
C32: 16222000 | F32: Bursar | G32: 0 | K32: 0
C33: 16223000 | F33: Cashier | G33: 10608.3 | H33: No | J33: 10608.3 | K33: 10608.3
C34: 16224000 | F34: Disbursement | G34: 0 | K34: 0
C35: 16225000 | F35: Accounting | G35: 0 | K35: 0
C36: 16230000 | F36: Investment Management | G36: 0 | K36: 0
C37: 16231000 | F37: Cash Flow Management | G37: 0 | K37: 0
C38: 16232000 | F38: Endowment Management | G38: 0 | K38: 0
C39: 16240000 | F39: Grants and Contracts Financial Management | G39: 0 | K39: 0
C40: 16241000 | F40: Grants Management | G40: 0 | K40: 0
C41: 16242000 | F41: Grants Accounting | G41: 0 | K41: 0
B42: 16300000 | E42: General Administrative and Logistical Services Control | G42: 10329343 | I42: 2516917.8 | J42: 7812425.5
C43: 16310000 | F43: Administrative Data/Telecommunication Services | K43: 0
C44: 16310100 | F44: Computing | G44: 5139358.2 | H44: No | J44: 5139358.2 | K44: 5139358.2
C45: 16310200 | F45: Telecommunications | G45: 0 | K45: 0
C46: 16310300 | F46: Networking | G46: 436835.21 | H46: No | J46: 436835.21 | K46: 436835.21
C47: 16320000 | F47: Human Resources | G47: 1852033.6 | H47: Yes | I47: 1852033.6 | K47: 1852033.6
C48: 16330000 | F48: Logistical Services | G48: 610609.85 | H48: Yes | I48: 610609.85 | K48: 610609.85
C49: 16330100 | F49: Purchasing | G49: 0 | K49: 0
C50: 16330200 | F50: Receiving | G50: 0 | K50: 0
C51: 16330300 | F51: Shipping | G51: 0 | K51: 0
C52: 16330400 | F52: Warehousing | G52: 210150.27 | H52: No | J52: 210150.27 | K52: 210150.27
C53: 16330500 | F53: Property Management | G53: 0 | K53: 0
C54: 16330600 | F54: Mail and Distribution | G54: 69901.97 | H54: No | J54: 69901.97 | K54: 69901.97
C55: 16330700 | F55: Telephone Service/Operations | G55: 772582.45 | H55: No | J55: 772582.45 | K55: 772582.45
C56: 16330800 | F56: General Printing and Reproduction | G56: 0 | K56: 0
C57: 16330900 | F57: Campus Transportation (including motor pool) | G57: 0 | K57: 0
C58: 16331000 | F58: Parking and Parking Space Management | G58: 0 | K58: 0
C59: 16340000 | F59: Other General Expenses | G59: 443.01 | H59: No | J59: 443.01 | K59: 443.01
C60: 16341000 | F60: Business Hospitality | G60: 54274.43 | H60: Yes | I60: 54274.43 | K60: 54274.43
C61: 16342000 | F61: Organizational Memberships | G61: 202973.81 | H61: No | J61: 202973.81 | K61: 202973.81
C62: 16343000 | F62: General Insurance (other than property) | G62: 883263.66 | H62: No | J62: 883263.66 | K62: 883263.66
C63: 16344000 | F63: Commencement (Graduation) | G63: 96916.9 | H63: No | J63: 96916.9 | K63: 96916.9
B64: 16400000 | E64: Unassigned
B65: 16500000 | E65: Unassigned
B66: 16600000 | E66: Administrative and Support Staff Services Control | G66: 0 | I66: 0 | J66: 0
C67: 16610000 | F67: In-Service Training | G67: 0 | K67: 0
C68: 16620000 | F68: Sabbatical Leaves (Administrative and Support Staff only) | G68: 0 | K68: 0
C69: 16630000 | F69: Training Institutes, etc. | G69: 0 | K69: 0
B70: 16700000 | E70: Community Relations Control | G70: 2896979.5 | I70: 0 | J70: 2896979.5
C71: 16710000 | F71: Alumni Relations | G71: 0 | K71: 0
C72: 16720000 | F72: Community and/or Public Relation Activities | G72: 1803207 | H72: No | J72: 1803207 | K72: 1803207
C73: 16730000 | F73: Development (Fund Raising) | G73: 1093772.6 | H73: No | J73: 1093772.6 | K73: 1093772.6
B74: 16800000 | E74: Unassigned
B75: 16900000 | E75: Unassigned
A76: TOTAL | G76: 23701766 | I76: 7015768 | J76: 16685998 | K76: 23701766
F77: Total 6.0 INSTITUTIONAL SUPPORT reported from CA-2: | G77: 23701766 | I77: 0.29600191 | J77: 0.70399809
F79: Note: The amounts in cells G76 and G77 must be equal.
H80: Yes
H83: Total Expense (Excluding Transfers) from Cost Analysis (CA-2): | I83: 1.375162e+08 | J83: 0.051017755 | K83: : Administrative Cost Percentage

Sheet FL KEYS
A1: The Florida College System
A2: Data Collection for the Administrative Cost Report
A3: COLLEGE NAME:
A4: Florida Keys Community College
A6: Account | D6: Name | G6: FY 2017-18 | H6: Administration? | I6: Administrative Amount | J6: Excluded Amount | K6: Data Validation | L6: Comments / Additional Details
A7: 16000000 | D7: Institutional Support Control (Administrative)
B8: 16100000 | E8: Executive Management Control | G8: 396573.54 | I8: 26184.92 | J8: 370388.62
C9: 16110000 | F9: College-Wide Management | K9: 0
C10: 16111000 | F10: District Board of Trustees | G10: 3398.73 | H10: Yes | I10: 3398.73 | K10: 3398.73
C11: 16112000 | F11: President | G11: 381611.45 | H11: Partial | I11: 22786.19 | J11: 358825.26 | K11: 381611.45
C12: 16113000 | F12: Assistant to the President | G12: 0 | K12: 0
C13: 16114000 | F13: Executive Vice President/Vice President(s) | G13: 0 | K13: 0
C14: 16115000 | F14: Chief Campus Administrators in Multi-Campus Colleges | G14: 0 | K14: 0
C15: 16116000 | F15: Equal Access, Equal Opportunity, Equal Employment Officer | G15: 0 | K15: 0
C16: 16117000 | F16: Internal Auditing | G16: 0 | K16: 0
C17: 16120000 | F17: Educational Planning and Development | G17: 0 | K17: 0
C18: 16121000 | F18: Institutional Research | G18: 11563.36 | H18: No | J18: 11563.36 | K18: 11563.36
C19: 16122000 | F19: Analytical Studies | G19: 0 | K19: 0
C20: 16130000 | F20: Legal Services | G20: 0 | K20: 0
C21: 16140000 | F21: College-Wide Planning and Management Committees, Council or Task Forces | G21: 0 | K21: 0
C22: 16141000 | F22: Faculty Senates | G22: 0 | K22: 0
C23: 16142000 | F23: Planning Committees | G23: 0 | K23: 0
C24: 16143000 | F24: Administrative Councils | G24: 0 | K24: 0
B25: 16200000 | E25: Fiscal Operations Control | G25: 544207.44 | I25: 452364 | J25: 91843.44
C26: 16210000 | F26: Fiscal Control | K26: 0
C27: 16211000 | F27: Business Officer (Financial Duties) | G27: 230774.63 | H27: Yes | I27: 230774.63 | K27: 230774.63
C28: 16212000 | F28: Comptroller | G28: 0 | K28: 0
C29: 16213000 | F29: Budget Administration and Control | G29: 0 | K29: 0
C30: 16220000 | F30: Financial Operations | G30: 243106.21 | H30: Partial | I30: 221589.37 | J30: 21516.84 | K30: 243106.21
C31: 16221000 | F31: Payroll Operation | G31: 0 | K31: 0
C32: 16222000 | F32: Bursar | G32: 0 | K32: 0
C33: 16223000 | F33: Cashier | G33: 0 | K33: 0
C34: 16224000 | F34: Disbursement | G34: 0 | K34: 0
C35: 16225000 | F35: Accounting | G35: 0 | K35: 0
C36: 16230000 | F36: Investment Management | G36: 0 | K36: 0
C37: 16231000 | F37: Cash Flow Management | G37: 0 | K37: 0
C38: 16232000 | F38: Endowment Management | G38: 0 | K38: 0
C39: 16240000 | F39: Grants and Contracts Financial Management | G39: 0 | K39: 0
C40: 16241000 | F40: Grants Management | G40: 70326.6 | H40: No | J40: 70326.6 | K40: 70326.6
C41: 16242000 | F41: Grants Accounting | K41: 0
B42: 16300000 | E42: General Administrative and Logistical Services Control | G42: 1187021.1 | I42: 366517.66 | J42: 820503.39
C43: 16310000 | F43: Administrative Data/Telecommunication Services | G43: 539362 | H43: No | J43: 539362 | K43: 539362
C44: 16310100 | F44: Computing | G44: 252547.91 | H44: No | J44: 252547.91 | K44: 252547.91
C45: 16310200 | F45: Telecommunications | G45: 0 | K45: 0
C46: 16310300 | F46: Networking | G46: 0 | K46: 0
C47: 16320000 | F47: Human Resources | G47: 141796.39 | H47: Yes | I47: 141796.39 | K47: 141796.39
C48: 16330000 | F48: Logistical Services | G48: 0 | K48: 0
C49: 16330100 | F49: Purchasing | G49: 8914.61 | H49: Yes | I49: 8914.61 | K49: 8914.61
C50: 16330200 | F50: Receiving | G50: 0 | K50: 0
C51: 16330300 | F51: Shipping | G51: 0 | K51: 0
C52: 16330400 | F52: Warehousing | G52: 0 | K52: 0
C53: 16330500 | F53: Property Management | G53: 0 | K53: 0
C54: 16330600 | F54: Mail and Distribution | G54: 0 | K54: 0
C55: 16330700 | F55: Telephone Service/Operations | G55: 28593.48 | H55: No | J55: 28593.48 | K55: 28593.48
C56: 16330800 | F56: General Printing and Reproduction | G56: -1235.95 | H56: Yes | I56: -1235.95 | K56: -1235.95
C57: 16330900 | F57: Campus Transportation (including motor pool) | G57: 0 | K57: 0
C58: 16331000 | F58: Parking and Parking Space Management | G58: 0 | K58: 0
C59: 16340000 | F59: Other General Expenses | G59: 217042.61 | H59: Yes | I59: 217042.61 | K59: 217042.61
C60: 16341000 | F60: Business Hospitality | K60: 0
C61: 16342000 | F61: Organizational Memberships | K61: 0
C62: 16343000 | F62: General Insurance (other than property) | K62: 0
C63: 16344000 | F63: Commencement (Graduation) | K63: 0
B64: 16400000 | E64: Unassigned
B65: 16500000 | E65: Unassigned
B66: 16600000 | E66: Administrative and Support Staff Services Control | G66: 0 | I66: 0 | J66: 0
C67: 16610000 | F67: In-Service Training | K67: 0
C68: 16620000 | F68: Sabbatical Leaves (Administrative and Support Staff only) | K68: 0
C69: 16630000 | F69: Training Institutes, etc. | K69: 0
B70: 16700000 | E70: Community Relations Control | G70: 514030.95 | I70: 269372.92 | J70: 244658.03
C71: 16710000 | F71: Alumni Relations | G71: 244658.03 | H71: No | J71: 244658.03 | K71: 244658.03
C72: 16720000 | F72: Community and/or Public Relation Activities | G72: 269372.92 | H72: Yes | I72: 269372.92 | K72: 269372.92
C73: 16730000 | F73: Development (Fund Raising) | K73: 0
B74: 16800000 | E74: Unassigned
B75: 16900000 | E75: Unassigned
A76: TOTAL | G76: 2641833 | I76: 1114439.5 | J76: 1527393.5 | K76: 2641833
F77: Total 6.0 INSTITUTIONAL SUPPORT reported from CA-2: | G77: 2641833 | I77: 0.42184328 | J77: 0.57815672
F79: Note: The amounts in cells G76 and G77 must be equal.
H80: Yes
H83: Total Expense (Excluding Transfers) from Cost Analysis (CA-2): | I83: 10188482 | J83: 0.10938229 | K83: : Administrative Cost Percentage

Sheet GULF COAST
A1: The Florida College System
A2: Data Collection for the Administrative Cost Report
A3: COLLEGE NAME:
A4: Gulf Coast State College
A6: Account | D6: Name | G6: FY 2017-18 | H6: Administration? | I6: Administrative Amount | J6: Excluded Amount | K6: Data Validation | L6: Comments / Additional Details
A7: 16000000 | D7: Institutional Support Control (Administrative)
B8: 16100000 | E8: Executive Management Control | G8: 1413191 | I8: 1139732.4 | J8: 273458.56
C9: 16110000 | F9: College-Wide Management | G9: 664359.21 | H9: Partial | I9: 416963.02 | J9: 247396.19 | K9: 664359.21
C10: 16111000 | F10: District Board of Trustees | G10: 3261.1 | H10: Yes | I10: 3261.1 | K10: 3261.1
C11: 16112000 | F11: President | G11: 462297.3 | H11: Yes | I11: 462297.3 | K11: 462297.3
C12: 16113000 | F12: Assistant to the President | K12: 0
C13: 16114000 | F13: Executive Vice President/Vice President(s) | G13: 209117.02 | H13: Yes | I13: 209117.02 | K13: 209117.02
C14: 16115000 | F14: Chief Campus Administrators in Multi-Campus Colleges | K14: 0
C15: 16116000 | F15: Equal Access, Equal Opportunity, Equal Employment Officer | K15: 0
C16: 16117000 | F16: Internal Auditing | K16: 0
C17: 16120000 | F17: Educational Planning and Development | G17: 26062.37 | H17: No | J17: 26062.37 | K17: 26062.37
C18: 16121000 | F18: Institutional Research | K18: 0
C19: 16122000 | F19: Analytical Studies | K19: 0
C20: 16130000 | F20: Legal Services | G20: 48094 | H20: Yes | I20: 48094 | K20: 48094
C21: 16140000 | F21: College-Wide Planning and Management Committees, Council or Task Forces | K21: 0
C22: 16141000 | F22: Faculty Senates | K22: 0
C23: 16142000 | F23: Planning Committees | K23: 0
C24: 16143000 | F24: Administrative Councils | K24: 0
B25: 16200000 | E25: Fiscal Operations Control | G25: 966517 | I25: 966517 | J25: 0
C26: 16210000 | F26: Fiscal Control | K26: 0
C27: 16211000 | F27: Business Officer (Financial Duties) | K27: 0
C28: 16212000 | F28: Comptroller | G28: 107102.43 | H28: Yes | I28: 107102.43 | K28: 107102.43
C29: 16213000 | F29: Budget Administration and Control | G29: 177309.85 | H29: Yes | I29: 177309.85 | K29: 177309.85
C30: 16220000 | F30: Financial Operations | G30: 77577.34 | H30: Yes | I30: 77577.34 | K30: 77577.34
C31: 16221000 | F31: Payroll Operation | G31: 48564.62 | H31: Yes | I31: 48564.62 | K31: 48564.62
C32: 16222000 | F32: Bursar | K32: 0
C33: 16223000 | F33: Cashier | G33: 396877.81 | H33: Yes | I33: 396877.81 | K33: 396877.81
C34: 16224000 | F34: Disbursement | G34: 96342.46 | H34: Yes | I34: 96342.46 | K34: 96342.46
C35: 16225000 | F35: Accounting | K35: 0
C36: 16230000 | F36: Investment Management | K36: 0
C37: 16231000 | F37: Cash Flow Management | K37: 0
C38: 16232000 | F38: Endowment Management | K38: 0
C39: 16240000 | F39: Grants and Contracts Financial Management | K39: 0
C40: 16241000 | F40: Grants Management | K40: 0
C41: 16242000 | F41: Grants Accounting | G41: 62742.49 | H41: Yes | I41: 62742.49 | K41: 62742.49
B42: 16300000 | E42: General Administrative and Logistical Services Control | G42: 3744798 | I42: 644312.39 | J42: 3100485.6
C43: 16310000 | F43: Administrative Data/Telecommunication Services | G43: 2565005.6 | H43: No | J43: 2565005.6 | K43: 2565005.6
C44: 16310100 | F44: Computing | G44: 277949.4 | H44: No | J44: 277949.4 | K44: 277949.4
C45: 16310200 | F45: Telecommunications | K45: 0
C46: 16310300 | F46: Networking | K46: 0
C47: 16320000 | F47: Human Resources | G47: 411774 | H47: Yes | I47: 411774 | K47: 411774
C48: 16330000 | F48: Logistical Services | K48: 0
C49: 16330100 | F49: Purchasing | G49: 130073.68 | H49: Yes | I49: 130073.68 | K49: 130073.68
C50: 16330200 | F50: Receiving | G50: 42508.85 | H50: Yes | I50: 42508.85 | K50: 42508.85
C51: 16330300 | F51: Shipping | K51: 0
C52: 16330400 | F52: Warehousing | K52: 0
C53: 16330500 | F53: Property Management | K53: 0
C54: 16330600 | F54: Mail and Distribution | G54: 18927.3 | H54: No | J54: 18927.3 | K54: 18927.3
C55: 16330700 | F55: Telephone Service/Operations | G55: 174502.17 | H55: No | J55: 174502.17 | K55: 174502.17
C56: 16330800 | F56: General Printing and Reproduction | K56: 0
C57: 16330900 | F57: Campus Transportation (including motor pool) | K57: 0
C58: 16331000 | F58: Parking and Parking Space Management | K58: 0
C59: 16340000 | F59: Other General Expenses | G59: 17394.78 | H59: No | J59: 17394.78 | K59: 17394.78
C60: 16341000 | F60: Business Hospitality | K60: 0
C61: 16342000 | F61: Organizational Memberships | G61: 59955.86 | H61: Yes | I61: 59955.86 | K61: 59955.86
C62: 16343000 | F62: General Insurance (other than property) | G62: 17729.57 | H62: No | J62: 17729.57 | K62: 17729.57
C63: 16344000 | F63: Commencement (Graduation) | G63: 28976.79 | H63: No | J63: 28976.79 | K63: 28976.79
B64: 16400000 | E64: Unassigned
B65: 16500000 | E65: Unassigned
B66: 16600000 | E66: Administrative and Support Staff Services Control | G66: 0 | I66: 0 | J66: 0
C67: 16610000 | F67: In-Service Training | K67: 0
C68: 16620000 | F68: Sabbatical Leaves (Administrative and Support Staff only) | K68: 0
C69: 16630000 | F69: Training Institutes, etc. | K69: 0
B70: 16700000 | E70: Community Relations Control | G70: 59142 | I70: 0 | J70: 59142
C71: 16710000 | F71: Alumni Relations | K71: 0
C72: 16720000 | F72: Community and/or Public Relation Activities | K72: 0
C73: 16730000 | F73: Development (Fund Raising) | G73: 59142 | H73: No | J73: 59142 | K73: 59142
B74: 16800000 | E74: Unassigned
B75: 16900000 | E75: Unassigned
A76: TOTAL | G76: 6183648 | I76: 2750561.8 | J76: 3433086.2 | K76: 6183648
F77: Total 6.0 INSTITUTIONAL SUPPORT reported from CA-2: | G77: 6183648 | I77: 0.44481216 | J77: 0.55518784
F79: Note: The amounts in cells G76 and G77 must be equal.
H83: Total Expense (Excluding Transfers) from Cost Analysis (CA-2): | I83: 32265231 | J83: 0.085248478 | K83: : Administrative Cost Percentage

Sheet HILLSBOROUGH
A1: The Florida College System
A2: Data Collection for the Administrative Cost Report
A3: COLLEGE NAME:
A4: Hillsborough Community College
A6: Account | D6: Name | G6: FY 2017-18 | H6: Administration? | I6: Administrative Amount | J6: Excluded Amount | K6: Data Validation | L6: Comments / Additional Details
A7: 16000000 | D7: Institutional Support Control (Administrative)
B8: 16100000 | E8: Executive Management Control | G8: 5433187.9 | I8: 2804246.1 | J8: 2628941.9
C9: 16110000 | F9: College-Wide Management | K9: 0
C10: 16111000 | F10: District Board of Trustees | K10: 0
C11: 16112000 | F11: President | G11: 19033.3 | H11: Yes | I11: 19033.3 | K11: 19033.3
C12: 16113000 | F12: Assistant to the President | G12: 1018112.6 | H12: Yes | I12: 1018112.6 | K12: 1018112.6
C13: 16114000 | F13: Executive Vice President/Vice President(s) | G13: 456984.93 | H13: Yes | I13: 456984.93 | K13: 456984.93
C14: 16115000 | F14: Chief Campus Administrators in Multi-Campus Colleges | G14: 2628941.9 | H14: No | J14: 2628941.9 | K14: 2628941.9
C15: 16116000 | F15: Equal Access, Equal Opportunity, Equal Employment Officer | G15: 364334.2 | H15: Yes | I15: 364334.2 | K15: 364334.2
C16: 16117000 | F16: Internal Auditing | K16: 0
C17: 16120000 | F17: Educational Planning and Development | K17: 0
C18: 16121000 | F18: Institutional Research | G18: 365800.43 | H18: Yes | I18: 365800.43 | K18: 365800.43
C19: 16122000 | F19: Analytical Studies | G19: 223358.03 | H19: Yes | I19: 223358.03 | K19: 223358.03
C20: 16130000 | F20: Legal Services | G20: 356622.64 | H20: Yes | I20: 356622.64 | K20: 356622.64
C21: 16140000 | F21: College-Wide Planning and Management Committees, Council or Task Forces | K21: 0
C22: 16141000 | F22: Faculty Senates | K22: 0
C23: 16142000 | F23: Planning Committees | K23: 0
C24: 16143000 | F24: Administrative Councils | K24: 0
B25: 16200000 | E25: Fiscal Operations Control | G25: 2731500 | I25: 2495674.8 | J25: 235825.18
C26: 16210000 | F26: Fiscal Control | K26: 0
C27: 16211000 | F27: Business Officer (Financial Duties) | K27: 0
C28: 16212000 | F28: Comptroller | G28: 1322688.1 | H28: Yes | I28: 1322688.1 | K28: 1322688.1
C29: 16213000 | F29: Budget Administration and Control | K29: 0
C30: 16220000 | F30: Financial Operations | G30: 1346662.7 | H30: Partial | I30: 1110837.5 | J30: 235825.18 | K30: 1346662.7 | L30: Excluded bank service fees and merchant fees
C31: 16221000 | F31: Payroll Operation | K31: 0
C32: 16222000 | F32: Bursar | K32: 0
C33: 16223000 | F33: Cashier | K33: 0
C34: 16224000 | F34: Disbursement | K34: 0
C35: 16225000 | F35: Accounting | K35: 0
C36: 16230000 | F36: Investment Management | K36: 0
C37: 16231000 | F37: Cash Flow Management | K37: 0
C38: 16232000 | F38: Endowment Management | K38: 0
C39: 16240000 | F39: Grants and Contracts Financial Management | K39: 0
C40: 16241000 | F40: Grants Management | K40: 0
C41: 16242000 | F41: Grants Accounting | G41: 62149.18 | H41: Yes | I41: 62149.18 | K41: 62149.18
B42: 16300000 | E42: General Administrative and Logistical Services Control | G42: 10558297 | I42: 2385084.7 | J42: 8173212.4
C43: 16310000 | F43: Administrative Data/Telecommunication Services | G43: 1568804.7 | H43: No | J43: 1568804.7 | K43: 1568804.7
C44: 16310100 | F44: Computing | G44: 1046465.6 | H44: Partial | I44: 331925.2 | J44: 714540.36 | K44: 1046465.6 | L44: Director of OIT
C45: 16310200 | F45: Telecommunications | K45: 0
C46: 16310300 | F46: Networking | G46: 2699218.1 | H46: No | J46: 2699218.1 | K46: 2699218.1
C47: 16320000 | F47: Human Resources | G47: 1356597.3 | H47: Yes | I47: 1356597.3 | K47: 1356597.3
C48: 16330000 | F48: Logistical Services | K48: 0
C49: 16330100 | F49: Purchasing | G49: 614664.38 | H49: Yes | I49: 614664.38 | K49: 614664.38
C50: 16330200 | F50: Receiving | G50: 157369.95 | H50: No | J50: 157369.95 | K50: 157369.95
C51: 16330300 | F51: Shipping | K51: 0
C52: 16330400 | F52: Warehousing | K52: 0
C53: 16330500 | F53: Property Management | G53: 63517.98 | H53: No | J53: 63517.98 | K53: 63517.98
C54: 16330600 | F54: Mail and Distribution | G54: 121040.54 | H54: No | J54: 121040.54 | K54: 121040.54
C55: 16330700 | F55: Telephone Service/Operations | G55: 435357.25 | H55: No | J55: 435357.25 | K55: 435357.25
C56: 16330800 | F56: General Printing and Reproduction | G56: 719990.21 | H56: No | J56: 719990.21 | K56: 719990.21
C57: 16330900 | F57: Campus Transportation (including motor pool) | K57: 0
C58: 16331000 | F58: Parking and Parking Space Management | G58: 161730.43 | H58: No | J58: 161730.43 | K58: 161730.43
C59: 16340000 | F59: Other General Expenses | G59: 1531642.9 | H59: No | J59: 1531642.9 | K59: 1531642.9
C60: 16341000 | F60: Business Hospitality | G60: 81897.87 | H60: Yes | I60: 81897.87 | K60: 81897.87
C61: 16342000 | F61: Organizational Memberships | K61: 0
C62: 16343000 | F62: General Insurance (other than property) | K62: 0
C63: 16344000 | F63: Commencement (Graduation) | K63: 0
B64: 16400000 | E64: Unassigned
B65: 16500000 | E65: Unassigned
B66: 16600000 | E66: Administrative and Support Staff Services Control | G66: 159248.85 | I66: 159248.85 | J66: 0
C67: 16610000 | F67: In-Service Training | G67: 159248.85 | H67: Yes | I67: 159248.85 | K67: 159248.85
C68: 16620000 | F68: Sabbatical Leaves (Administrative and Support Staff only) | K68: 0
C69: 16630000 | F69: Training Institutes, etc. | K69: 0
B70: 16700000 | E70: Community Relations Control | G70: 2332417.8 | I70: 2332417.8 | J70: 0
C71: 16710000 | F71: Alumni Relations | K71: 0
C72: 16720000 | F72: Community and/or Public Relation Activities | G72: 1665295.2 | H72: Yes | I72: 1665295.2 | K72: 1665295.2
C73: 16730000 | F73: Development (Fund Raising) | G73: 667122.66 | H73: Yes | I73: 667122.66 | K73: 667122.66
B74: 16800000 | E74: Unassigned
B75: 16900000 | E75: Unassigned
A76: TOTAL | G76: 21214652 | I76: 10176672 | J76: 11037979 | K76: 21214652
F77: Total 6.0 INSTITUTIONAL SUPPORT reported from CA-2: | G77: 21214652 | I77: 0.47970018 | J77: 0.52029982
F79: Note: The amounts in cells G76 and G77 must be equal.
H80: Yes
H83: Total Expense (Excluding Transfers) from Cost Analysis (CA-2): | I83: 1.1370411e+08 | J83: 0.089501358 | K83: : Administrative Cost Percentage

Sheet INDIAN RIVER
A1: The Florida College System
A2: Data Collection for the Administrative Cost Report
A3: COLLEGE NAME:
A4: Indian River State College
A6: Account | D6: Name | G6: FY 2017-18 | H6: Administration? | I6: Administrative Amount | J6: Excluded Amount | K6: Data Validation | L6: Comments / Additional Details
A7: 16000000 | D7: Institutional Support Control (Administrative)
B8: 16100000 | E8: Executive Management Control | G8: 1166934 | I8: 1166934 | J8: 0
C9: 16110000 | F9: College-Wide Management | K9: 0
C10: 16111000 | F10: District Board of Trustees | G10: 23103 | H10: Yes | I10: 23103 | K10: 23103
C11: 16112000 | F11: President | G11: 585620 | H11: Yes | I11: 585620 | K11: 585620
C12: 16113000 | F12: Assistant to the President | G12: 159477 | H12: Yes | I12: 159477 | K12: 159477
C13: 16114000 | F13: Executive Vice President/Vice President(s) | G13: 340197 | H13: Yes | I13: 340197 | K13: 340197
C14: 16115000 | F14: Chief Campus Administrators in Multi-Campus Colleges | K14: 0
C15: 16116000 | F15: Equal Access, Equal Opportunity, Equal Employment Officer | K15: 0
C16: 16117000 | F16: Internal Auditing | K16: 0
C17: 16120000 | F17: Educational Planning and Development | K17: 0
C18: 16121000 | F18: Institutional Research | K18: 0
C19: 16122000 | F19: Analytical Studies | K19: 0
C20: 16130000 | F20: Legal Services | G20: 58537 | H20: Yes | I20: 58537 | K20: 58537
C21: 16140000 | F21: College-Wide Planning and Management Committees, Council or Task Forces | K21: 0
C22: 16141000 | F22: Faculty Senates | K22: 0
C23: 16142000 | F23: Planning Committees | K23: 0
C24: 16143000 | F24: Administrative Councils | K24: 0
B25: 16200000 | E25: Fiscal Operations Control | G25: 2043144 | I25: 1137280 | J25: 905864
C26: 16210000 | F26: Fiscal Control | K26: 0
C27: 16211000 | F27: Business Officer (Financial Duties) | K27: 0
C28: 16212000 | F28: Comptroller | G28: 173161 | H28: Yes | I28: 173161 | K28: 173161
C29: 16213000 | F29: Budget Administration and Control | G29: 126483 | H29: Yes | I29: 126483 | K29: 126483
C30: 16220000 | F30: Financial Operations | G30: 334685 | H30: Partial | I30: 60973 | J30: 273712 | K30: 334685 | L30: Merchant fees and bad debt expenses excluded
C31: 16221000 | F31: Payroll Operation | G31: 207399 | H31: Yes | I31: 207399 | K31: 207399
C32: 16222000 | F32: Bursar | G32: 390891 | H32: No | J32: 390891 | K32: 390891
C33: 16223000 | F33: Cashier | G33: 119998 | H33: No | J33: 119998 | K33: 119998
C34: 16224000 | F34: Disbursement | G34: 147608 | H34: Yes | I34: 147608 | K34: 147608
C35: 16225000 | F35: Accounting | G35: 421656 | H35: Yes | I35: 421656 | K35: 421656
C36: 16230000 | F36: Investment Management | G36: 0 | K36: 0
C37: 16231000 | F37: Cash Flow Management | K37: 0
C38: 16232000 | F38: Endowment Management | K38: 0
C39: 16240000 | F39: Grants and Contracts Financial Management | K39: 0
C40: 16241000 | F40: Grants Management | G40: 18612 | H40: No | J40: 18612 | K40: 18612
C41: 16242000 | F41: Grants Accounting | G41: 102651 | H41: No | J41: 102651 | K41: 102651
B42: 16300000 | E42: General Administrative and Logistical Services Control | G42: 3882779 | I42: 1079571 | J42: 2803208
C43: 16310000 | F43: Administrative Data/Telecommunication Services | G43: 0 | K43: 0
C44: 16310100 | F44: Computing | G44: 1719892 | H44: No | J44: 1719892 | K44: 1719892
C45: 16310200 | F45: Telecommunications | K45: 0
C46: 16310300 | F46: Networking | K46: 0
C47: 16320000 | F47: Human Resources | G47: 799591 | H47: Partial | I47: 788263 | J47: 11328 | K47: 799591 | L47: Unemployment Compensation excluded
C48: 16330000 | F48: Logistical Services | K48: 0
C49: 16330100 | F49: Purchasing | G49: 184132 | H49: Yes | I49: 184132 | K49: 184132
C50: 16330200 | F50: Receiving | K50: 0
C51: 16330300 | F51: Shipping | K51: 0
C52: 16330400 | F52: Warehousing | K52: 0
C53: 16330500 | F53: Property Management | K53: 0
C54: 16330600 | F54: Mail and Distribution | G54: 229325 | H54: No | J54: 229325 | K54: 229325
C55: 16330700 | F55: Telephone Service/Operations | G55: 667703 | H55: No | J55: 667703 | K55: 667703
C56: 16330800 | F56: General Printing and Reproduction | K56: 0
C57: 16330900 | F57: Campus Transportation (including motor pool) | G57: 174960 | H57: No | J57: 174960 | K57: 174960
C58: 16331000 | F58: Parking and Parking Space Management | K58: 0
C59: 16340000 | F59: Other General Expenses | K59: 0
C60: 16341000 | F60: Business Hospitality | K60: 0
C61: 16342000 | F61: Organizational Memberships | G61: 107176 | H61: Yes | I61: 107176 | K61: 107176
C62: 16343000 | F62: General Insurance (other than property) | K62: 0
C63: 16344000 | F63: Commencement (Graduation) | K63: 0
B64: 16400000 | E64: Unassigned
B65: 16500000 | E65: Unassigned
B66: 16600000 | E66: Administrative and Support Staff Services Control | G66: 0 | I66: 0 | J66: 0
C67: 16610000 | F67: In-Service Training | K67: 0
C68: 16620000 | F68: Sabbatical Leaves (Administrative and Support Staff only) | K68: 0
C69: 16630000 | F69: Training Institutes, etc. | K69: 0
B70: 16700000 | E70: Community Relations Control | G70: 397005 | I70: 0 | J70: 397005
C71: 16710000 | F71: Alumni Relations | K71: 0
C72: 16720000 | F72: Community and/or Public Relation Activities | K72: 0
C73: 16730000 | F73: Development (Fund Raising) | G73: 397005 | H73: No | J73: 397005 | K73: 397005
B74: 16800000 | E74: Unassigned
B75: 16900000 | E75: Unassigned
A76: TOTAL | G76: 7489862 | I76: 3383785 | J76: 4106077 | K76: 7489862
F77: Total 6.0 INSTITUTIONAL SUPPORT reported from CA-2: | G77: 7489862 | I77: 0.45178202 | J77: 0.54821798
F79: Note: The amounts in cells G76 and G77 must be equal.
H80: Yes
H83: Total Expense (Excluding Transfers) from Cost Analysis (CA-2): | I83: 84326296 | J83: 0.040127281 | K83: : Administrative Cost Percentage

Sheet GATEWAY
A1: The Florida College System
A2: Data Collection for the Administrative Cost Report
A3: COLLEGE NAME:
A4: Florida Gateway College
A6: Account | D6: Name | G6: FY 2017-18 | H6: Administration? | I6: Administrative Amount | J6: Excluded Amount | K6: Data Validation | L6: Comments / Additional Details
A7: 16000000 | D7: Institutional Support Control (Administrative)
B8: 16100000 | E8: Executive Management Control | G8: 1372969.4 | I8: 870810.73 | J8: 502158.7
C9: 16110000 | F9: College-Wide Management | K9: 0
C10: 16111000 | F10: District Board of Trustees | G10: 11059.66 | H10: Yes | I10: 11059.66 | K10: 11059.66
C11: 16112000 | F11: President | G11: 431650.04 | H11: Yes | I11: 431650.04 | K11: 431650.04
C12: 16113000 | F12: Assistant to the President | K12: 0
C13: 16114000 | F13: Executive Vice President/Vice President(s) | G13: 713501.72 | H13: Partial | I13: 428101.03 | J13: 285400.69 | K13: 713501.72
C14: 16115000 | F14: Chief Campus Administrators in Multi-Campus Colleges | K14: 0
C15: 16116000 | F15: Equal Access, Equal Opportunity, Equal Employment Officer | K15: 0
C16: 16117000 | F16: Internal Auditing | K16: 0
C17: 16120000 | F17: Educational Planning and Development | K17: 0
C18: 16121000 | F18: Institutional Research | G18: 150367.46 | H18: No | J18: 150367.46 | K18: 150367.46
C19: 16122000 | F19: Analytical Studies | K19: 0
C20: 16130000 | F20: Legal Services | G20: 57101.4 | H20: No | J20: 57101.4 | K20: 57101.4
C21: 16140000 | F21: College-Wide Planning and Management Committees, Council or Task Forces | G21: 9289.15 | H21: No | J21: 9289.15 | K21: 9289.15
C22: 16141000 | F22: Faculty Senates | K22: 0
C23: 16142000 | F23: Planning Committees | K23: 0
C24: 16143000 | F24: Administrative Councils | K24: 0
B25: 16200000 | E25: Fiscal Operations Control | G25: 520507.34 | I25: 189337.31 | J25: 331170.03
C26: 16210000 | F26: Fiscal Control | G26: 66027.15 | H26: Partial | I26: 13026.8 | J26: 53000.35 | K26: 66027.15 | L26: Excluded bank and credit card processing fees.
C27: 16211000 | F27: Business Officer (Financial Duties) | K27: 0
C28: 16212000 | F28: Comptroller | G28: 32656.04 | H28: Partial | I28: 24492.03 | J28: 8164.01 | K28: 32656.04 | L28: Excluded 25% for drawing of federal funds and reconciliation of financial aid.
C29: 16213000 | F29: Budget Administration and Control | K29: 0
C30: 16220000 | F30: Financial Operations | G30: 91115.06 | H30: Partial | I30: 68336.3 | J30: 22778.76 | K30: 91115.06 | L30: Student check processing.
C31: 16221000 | F31: Payroll Operation | G31: 105291.17 | H31: Partial | I31: 83482.18 | J31: 21808.99 | K31: 105291.17 | L31: Relief cashier.
C32: 16222000 | F32: Bursar | G32: 107022.65 | H32: No | J32: 107022.65 | K32: 107022.65 | L32: Bursar and Accounts Receivable clerk
C33: 16223000 | F33: Cashier | G33: 34391.23 | H33: No | J33: 34391.23 | K33: 34391.23
C34: 16224000 | F34: Disbursement | K34: 0
C35: 16225000 | F35: Accounting | K35: 0
C36: 16230000 | F36: Investment Management | K36: 0
C37: 16231000 | F37: Cash Flow Management | K37: 0
C38: 16232000 | F38: Endowment Management | K38: 0
C39: 16240000 | F39: Grants and Contracts Financial Management | K39: 0
C40: 16241000 | F40: Grants Management | G40: 84004.04 | H40: No | J40: 84004.04 | K40: 84004.04
C41: 16242000 | F41: Grants Accounting | K41: 0
B42: 16300000 | E42: General Administrative and Logistical Services Control | G42: 2123980.2 | I42: 783441.01 | J42: 1340539.2
C43: 16310000 | F43: Administrative Data/Telecommunication Services | K43: 0
C44: 16310100 | F44: Computing | G44: 1120519.8 | H44: Partial | I44: 168077.96 | J44: 952441.8 | K44: 1120519.8
C45: 16310200 | F45: Telecommunications | G45: 175952.61 | H45: No | J45: 175952.61 | K45: 175952.61
C46: 16310300 | F46: Networking | K46: 0
C47: 16320000 | F47: Human Resources | G47: 406060.24 | H47: Yes | I47: 406060.24 | K47: 406060.24
C48: 16330000 | F48: Logistical Services | K48: 0
C49: 16330100 | F49: Purchasing | G49: 209302.81 | H49: Yes | I49: 209302.81 | K49: 209302.81
C50: 16330200 | F50: Receiving | K50: 0
C51: 16330300 | F51: Shipping | K51: 0
C52: 16330400 | F52: Warehousing | K52: 0
C53: 16330500 | F53: Property Management | K53: 0
C54: 16330600 | F54: Mail and Distribution | G54: 77401.62 | H54: No | J54: 77401.62 | K54: 77401.62
C55: 16330700 | F55: Telephone Service/Operations | K55: 0
C56: 16330800 | F56: General Printing and Reproduction | K56: 0
C57: 16330900 | F57: Campus Transportation (including motor pool) | K57: 0
C58: 16331000 | F58: Parking and Parking Space Management | K58: 0
C59: 16340000 | F59: Other General Expenses | K59: 0
C60: 16341000 | F60: Business Hospitality | K60: 0
C61: 16342000 | F61: Organizational Memberships | K61: 0
C62: 16343000 | F62: General Insurance (other than property) | G62: 134743.15 | H62: No | J62: 134743.15 | K62: 134743.15
C63: 16344000 | F63: Commencement (Graduation) | K63: 0
B64: 16400000 | E64: Unassigned
B65: 16500000 | E65: Unassigned
B66: 16600000 | E66: Administrative and Support Staff Services Control | G66: 0 | I66: 0 | J66: 0
C67: 16610000 | F67: In-Service Training | K67: 0
C68: 16620000 | F68: Sabbatical Leaves (Administrative and Support Staff only) | K68: 0
C69: 16630000 | F69: Training Institutes, etc. | K69: 0
B70: 16700000 | E70: Community Relations Control | G70: 543937.58 | I70: 0 | J70: 543937.58
C71: 16710000 | F71: Alumni Relations | K71: 0
C72: 16720000 | F72: Community and/or Public Relation Activities | G72: 369857.55 | H72: No | J72: 369857.55 | K72: 369857.55
C73: 16730000 | F73: Development (Fund Raising) | G73: 174080.03 | H73: No | J73: 174080.03 | K73: 174080.03
B74: 16800000 | E74: Unassigned
B75: 16900000 | E75: Unassigned
A76: TOTAL | G76: 4561394.5 | I76: 1843589.1 | J76: 2717805.5 | K76: 4561394.5
F77: Total 6.0 INSTITUTIONAL SUPPORT reported from CA-2: | G77: 4561394.5 | I77: 0.40417224 | J77: 0.59582776
F79: Note: The amounts in cells G76 and G77 must be equal.
H80: Yes
H83: Total Expense (Excluding Transfers) from Cost Analysis (CA-2): | I83: 19435720 | J83: 0.094855711 | K83: : Administrative Cost Percentage

Sheet LAKE SUMTER
A1: The Florida College System
A2: Data Collection for the Administrative Cost Report
A3: COLLEGE NAME:
A4: Lake-Sumter State College
A6: Account | D6: Name | G6: FY 2017-18 | H6: Administration? | I6: Administrative Amount | J6: Excluded Amount | K6: Data Validation | L6: Comments / Additional Details
A7: 16000000 | D7: Institutional Support Control (Administrative)
B8: 16100000 | E8: Executive Management Control | G8: 1379584.6 | I8: 733458.67 | J8: 646125.92
C9: 16110000 | F9: College-Wide Management | G9: 5644.18 | H9: Yes | I9: 5644.18 | K9: 5644.18
C10: 16111000 | F10: District Board of Trustees | K10: 0
C11: 16112000 | F11: President | G11: 384011.28 | H11: Yes | I11: 384011.28 | K11: 384011.28
C12: 16113000 | F12: Assistant to the President | K12: 0
C13: 16114000 | F13: Executive Vice President/Vice President(s) | G13: 621150.91 | H13: Partial | I13: 316754.61 | J13: 304396.3 | K13: 621150.91
C14: 16115000 | F14: Chief Campus Administrators in Multi-Campus Colleges | G14: 278880.16 | H14: No | J14: 278880.16 | K14: 278880.16
C15: 16116000 | F15: Equal Access, Equal Opportunity, Equal Employment Officer | K15: 0
C16: 16117000 | F16: Internal Auditing | K16: 0
C17: 16120000 | F17: Educational Planning and Development | K17: 0
C18: 16121000 | F18: Institutional Research | K18: 0
C19: 16122000 | F19: Analytical Studies | G19: 58977.11 | H19: No | J19: 58977.11 | K19: 58977.11
C20: 16130000 | F20: Legal Services | G20: 27048.6 | H20: Yes | I20: 27048.6 | K20: 27048.6
C21: 16140000 | F21: College-Wide Planning and Management Committees, Council or Task Forces | G21: 3872.35 | H21: No | J21: 3872.35 | K21: 3872.35
C22: 16141000 | F22: Faculty Senates | K22: 0
C23: 16142000 | F23: Planning Committees | K23: 0
C24: 16143000 | F24: Administrative Councils | K24: 0
B25: 16200000 | E25: Fiscal Operations Control | G25: 933096.44 | I25: 741490.34 | J25: 191606.1
C26: 16210000 | F26: Fiscal Control | K26: 0
C27: 16211000 | F27: Business Officer (Financial Duties) | K27: 0
C28: 16212000 | F28: Comptroller | K28: 0
C29: 16213000 | F29: Budget Administration and Control | K29: 0
C30: 16220000 | F30: Financial Operations | G30: 690359.02 | H30: Partial | I30: 521467.92 | J30: 168891.1 | K30: 690359.02
C31: 16221000 | F31: Payroll Operation | G31: 220022.42 | H31: Yes | I31: 220022.42 | K31: 220022.42
C32: 16222000 | F32: Bursar | K32: 0
C33: 16223000 | F33: Cashier | K33: 0
C34: 16224000 | F34: Disbursement | K34: 0
C35: 16225000 | F35: Accounting | K35: 0
C36: 16230000 | F36: Investment Management | K36: 0
C37: 16231000 | F37: Cash Flow Management | K37: 0
C38: 16232000 | F38: Endowment Management | K38: 0
C39: 16240000 | F39: Grants and Contracts Financial Management | K39: 0
C40: 16241000 | F40: Grants Management | G40: 22715 | H40: No | J40: 22715 | K40: 22715
C41: 16242000 | F41: Grants Accounting | K41: 0
B42: 16300000 | E42: General Administrative and Logistical Services Control | G42: 2585604.2 | I42: 509414.93 | J42: 2076189.3
C43: 16310000 | F43: Administrative Data/Telecommunication Services | G43: 1209474 | H43: No | J43: 1209474 | K43: 1209474
C44: 16310100 | F44: Computing | K44: 0
C45: 16310200 | F45: Telecommunications | K45: 0
C46: 16310300 | F46: Networking | K46: 0
C47: 16320000 | F47: Human Resources | G47: 534178.84 | H47: Yes | I47: 534178.84 | K47: 534178.84
C48: 16330000 | F48: Logistical Services | K48: 0
C49: 16330100 | F49: Purchasing | G49: 80865.58 | H49: Yes | I49: 80865.58 | K49: 80865.58
C50: 16330200 | F50: Receiving | K50: 0
C51: 16330300 | F51: Shipping | K51: 0
C52: 16330400 | F52: Warehousing | K52: 0
C53: 16330500 | F53: Property Management | K53: 0
C54: 16330600 | F54: Mail and Distribution | G54: 31717.22 | H54: No | J54: 31717.22 | K54: 31717.22
C55: 16330700 | F55: Telephone Service/Operations | G55: 120742.97 | H55: No | J55: 120742.97 | K55: 120742.97
C56: 16330800 | F56: General Printing and Reproduction | G56: 222859.22 | H56: No | J56: 222859.22 | K56: 222859.22
C57: 16330900 | F57: Campus Transportation (including motor pool) | G57: 9162.68 | H57: No | J57: 9162.68 | K57: 9162.68
C58: 16331000 | F58: Parking and Parking Space Management | K58: 0
C59: 16340000 | F59: Other General Expenses | G59: -23690.25 | H59: Partial | I59: -137554.82 | J59: 113864.57 | K59: -23690.25
C60: 16341000 | F60: Business Hospitality | G60: 6316.75 | H60: No | J60: 6316.75 | K60: 6316.75
C61: 16342000 | F61: Organizational Memberships | G61: 31925.33 | H61: Yes | I61: 31925.33 | K61: 31925.33
C62: 16343000 | F62: General Insurance (other than property) | G62: 362048.65 | H62: No | J62: 362048.65 | K62: 362048.65
C63: 16344000 | F63: Commencement (Graduation) | G63: 3.22 | H63: No | J63: 3.22 | K63: 3.22
B64: 16400000 | E64: Unassigned
B65: 16500000 | E65: Unassigned
B66: 16600000 | E66: Administrative and Support Staff Services Control | G66: 0 | I66: 0 | J66: 0
C67: 16610000 | F67: In-Service Training | K67: 0
C68: 16620000 | F68: Sabbatical Leaves (Administrative and Support Staff only) | K68: 0
C69: 16630000 | F69: Training Institutes, etc. | K69: 0
B70: 16700000 | E70: Community Relations Control | G70: 521951.1 | I70: 293559.16 | J70: 228391.94
C71: 16710000 | F71: Alumni Relations | K71: 0
C72: 16720000 | F72: Community and/or Public Relation Activities | G72: 301606.09 | H72: Partial | I72: 293559.16 | J72: 8046.93 | K72: 301606.09
C73: 16730000 | F73: Development (Fund Raising) | G73: 220345.01 | H73: No | J73: 220345.01 | K73: 220345.01
B74: 16800000 | E74: Unassigned
B75: 16900000 | E75: Unassigned
A76: TOTAL | G76: 5420236.4 | I76: 2277923.1 | J76: 3142313.2 | K76: 5420236.3
F77: Total 6.0 INSTITUTIONAL SUPPORT reported from CA-2: | G77: 5420236.3 | I77: 0.42026269 | J77: 0.57973731
F79: Note: The amounts in cells G76 and G77 must be equal.
H80: Yes
H83: Total Expense (Excluding Transfers) from Cost Analysis (CA-2): | I83: 22423554 | J83: 0.10158617 | K83: : Administrative Cost Percentage

Sheet SCF MANATEE
A1: The Florida College System
A2: Data Collection for the Administrative Cost Report
A3: COLLEGE NAME:
A4: State College of Florida, Manatee-Sarasota
A6: Account | D6: Name | G6: FY 2017-18 | H6: Administration? | I6: Administrative Amount | J6: Excluded Amount | K6: Data Validation | L6: Comments / Additional Details
A7: 16000000 | D7: Institutional Support Control (Administrative)
B8: 16100000 | E8: Executive Management Control | G8: 2535917.1 | I8: 1612193.2 | J8: 923723.91
C9: 16110000 | F9: College-Wide Management | G9: 0 | I9: 0 | J9: 0 | K9: 0
C10: 16111000 | F10: District Board of Trustees | G10: 5746.93 | H10: Yes | I10: 5746.93 | J10: 0 | K10: 5746.93
C11: 16112000 | F11: President | G11: 531077.32 | H11: Partial | I11: 514979.11 | J11: 16098.21 | K11: 531077.32
C12: 16113000 | F12: Assistant to the President | G12: 0 | I12: 0 | J12: 0 | K12: 0
C13: 16114000 | F13: Executive Vice President/Vice President(s) | G13: 766350.72 | H13: Partial | I13: 689715.65 | J13: 76635.07 | K13: 766350.72
C14: 16115000 | F14: Chief Campus Administrators in Multi-Campus Colleges | G14: 450873.81 | H14: Partial | I14: 45087.38 | J14: 405786.43 | K14: 450873.81
C15: 16116000 | F15: Equal Access, Equal Opportunity, Equal Employment Officer | G15: 12207.81 | H15: Partial | I15: 6103.9 | J15: 6103.91 | K15: 12207.81
C16: 16117000 | F16: Internal Auditing | G16: 40340 | H16: Yes | I16: 40340 | J16: 0 | K16: 40340
C17: 16120000 | F17: Educational Planning and Development | G17: 125660.61 | H17: No | I17: 0 | J17: 125660.61 | K17: 125660.61
C18: 16121000 | F18: Institutional Research | G18: 177321.61 | H18: No | I18: 0 | J18: 177321.61 | K18: 177321.61
C19: 16122000 | F19: Analytical Studies | G19: 0 | I19: 0 | J19: 0 | K19: 0
C20: 16130000 | F20: Legal Services | G20: 310220.24 | H20: Yes | I20: 310220.24 | J20: 0 | K20: 310220.24
C21: 16140000 | F21: College-Wide Planning and Management Committees, Council or Task Forces | G21: 106512.71 | H21: No | I21: 0 | J21: 106512.71 | K21: 106512.71
C22: 16141000 | F22: Faculty Senates | G22: 2686.52 | H22: No | I22: 0 | J22: 2686.52 | K22: 2686.52
C23: 16142000 | F23: Planning Committees | G23: 6918.84 | H23: No | I23: 0 | J23: 6918.84 | K23: 6918.84
C24: 16143000 | F24: Administrative Councils | G24: 0 | I24: 0 | J24: 0 | K24: 0
B25: 16200000 | E25: Fiscal Operations Control | G25: 1479945.5 | I25: 1040156.7 | J25: 439788.74
C26: 16210000 | F26: Fiscal Control | G26: 0 | I26: 0 | J26: 0 | K26: 0
C27: 16211000 | F27: Business Officer (Financial Duties) | G27: 0 | I27: 0 | J27: 0 | K27: 0
C28: 16212000 | F28: Comptroller | G28: 974783.96 | H28: Yes | I28: 974783.96 | J28: 0 | K28: 974783.96
C29: 16213000 | F29: Budget Administration and Control | G29: 0 | I29: 0 | J29: 0 | K29: 0
C30: 16220000 | F30: Financial Operations | G30: 171996.55 | H30: Partial | I30: 15398.03 | J30: 156598.52 | K30: 171996.55
C31: 16221000 | F31: Payroll Operation | G31: 0 | I31: 0 | J31: 0 | K31: 0
C32: 16222000 | F32: Bursar | G32: 333164.97 | H32: Partial | I32: 49974.75 | J32: 283190.22 | K32: 333164.97
C33: 16223000 | F33: Cashier | G33: 0 | I33: 0 | J33: 0 | K33: 0
C34: 16224000 | F34: Disbursement | G34: 0 | I34: 0 | J34: 0 | K34: 0
C35: 16225000 | F35: Accounting | G35: 0 | I35: 0 | J35: 0 | K35: 0
C36: 16230000 | F36: Investment Management | G36: 0 | I36: 0 | J36: 0 | K36: 0
C37: 16231000 | F37: Cash Flow Management | G37: 0 | I37: 0 | J37: 0 | K37: 0
C38: 16232000 | F38: Endowment Management | G38: 0 | I38: 0 | J38: 0 | K38: 0
C39: 16240000 | F39: Grants and Contracts Financial Management | G39: 0 | I39: 0 | J39: 0 | K39: 0
C40: 16241000 | F40: Grants Management | G40: 0 | I40: 0 | J40: 0 | K40: 0
C41: 16242000 | F41: Grants Accounting | G41: 0 | I41: 0 | J41: 0 | K41: 0
B42: 16300000 | E42: General Administrative and Logistical Services Control | G42: 6716486.1 | I42: 1477037.1 | J42: 5239449.1
C43: 16310000 | F43: Administrative Data/Telecommunication Services | G43: 0 | I43: 0 | J43: 0 | K43: 0
C44: 16310100 | F44: Computing | G44: 3933570.7 | H44: Partial | I44: 196678.53 | J44: 3736892.1 | K44: 3933570.7
C45: 16310200 | F45: Telecommunications | G45: 255206.87 | H45: Partial | I45: 12760.34 | J45: 242446.53 | K45: 255206.87
C46: 16310300 | F46: Networking | G46: 28036.58 | H46: Partial | I46: 1401.83 | J46: 26634.75 | K46: 28036.58
C47: 16320000 | F47: Human Resources | G47: 922970.68 | H47: Partial | I47: 851121.13 | J47: 71849.55 | K47: 922970.68
C48: 16330000 | F48: Logistical Services | G48: 0 | I48: 0 | J48: 0 | K48: 0
C49: 16330100 | F49: Purchasing | G49: 159333.6 | H49: Yes | I49: 159333.6 | J49: 0 | K49: 159333.6
C50: 16330200 | F50: Receiving | G50: 0 | I50: 0 | J50: 0 | K50: 0
C51: 16330300 | F51: Shipping | G51: 0 | I51: 0 | J51: 0 | K51: 0
C52: 16330400 | F52: Warehousing | G52: 3991.47 | H52: Yes | I52: 3991.47 | J52: 0 | K52: 3991.47
C53: 16330500 | F53: Property Management | G53: 128972.09 | H53: Yes | I53: 128972.09 | J53: 0 | K53: 128972.09
C54: 16330600 | F54: Mail and Distribution | G54: 112639.64 | H54: Partial | I54: 5631.98 | J54: 107007.66 | K54: 112639.64
C55: 16330700 | F55: Telephone Service/Operations | G55: 0 | I55: 0 | J55: 0 | K55: 0
C56: 16330800 | F56: General Printing and Reproduction | G56: 272067.82 | H56: Partial | I56: 13603.39 | J56: 258464.43 | K56: 272067.82
C57: 16330900 | F57: Campus Transportation (including motor pool) | G57: 51829.61 | H57: Partial | I57: 2591.48 | J57: 49238.13 | K57: 51829.61
C58: 16331000 | F58: Parking and Parking Space Management | G58: 0 | I58: 0 | J58: 0 | K58: 0
C59: 16340000 | F59: Other General Expenses | G59: 16686.82 | H59: Partial | I59: 834.34 | J59: 15852.48 | K59: 16686.82
C60: 16341000 | F60: Business Hospitality | G60: 5682.44 | H60: Partial | I60: 284.12 | J60: 5398.32 | K60: 5682.44
C61: 16342000 | F61: Organizational Memberships | G61: 65223.78 | H61: Yes | I61: 65223.78 | J61: 0 | K61: 65223.78
C62: 16343000 | F62: General Insurance (other than property) | G62: 692179.89 | H62: Partial | I62: 34608.99 | J62: 657570.9 | K62: 692179.89
C63: 16344000 | F63: Commencement (Graduation) | G63: 68094.19 | H63: No | I63: 0 | J63: 68094.19 | K63: 68094.19
B64: 16400000 | E64: Unassigned
B65: 16500000 | E65: Unassigned
B66: 16600000 | E66: Administrative and Support Staff Services Control | G66: 0 | I66: 0 | J66: 0
C67: 16610000 | F67: In-Service Training | K67: 0
C68: 16620000 | F68: Sabbatical Leaves (Administrative and Support Staff only) | K68: 0
C69: 16630000 | F69: Training Institutes, etc. | K69: 0
B70: 16700000 | E70: Community Relations Control | G70: 1381430.9 | I70: 703113.27 | J70: 678317.61
C71: 16710000 | F71: Alumni Relations | K71: 0
C72: 16720000 | F72: Community and/or Public Relation Activities | G72: 778802.99 | H72: Partial | I72: 703113.27 | J72: 75689.72 | K72: 778802.99
C73: 16730000 | F73: Development (Fund Raising) | G73: 602627.89 | H73: No | I73: 0 | J73: 602627.89 | K73: 602627.89
B74: 16800000 | E74: Unassigned
B75: 16900000 | E75: Unassigned
A76: TOTAL | G76: 12113780 | I76: 4832500.3 | J76: 7281279.3 | K76: 12113780
F77: Total 6.0 INSTITUTIONAL SUPPORT reported from CA-2: | G77: 12113780 | I77: 0.39892589 | J77: 0.60107411
F79: Note: The amounts in cells G76 and G77 must be equal.
H80: Yes
H83: Total Expense (Excluding Transfers) from Cost Analysis (CA-2): | I83: 44485617 | J83: 0.10863062 | K83: : Administrative Cost Percentage

Sheet MIAMI
A1: The Florida College System
A2: Data Collection for the Administrative Cost Report
A3: COLLEGE NAME:
A4: Miami Dade College
A6: Account | D6: Name | G6: FY 2017-18 | H6: Administration? | I6: Administrative Amount | J6: Excluded Amount | K6: Data Validation | L6: Comments / Additional Details
A7: 16000000 | D7: Institutional Support Control (Administrative)
B8: 16100000 | E8: Executive Management Control | G8: 19167240 | I8: 9251724.6 | J8: 9915515.2
C9: 16110000 | F9: College-Wide Management | K9: 0
C10: 16111000 | F10: District Board of Trustees | G10: 1987.2 | H10: Yes | I10: 1987.2 | J10: 0 | K10: 1987.2
C11: 16112000 | F11: President | G11: 1616817.8 | H11: Yes | I11: 1616817.8 | J11: 0 | K11: 1616817.8
C12: 16113000 | F12: Assistant to the President | G12: 0 | K12: 0
C13: 16114000 | F13: Executive Vice President/Vice President(s) | G13: 5563428.8 | H13: Partial | I13: 4922732.9 | J13: 640695.87 | K13: 5563428.8
C14: 16115000 | F14: Chief Campus Administrators in Multi-Campus Colleges | G14: 8360867.4 | H14: No | I14: 0 | J14: 8360867.4 | K14: 8360867.4
C15: 16116000 | F15: Equal Access, Equal Opportunity, Equal Employment Officer | G15: 412152.63 | H15: Yes | I15: 412152.63 | J15: 0 | K15: 412152.63
C16: 16117000 | F16: Internal Auditing | G16: 0 | K16: 0
C17: 16120000 | F17: Educational Planning and Development | G17: 822566.28 | H17: Yes | I17: 822566.28 | J17: 0 | K17: 822566.28
C18: 16121000 | F18: Institutional Research | G18: 913951.88 | H18: No | I18: 0 | J18: 913951.88 | K18: 913951.88
C19: 16122000 | F19: Analytical Studies | G19: 0 | H19: No | I19: 0 | J19: 0 | K19: 0
C20: 16130000 | F20: Legal Services | G20: 794919.72 | H20: Yes | I20: 794919.72 | J20: 0 | K20: 794919.72
C21: 16140000 | F21: College-Wide Planning and Management Committees, Council or Task Forces | G21: 680199.72 | H21: Yes | I21: 680199.72 | J21: 0 | K21: 680199.72
C22: 16141000 | F22: Faculty Senates | G22: 0 | K22: 0
C23: 16142000 | F23: Planning Committees | G23: 0 | K23: 0
C24: 16143000 | F24: Administrative Councils | G24: 348.34 | H24: Yes | I24: 348.34 | J24: 0 | K24: 348.34
B25: 16200000 | E25: Fiscal Operations Control | G25: 12884327 | I25: 6319815.9 | J25: 6564511.5
C26: 16210000 | F26: Fiscal Control | K26: 0
C27: 16211000 | F27: Business Officer (Financial Duties) | K27: 0
C28: 16212000 | F28: Comptroller | G28: 451068.46 | H28: Yes | I28: 451068.46 | J28: 0 | K28: 451068.46
C29: 16213000 | F29: Budget Administration and Control | G29: 7157016.7 | H29: Partial | I29: 3617802.5 | J29: 3539214.3 | K29: 7157016.7
C30: 16220000 | F30: Financial Operations | G30: 242057.89 | H30: Yes | I30: 242057.89 | J30: 0 | K30: 242057.89
C31: 16221000 | F31: Payroll Operation | G31: 587235.06 | H31: Yes | I31: 587235.06 | J31: 0 | K31: 587235.06
C32: 16222000 | F32: Bursar | G32: 1375959.5 | H32: No | I32: 0 | J32: 1375959.5 | K32: 1375959.5
C33: 16223000 | F33: Cashier | K33: 0
C34: 16224000 | F34: Disbursement | G34: 654612.97 | H34: Yes | I34: 654612.97 | J34: 0 | K34: 654612.97
C35: 16225000 | F35: Accounting | G35: 1167518.4 | H35: Partial | I35: 447286.19 | J35: 720232.21 | K35: 1167518.4
C36: 16230000 | F36: Investment Management | G36: 319752.84 | H36: Yes | I36: 319752.84 | J36: 0 | K36: 319752.84
C37: 16231000 | F37: Cash Flow Management | K37: 0
C38: 16232000 | F38: Endowment Management | K38: 0
C39: 16240000 | F39: Grants and Contracts Financial Management | K39: 0
C40: 16241000 | F40: Grants Management | K40: 0
C41: 16242000 | F41: Grants Accounting | G41: 929105.57 | H41: No | I41: 0 | J41: 929105.57 | K41: 929105.57
B42: 16300000 | E42: General Administrative and Logistical Services Control | G42: 25641510 | I42: 9697371.9 | J42: 15944138
C43: 16310000 | F43: Administrative Data/Telecommunication Services | G43: 510243.75 | H43: No | I43: 0 | J43: 510243.75 | K43: 510243.75
C44: 16310100 | F44: Computing | G44: 8325688.2 | H44: No | I44: 0 | J44: 8325688.2 | K44: 8325688.2
C45: 16310200 | F45: Telecommunications | G45: 2505001.5 | H45: No | I45: 0 | J45: 2505001.5 | K45: 2505001.5
C46: 16310300 | F46: Networking | G46: 976970.8 | H46: No | I46: 0 | J46: 976970.8 | K46: 976970.8
C47: 16320000 | F47: Human Resources | G47: 2749702.5 | H47: Yes | I47: 2749702.5 | J47: 0 | K47: 2749702.5
C48: 16330000 | F48: Logistical Services | G48: 335672.14 | H48: Yes | I48: 335672.14 | J48: 0 | K48: 335672.14
C49: 16330100 | F49: Purchasing | G49: 1074986.3 | H49: Yes | I49: 1074986.3 | J49: 0 | K49: 1074986.3
C50: 16330200 | F50: Receiving | K50: 0
C51: 16330300 | F51: Shipping | K51: 0
C52: 16330400 | F52: Warehousing | K52: 0
C53: 16330500 | F53: Property Management | G53: 490583.99 | H53: Yes | I53: 490583.99 | J53: 0 | K53: 490583.99
C54: 16330600 | F54: Mail and Distribution | G54: 647725.6 | H54: No | I54: 0 | J54: 647725.6 | K54: 647725.6
C55: 16330700 | F55: Telephone Service/Operations | G55: 240575.79 | H55: No | I55: 0 | J55: 240575.79 | K55: 240575.79
C56: 16330800 | F56: General Printing and Reproduction | G56: 955093.28 | H56: No | I56: 0 | J56: 955093.28 | K56: 955093.28
C57: 16330900 | F57: Campus Transportation (including motor pool) | G57: 1167176.3 | H57: No | I57: 0 | J57: 1167176.3 | K57: 1167176.3
C58: 16331000 | F58: Parking and Parking Space Management | G58: 454395.9 | H58: No | I58: 0 | J58: 454395.9 | K58: 454395.9
C59: 16340000 | F59: Other General Expenses | K59: 0
C60: 16341000 | F60: Business Hospitality | G60: 4141.95 | H60: Yes | I60: 4141.95 | J60: 0 | K60: 4141.95
C61: 16342000 | F61: Organizational Memberships | G61: 1726.14 | H61: Yes | I61: 1726.14 | J61: 0 | K61: 1726.14
C62: 16343000 | F62: General Insurance (other than property) | G62: 5040558.9 | H62: Nos | I62: 5040558.9 | J62: 0 | K62: 5040558.9
C63: 16344000 | F63: Commencement (Graduation) | G63: 161266.88 | H63: No | I63: 0 | J63: 161266.88 | K63: 161266.88
B64: 16400000 | E64: Unassigned
B65: 16500000 | E65: Unassigned
B66: 16600000 | E66: Administrative and Support Staff Services Control | G66: 28505.05 | I66: 28505.05 | J66: 0
C67: 16610000 | F67: In-Service Training | G67: 28505.05 | H67: No | I67: 28505.05 | J67: 0 | K67: 28505.05
C68: 16620000 | F68: Sabbatical Leaves (Administrative and Support Staff only) | K68: 0
C69: 16630000 | F69: Training Institutes, etc. | K69: 0
B70: 16700000 | E70: Community Relations Control | G70: 5939625.9 | I70: 5939625.9 | J70: 0
C71: 16710000 | F71: Alumni Relations | K71: 0
C72: 16720000 | F72: Community and/or Public Relation Activities | G72: 5939625.9 | H72: Yes | I72: 5939625.9 | J72: 0 | K72: 5939625.9
C73: 16730000 | F73: Development (Fund Raising) | K73: 0
B74: 16800000 | E74: Unassigned
B75: 16900000 | E75: Unassigned
A76: TOTAL | G76: 63661208 | I76: 31237043 | J76: 32424165 | K76: 63661208
F77: Total 6.0 INSTITUTIONAL SUPPORT reported from CA-2: | G77: 63661208 | I77: 0.49067626 | J77: 0.50932374
F79: Note: The amounts in cells G76 and G77 must be equal.
H80: Yes
H83: Total Expense (Excluding Transfers) from Cost Analysis (CA-2): | I83: 3.1115289e+08 | J83: 0.1003913 | K83: : Administrative Cost Percentage

Sheet NORTH FLORIDA
A1: The Florida College System
A2: Data Collection for the Administrative Cost Report
A3: COLLEGE NAME:
A4: North Florida Community College
A6: Account | D6: Name | G6: FY 2017-18 | H6: Administration? | I6: Administrative Amount | J6: Excluded Amount | K6: Data Validation | L6: Comments / Additional Details
A7: 16000000 | D7: Institutional Support Control (Administrative)
B8: 16100000 | E8: Executive Management Control | G8: 555688.48 | I8: 308001.7 | J8: 247686.78
C9: 16110000 | F9: College-Wide Management | I9: 0 | J9: 0 | K9: 0
C10: 16111000 | F10: District Board of Trustees | G10: 3800.07 | H10: Yes | I10: 3800.07 | J10: 0 | K10: 3800.07
C11: 16112000 | F11: President | G11: 212557.17 | H11: Yes | I11: 212557.17 | J11: 0 | K11: 212557.17
C12: 16113000 | F12: Assistant to the President | G12: 63206.214 | H12: Yes | I12: 63206.214 | J12: 0 | K12: 63206.214
C13: 16114000 | F13: Executive Vice President/Vice President(s) | I13: 0 | J13: 0 | K13: 0
C14: 16115000 | F14: Chief Campus Administrators in Multi-Campus Colleges | I14: 0 | J14: 0 | K14: 0
C15: 16116000 | F15: Equal Access, Equal Opportunity, Equal Employment Officer | I15: 0 | J15: 0 | K15: 0
C16: 16117000 | F16: Internal Auditing | I16: 0 | J16: 0 | K16: 0
C17: 16120000 | F17: Educational Planning and Development | G17: 126805.39 | H17: No | I17: 0 | J17: 126805.39 | K17: 126805.39
C18: 16121000 | F18: Institutional Research | G18: 120881.39 | H18: No | I18: 0 | J18: 120881.39 | K18: 120881.39
C19: 16122000 | F19: Analytical Studies | I19: 0 | J19: 0 | K19: 0
C20: 16130000 | F20: Legal Services | G20: 28438.25 | I20: 28438.25 | J20: 0 | K20: 28438.25
C21: 16140000 | F21: College-Wide Planning and Management Committees, Council or Task Forces | I21: 0 | J21: 0 | K21: 0
C22: 16141000 | F22: Faculty Senates | I22: 0 | J22: 0 | K22: 0
C23: 16142000 | F23: Planning Committees | I23: 0 | J23: 0 | K23: 0
C24: 16143000 | F24: Administrative Councils | I24: 0 | J24: 0 | K24: 0
B25: 16200000 | E25: Fiscal Operations Control | G25: 317769.87 | I25: 115000 | J25: 202769.87
C26: 16210000 | F26: Fiscal Control | I26: 0 | J26: 0 | K26: 0
C27: 16211000 | F27: Business Officer (Financial Duties) | G27: 175362.82 | H27: Partial | I27: 115000 | J27: 60362.82 | K27: 175362.82
C28: 16212000 | F28: Comptroller | H28: No | I28: 0 | J28: 0 | K28: 0
C29: 16213000 | F29: Budget Administration and Control | I29: 0 | J29: 0 | K29: 0
C30: 16220000 | F30: Financial Operations | G30: 25729 | H30: No | I30: 0 | J30: 25729 | K30: 25729
C31: 16221000 | F31: Payroll Operation | G31: 32000 | H31: No | I31: 0 | J31: 32000 | K31: 32000
C32: 16222000 | F32: Bursar | I32: 0 | J32: 0 | K32: 0
C33: 16223000 | F33: Cashier | G33: 14678.05 | H33: No | I33: 0 | J33: 14678.05 | K33: 14678.05
C34: 16224000 | F34: Disbursement | I34: 0 | J34: 0 | K34: 0
C35: 16225000 | F35: Accounting | G35: 70000 | H35: No | I35: 0 | J35: 70000 | K35: 70000
C36: 16230000 | F36: Investment Management | I36: 0 | J36: 0 | K36: 0
C37: 16231000 | F37: Cash Flow Management | I37: 0 | J37: 0 | K37: 0
C38: 16232000 | F38: Endowment Management | I38: 0 | J38: 0 | K38: 0
C39: 16240000 | F39: Grants and Contracts Financial Management | I39: 0 | J39: 0 | K39: 0
C40: 16241000 | F40: Grants Management | I40: 0 | J40: 0 | K40: 0
C41: 16242000 | F41: Grants Accounting | I41: 0 | J41: 0 | K41: 0
B42: 16300000 | E42: General Administrative and Logistical Services Control | G42: 662059.1 | I42: 156488.3 | J42: 505570.8
C43: 16310000 | F43: Administrative Data/Telecommunication Services | G43: 169358.05 | H43: No | I43: 0 | J43: 169358.05 | K43: 169358.05
C44: 16310100 | F44: Computing | I44: 0 | J44: 0 | K44: 0
C45: 16310200 | F45: Telecommunications | I45: 0 | J45: 0 | K45: 0
C46: 16310300 | F46: Networking | I46: 0 | J46: 0 | K46: 0
C47: 16320000 | F47: Human Resources | G47: 195290.69 | H47: Partial | I47: 125567 | J47: 69723.69 | K47: 195290.69
C48: 16330000 | F48: Logistical Services | H48: No | I48: 0 | J48: 0 | K48: 0
C49: 16330100 | F49: Purchasing | G49: 57901.49 | H49: No | I49: 0 | J49: 57901.49 | K49: 57901.49
C50: 16330200 | F50: Receiving | I50: 0 | J50: 0 | K50: 0
C51: 16330300 | F51: Shipping | I51: 0 | J51: 0 | K51: 0
C52: 16330400 | F52: Warehousing | I52: 0 | J52: 0 | K52: 0
C53: 16330500 | F53: Property Management | G53: 0 | H53: No | I53: 0 | J53: 0 | K53: 0
C54: 16330600 | F54: Mail and Distribution | G54: 7401.75 | H54: No | I54: 0 | J54: 7401.75 | K54: 7401.75
C55: 16330700 | F55: Telephone Service/Operations | G55: 99323.48 | H55: No | I55: 0 | J55: 99323.48 | K55: 99323.48
C56: 16330800 | F56: General Printing and Reproduction | G56: 80547.34 | H56: Partial | I56: 8054.734 | J56: 72492.606 | K56: 80547.34
C57: 16330900 | F57: Campus Transportation (including motor pool) | I57: 0 | J57: 0 | K57: 0
C58: 16331000 | F58: Parking and Parking Space Management | I58: 0 | J58: 0 | K58: 0
C59: 16340000 | F59: Other General Expenses | I59: 0 | J59: 0 | K59: 0
C60: 16341000 | F60: Business Hospitality | G60: 22661.33 | H60: Partial | I60: 9517.7586 | J60: 13143.571 | K60: 22661.33
C61: 16342000 | F61: Organizational Memberships | G61: 23820.25 | H61: Partial | I61: 11910.125 | J61: 11910.125 | K61: 23820.25
C62: 16343000 | F62: General Insurance (other than property) | I62: 0 | J62: 0 | K62: 0
C63: 16344000 | F63: Commencement (Graduation) | G63: 5754.72 | H63: Partial | I63: 1438.68 | J63: 4316.04 | K63: 5754.72
B64: 16400000 | E64: Unassigned
B65: 16500000 | E65: Unassigned
B66: 16600000 | E66: Administrative and Support Staff Services Control | G66: 0 | I66: 0 | J66: 0
C67: 16610000 | F67: In-Service Training | I67: 0 | J67: 0 | K67: 0
C68: 16620000 | F68: Sabbatical Leaves (Administrative and Support Staff only) | I68: 0 | J68: 0 | K68: 0
C69: 16630000 | F69: Training Institutes, etc. | I69: 0 | J69: 0 | K69: 0
B70: 16700000 | E70: Community Relations Control | G70: 498428.47 | I70: 0 | J70: 498428.47
C71: 16710000 | F71: Alumni Relations | I71: 0 | J71: 0 | K71: 0
C72: 16720000 | F72: Community and/or Public Relation Activities | G72: 289982.07 | H72: No | I72: 0 | J72: 289982.07 | K72: 289982.07
C73: 16730000 | F73: Development (Fund Raising) | G73: 208446.4 | H73: No | I73: 0 | J73: 208446.4 | K73: 208446.4
B74: 16800000 | E74: Unassigned
B75: 16900000 | E75: Unassigned
A76: TOTAL | G76: 2033945.9 | I76: 579490 | J76: 1454455.9 | K76: 2033945.9
F77: Total 6.0 INSTITUTIONAL SUPPORT reported from CA-2: | G77: 2033945.9 | I77: 0.28490925 | J77: 0.71509075
F79: Note: The amounts in cells G76 and G77 must be equal.
H80: Yes
H83: Total Expense (Excluding Transfers) from Cost Analysis (CA-2): | I83: 9549026.9 | J83: 0.060685765 | K83: : Administrative Cost Percentage

Sheet NORTHWEST FLORIDA
A1: The Florida College System
A2: Data Collection for the Administrative Cost Report
A3: COLLEGE NAME:
A4: Northwest Florida State College
A6: Account | D6: Name | G6: FY 2017-18 | H6: Administration? | I6: Administrative Amount | J6: Excluded Amount | K6: Data Validation | L6: Comments / Additional Details
A7: 16000000 | D7: Institutional Support Control (Administrative)
B8: 16100000 | E8: Executive Management Control | G8: 1068137.2 | I8: 1042843.1 | J8: 25294.07
C9: 16110000 | F9: College-Wide Management | K9: 0
C10: 16111000 | F10: District Board of Trustees | G10: 52553.36 | H10: Yes | I10: 52553.36 | K10: 52553.36
C11: 16112000 | F11: President | G11: 494220.13 | H11: Yes | I11: 494220.13 | K11: 494220.13
C12: 16113000 | F12: Assistant to the President | K12: 0
C13: 16114000 | F13: Executive Vice President/Vice President(s) | G13: 186398.56 | H13: Yes | I13: 186398.56 | K13: 186398.56
C14: 16115000 | F14: Chief Campus Administrators in Multi-Campus Colleges | K14: 0
C15: 16116000 | F15: Equal Access, Equal Opportunity, Equal Employment Officer | G15: 25294.07 | H15: No | J15: 25294.07 | K15: 25294.07
C16: 16117000 | F16: Internal Auditing | K16: 0
C17: 16120000 | F17: Educational Planning and Development | K17: 0
C18: 16121000 | F18: Institutional Research | G18: 238307.35 | H18: Yes | I18: 238307.35 | K18: 238307.35
C19: 16122000 | F19: Analytical Studies | K19: 0
C20: 16130000 | F20: Legal Services | G20: 71363.74 | H20: Yes | I20: 71363.74 | K20: 71363.74
C21: 16140000 | F21: College-Wide Planning and Management Committees, Council or Task Forces | K21: 0
C22: 16141000 | F22: Faculty Senates | K22: 0
C23: 16142000 | F23: Planning Committees | K23: 0
C24: 16143000 | F24: Administrative Councils | K24: 0
B25: 16200000 | E25: Fiscal Operations Control | G25: 967054.31 | I25: 598457.96 | J25: 368596.35
C26: 16210000 | F26: Fiscal Control | G26: 518882.34 | H26: Partial | I26: 404728.23 | J26: 114154.11 | K26: 518882.34 | L26: Excludes Exp related to College grant & auxiliary services accounting
C27: 16211000 | F27: Business Officer (Financial Duties) | K27: 0
C28: 16212000 | F28: Comptroller | K28: 0
C29: 16213000 | F29: Budget Administration and Control | K29: 0
C30: 16220000 | F30: Financial Operations | K30: 0
C31: 16221000 | F31: Payroll Operation | K31: 0
C32: 16222000 | F32: Bursar | G32: 367185.15 | H32: Partial | I32: 193729.73 | J32: 173455.42 | K32: 367185.15 | L32: Excludes Exp associated with Student Cashiering & Student Accounts
C33: 16223000 | F33: Cashier | K33: 0
C34: 16224000 | F34: Disbursement | K34: 0
C35: 16225000 | F35: Accounting | K35: 0
C36: 16230000 | F36: Investment Management | K36: 0
C37: 16231000 | F37: Cash Flow Management | K37: 0
C38: 16232000 | F38: Endowment Management | K38: 0
C39: 16240000 | F39: Grants and Contracts Financial Management | K39: 0
C40: 16241000 | F40: Grants Management | G40: 80986.82 | H40: No | J40: 80986.82 | K40: 80986.82
C41: 16242000 | F41: Grants Accounting | K41: 0
B42: 16300000 | E42: General Administrative and Logistical Services Control | G42: 4893462.8 | I42: 1459331.8 | J42: 3434131
C43: 16310000 | F43: Administrative Data/Telecommunication Services | G43: 3358754.1 | H43: Partial | I43: 1007626.1 | J43: 2351128 | K43: 3358754.1 | L43: Excludes 70% exp assoc with support for Stu Services, labs & instructional support
C44: 16310100 | F44: Computing | G44: 159686.94 | H44: No | J44: 159686.94 | K44: 159686.94
C45: 16310200 | F45: Telecommunications | K45: 0
C46: 16310300 | F46: Networking | K46: 0
C47: 16320000 | F47: Human Resources | G47: 274335.49 | H47: Yes | I47: 274335.49 | K47: 274335.49
C48: 16330000 | F48: Logistical Services | G48: 146546.82 | H48: No | J48: 146546.82 | K48: 146546.82
C49: 16330100 | F49: Purchasing | G49: 116152.53 | H49: Yes | I49: 116152.53 | K49: 116152.53
C50: 16330200 | F50: Receiving | K50: 0
C51: 16330300 | F51: Shipping | K51: 0
C52: 16330400 | F52: Warehousing | K52: 0
C53: 16330500 | F53: Property Management | K53: 0
C54: 16330600 | F54: Mail and Distribution | K54: 0
C55: 16330700 | F55: Telephone Service/Operations | G55: 16823.1 | H55: No | J55: 16823.1 | K55: 16823.1
C56: 16330800 | F56: General Printing and Reproduction | G56: 141967.09 | H56: No | J56: 141967.09 | K56: 141967.09
C57: 16330900 | F57: Campus Transportation (including motor pool) | G57: 204058.83 | H57: Partial | I57: 61217.65 | J57: 142841.18 | K57: 204058.83 | L57: Excludes 70% exp assoc with support for Instruction & instructional support
C58: 16331000 | F58: Parking and Parking Space Management | K58: 0
C59: 16340000 | F59: Other General Expenses | K59: 0
C60: 16341000 | F60: Business Hospitality | H60: No | K60: 0
C61: 16342000 | F61: Organizational Memberships | G61: 98328.07 | H61: No | J61: 98328.07 | K61: 98328.07
C62: 16343000 | F62: General Insurance (other than property) | G62: 376809.83 | H62: No | J62: 376809.83 | K62: 376809.83
C63: 16344000 | F63: Commencement (Graduation) | K63: 0
B64: 16400000 | E64: Unassigned
B65: 16500000 | E65: Unassigned
B66: 16600000 | E66: Administrative and Support Staff Services Control | G66: 0 | I66: 0 | J66: 0
C67: 16610000 | F67: In-Service Training | K67: 0
C68: 16620000 | F68: Sabbatical Leaves (Administrative and Support Staff only) | K68: 0
C69: 16630000 | F69: Training Institutes, etc. | K69: 0
B70: 16700000 | E70: Community Relations Control | G70: 1338304 | I70: 0 | J70: 1338304
C71: 16710000 | F71: Alumni Relations | K71: 0
C72: 16720000 | F72: Community and/or Public Relation Activities | G72: 975582.5 | H72: No | J72: 975582.5 | K72: 975582.5
C73: 16730000 | F73: Development (Fund Raising) | G73: 362721.53 | H73: No | J73: 362721.53 | K73: 362721.53
B74: 16800000 | E74: Unassigned
B75: 16900000 | E75: Unassigned
A76: TOTAL | G76: 8266958.4 | I76: 3100632.9 | J76: 5166325.5 | K76: 8266958.4
F77: Total 6.0 INSTITUTIONAL SUPPORT reported from CA-2: | G77: 8266958.4 | I77: 0.37506333 | J77: 0.62493667
F79: Note: The amounts in cells G76 and G77 must be equal.
H80: Yes
H83: Total Expense (Excluding Transfers) from Cost Analysis (CA-2): | I83: 31896355 | J83: 0.09720963 | K83: : Administrative Cost Percentage

Sheet PALM BEACH
A1: The Florida College System
A2: Data Collection for the Administrative Cost Report
A3: COLLEGE NAME:
A4: Palm Beach State College
A6: Account | D6: Name | G6: FY 2017-18 | H6: Administration? | I6: Administrative Amount | J6: Excluded Amount | K6: Data Validation | L6: Comments / Additional Details
A7: 16000000 | D7: Institutional Support Control (Administrative)
B8: 16100000 | E8: Executive Management Control | G8: 2229999 | I8: 1453510.5 | J8: 776488.51
C9: 16110000 | F9: College-Wide Management | K9: 0
C10: 16111000 | F10: District Board of Trustees | G10: 68377 | H10: Yes | I10: 68377 | K10: 68377
C11: 16112000 | F11: President | G11: 351437.74 | H11: Yes | I11: 351437.74 | K11: 351437.74
C12: 16113000 | F12: Assistant to the President | K12: 0
C13: 16114000 | F13: Executive Vice President/Vice President(s) | G13: 1033695.8 | H13: Yes | I13: 1033695.8 | K13: 1033695.8
C14: 16115000 | F14: Chief Campus Administrators in Multi-Campus Colleges | K14: 0
C15: 16116000 | F15: Equal Access, Equal Opportunity, Equal Employment Officer | K15: 0
C16: 16117000 | F16: Internal Auditing | K16: 0
C17: 16120000 | F17: Educational Planning and Development | K17: 0
C18: 16121000 | F18: Institutional Research | G18: 367636.18 | H18: No | J18: 367636.18 | K18: 367636.18
C19: 16122000 | F19: Analytical Studies | K19: 0
C20: 16130000 | F20: Legal Services | G20: 351680.87 | H20: No | J20: 351680.87 | K20: 351680.87
C21: 16140000 | F21: College-Wide Planning and Management Committees, Council or Task Forces | K21: 0
C22: 16141000 | F22: Faculty Senates | K22: 0
C23: 16142000 | F23: Planning Committees | G23: 57171.46 | H23: No | J23: 57171.46 | K23: 57171.46
C24: 16143000 | F24: Administrative Councils | K24: 0
B25: 16200000 | E25: Fiscal Operations Control | G25: 2240289 | I25: 955097.36 | J25: 1285191.6
C26: 16210000 | F26: Fiscal Control | K26: 0
C27: 16211000 | F27: Business Officer (Financial Duties) | K27: 0
C28: 16212000 | F28: Comptroller | G28: 531040.55 | H28: Partial | I28: 253770.84 | J28: 277269.71 | K28: 531040.55
C29: 16213000 | F29: Budget Administration and Control | G29: 15439.96 | H29: Yes | I29: 15439.96 | K29: 15439.96
C30: 16220000 | F30: Financial Operations | K30: 0
C31: 16221000 | F31: Payroll Operation | G31: 320984.25 | H31: Yes | I31: 320984.25 | K31: 320984.25
C32: 16222000 | F32: Bursar | G32: 571470.52 | H32: No | J32: 571470.52 | K32: 571470.52
C33: 16223000 | F33: Cashier | K33: 0
C34: 16224000 | F34: Disbursement | K34: 0
C35: 16225000 | F35: Accounting | G35: 364902.31 | H35: Yes | I35: 364902.31 | K35: 364902.31
C36: 16230000 | F36: Investment Management | K36: 0
C37: 16231000 | F37: Cash Flow Management | K37: 0
C38: 16232000 | F38: Endowment Management | K38: 0
C39: 16240000 | F39: Grants and Contracts Financial Management | K39: 0
C40: 16241000 | F40: Grants Management | G40: 260238.71 | H40: No | J40: 260238.71 | K40: 260238.71
C41: 16242000 | F41: Grants Accounting | G41: 176212.7 | H41: No | J41: 176212.7 | K41: 176212.7
B42: 16300000 | E42: General Administrative and Logistical Services Control | G42: 7628138 | I42: 2752409.2 | J42: 4875728.8
C43: 16310000 | F43: Administrative Data/Telecommunication Services | G43: 3237412.8 | H43: No | J43: 3237412.8 | K43: 3237412.8
C44: 16310100 | F44: Computing | G44: 339692.73 | H44: Yes | I44: 339692.73 | K44: 339692.73
C45: 16310200 | F45: Telecommunications | G45: 240260.16 | H45: No | J45: 240260.16 | K45: 240260.16
C46: 16310300 | F46: Networking | G46: 227783.1 | H46: No | J46: 227783.1 | K46: 227783.1
C47: 16320000 | F47: Human Resources | G47: 1827050.2 | H47: Yes | I47: 1827050.2 | K47: 1827050.2
C48: 16330000 | F48: Logistical Services | K48: 0
C49: 16330100 | F49: Purchasing | G49: 259543.48 | H49: Yes | I49: 259543.48 | K49: 259543.48
C50: 16330200 | F50: Receiving | G50: 206490.83 | H50: Yes | I50: 206490.83 | K50: 206490.83
C51: 16330300 | F51: Shipping | K51: 0
C52: 16330400 | F52: Warehousing | K52: 0
C53: 16330500 | F53: Property Management | G53: 119631.91 | H53: Yes | I53: 119631.91 | K53: 119631.91
C54: 16330600 | F54: Mail and Distribution | K54: 0
C55: 16330700 | F55: Telephone Service/Operations | K55: 0
C56: 16330800 | F56: General Printing and Reproduction | G56: 292159.98 | H56: No | J56: 292159.98 | K56: 292159.98
C57: 16330900 | F57: Campus Transportation (including motor pool) | G57: 377.48 | H57: No | J57: 377.48 | K57: 377.48
C58: 16331000 | F58: Parking and Parking Space Management | K58: 0
C59: 16340000 | F59: Other General Expenses | G59: 495683.24 | H59: No | J59: 495683.24 | K59: 495683.24
C60: 16341000 | F60: Business Hospitality | K60: 0
C61: 16342000 | F61: Organizational Memberships | G61: 198244.44 | H61: No | J61: 198244.44 | K61: 198244.44
C62: 16343000 | F62: General Insurance (other than property) | K62: 0
C63: 16344000 | F63: Commencement (Graduation) | G63: 183807.64 | H63: No | J63: 183807.64 | K63: 183807.64
B64: 16400000 | E64: Unassigned
B65: 16500000 | E65: Unassigned
B66: 16600000 | E66: Administrative and Support Staff Services Control | G66: 0 | I66: 0 | J66: 0
C67: 16610000 | F67: In-Service Training | K67: 0
C68: 16620000 | F68: Sabbatical Leaves (Administrative and Support Staff only) | K68: 0
C69: 16630000 | F69: Training Institutes, etc. | K69: 0
B70: 16700000 | E70: Community Relations Control | G70: 3196050 | I70: 0 | J70: 3196050
C71: 16710000 | F71: Alumni Relations | K71: 0
C72: 16720000 | F72: Community and/or Public Relation Activities | G72: 2600315.8 | H72: No | J72: 2600315.8 | K72: 2600315.8
C73: 16730000 | F73: Development (Fund Raising) | G73: 595734.24 | H73: No | J73: 595734.24 | K73: 595734.24
B74: 16800000 | E74: Unassigned
B75: 16900000 | E75: Unassigned
A76: TOTAL | G76: 15294476 | I76: 5161017 | J76: 10133459 | K76: 15294476
F77: Total 6.0 INSTITUTIONAL SUPPORT reported from CA-2: | G77: 15294476 | I77: 0.33744321 | J77: 0.66255679
F79: Note: The amounts in cells G76 and G77 must be equal.
H80: Yes
H83: Total Expense (Excluding Transfers) from Cost Analysis (CA-2): | I83: 1.303598e+08 | J83: 0.039590555 | K83: : Administrative Cost Percentage

Sheet PASCO
A1: The Florida College System
A2: Data Collection for the Administrative Cost Report
A3: COLLEGE NAME:
A4: Pasco-Hernando State College
A6: Account | D6: Name | G6: FY 2017-18 | H6: Administration? | I6: Administrative Amount | J6: Excluded Amount | K6: Data Validation | L6: Comments / Additional Details
A7: 16000000 | D7: Institutional Support Control (Administrative)
B8: 16100000 | E8: Executive Management Control | G8: 1704905.4 | I8: 742739.66 | J8: 962165.71
C9: 16110000 | F9: College-Wide Management | K9: 0
C10: 16111000 | F10: District Board of Trustees | G10: 15734.63 | H10: Yes | I10: 15734.63 | K10: 15734.63
C11: 16112000 | F11: President | G11: 500658.04 | H11: Yes | I11: 500658.04 | K11: 500658.04
C12: 16113000 | F12: Assistant to the President | K12: 0
C13: 16114000 | F13: Executive Vice President/Vice President(s) | K13: 0
C14: 16115000 | F14: Chief Campus Administrators in Multi-Campus Colleges | G14: 775220.78 | H14: No | J14: 775220.78 | K14: 775220.78 | L14: Campus Provost
C15: 16116000 | F15: Equal Access, Equal Opportunity, Equal Employment Officer | K15: 0
C16: 16117000 | F16: Internal Auditing | K16: 0
C17: 16120000 | F17: Educational Planning and Development | K17: 0
C18: 16121000 | F18: Institutional Research | G18: 169707.47 | H18: No | J18: 169707.47 | K18: 169707.47
C19: 16122000 | F19: Analytical Studies | G19: 17237.46 | H19: No | J19: 17237.46 | K19: 17237.46 | L19: SACSCOC QEP
C20: 16130000 | F20: Legal Services | G20: 226346.99 | H20: Yes | I20: 226346.99 | K20: 226346.99 | L20: Attorney and Paralegal, swicht to contracted service in Ocotober of 2017
C21: 16140000 | F21: College-Wide Planning and Management Committees, Council or Task Forces | K21: 0
C22: 16141000 | F22: Faculty Senates | K22: 0
C23: 16142000 | F23: Planning Committees | K23: 0
C24: 16143000 | F24: Administrative Councils | K24: 0
B25: 16200000 | E25: Fiscal Operations Control | G25: 1847285.6 | I25: 1153708.2 | J25: 693577.42
C26: 16210000 | F26: Fiscal Control | G26: 394788 | H26: Yes | I26: 394788 | K26: 394788 | L26: VP Finance & Auxliary, AVP Admin, Exec Admin Assistant
C27: 16211000 | F27: Business Officer (Financial Duties) | K27: 0
C28: 16212000 | F28: Comptroller | K28: 0
C29: 16213000 | F29: Budget Administration and Control | K29: 0
C30: 16220000 | F30: Financial Operations | G30: 820594.72 | H30: Partial | I30: 652533.72 | J30: 168061 | K30: 820594.72 | L30: Excluded: Merchant Fees, Higher One, Nelnet ($168,061)
C31: 16221000 | F31: Payroll Operation | G31: 106386.48 | H31: Yes | I31: 106386.48 | K31: 106386.48 | L31: Payroll Manager and Sr. Office Assistant
C32: 16222000 | F32: Bursar | G32: 525516.42 | H32: No | J32: 525516.42 | K32: 525516.42 | L32: AR staff, student fee write-offs ($320,106)
C33: 16223000 | F33: Cashier | K33: 0
C34: 16224000 | F34: Disbursement | K34: 0
C35: 16225000 | F35: Accounting | K35: 0
C36: 16230000 | F36: Investment Management | K36: 0
C37: 16231000 | F37: Cash Flow Management | K37: 0
C38: 16232000 | F38: Endowment Management | K38: 0
C39: 16240000 | F39: Grants and Contracts Financial Management | K39: 0
C40: 16241000 | F40: Grants Management | K40: 0
C41: 16242000 | F41: Grants Accounting | K41: 0
B42: 16300000 | E42: General Administrative and Logistical Services Control | G42: 3243547.1 | I42: 849903.03 | J42: 2393644.1
C43: 16310000 | F43: Administrative Data/Telecommunication Services | G43: 1543037.6 | H43: No | J43: 1543037.6 | K43: 1543037.6 | L43: V Fin & Auxiliary, AVP Admin, Exec Admin Asst
C44: 16310100 | F44: Computing | K44: 0
C45: 16310200 | F45: Telecommunications | K45: 0
C46: 16310300 | F46: Networking | K46: 0
C47: 16320000 | F47: Human Resources | G47: 664774.01 | H47: Yes | I47: 664774.01 | K47: 664774.01
C48: 16330000 | F48: Logistical Services | K48: 0
C49: 16330100 | F49: Purchasing | G49: 107606.26 | H49: Yes | I49: 107606.26 | K49: 107606.26 | L49: Payroll Manager and Sr. Office Assistant
C50: 16330200 | F50: Receiving | K50: 0
C51: 16330300 | F51: Shipping | K51: 0
C52: 16330400 | F52: Warehousing | K52: 0
C53: 16330500 | F53: Property Management | K53: 0
C54: 16330600 | F54: Mail and Distribution | G54: 179563.81 | H54: No | J54: 179563.81 | K54: 179563.81
C55: 16330700 | F55: Telephone Service/Operations | G55: 386745.53 | H55: No | J55: 386745.53 | K55: 386745.53
C56: 16330800 | F56: General Printing and Reproduction | G56: 52837.74 | H56: No | J56: 52837.74 | K56: 52837.74
C57: 16330900 | F57: Campus Transportation (including motor pool) | K57: 0
C58: 16331000 | F58: Parking and Parking Space Management | K58: 0
C59: 16340000 | F59: Other General Expenses | K59: 0
C60: 16341000 | F60: Business Hospitality | G60: 3316.58 | H60: No | J60: 3316.58 | K60: 3316.58 | L60: Porter campus opening
C61: 16342000 | F61: Organizational Memberships | G61: 77522.76 | H61: Yes | I61: 77522.76 | K61: 77522.76 | L61: College wide Memberships/ Program memberships charged to individual departments and program accounts
C62: 16343000 | F62: General Insurance (other than property) | G62: 194507.69 | H62: No | J62: 194507.69 | K62: 194507.69 | L62: Less Athletics insurance costs
C63: 16344000 | F63: Commencement (Graduation) | G63: 33635.11 | H63: No | J63: 33635.11 | K63: 33635.11
B64: 16400000 | E64: Unassigned
B65: 16500000 | E65: Unassigned
B66: 16600000 | E66: Administrative and Support Staff Services Control | G66: 0 | I66: 0 | J66: 0
C67: 16610000 | F67: In-Service Training | K67: 0
C68: 16620000 | F68: Sabbatical Leaves (Administrative and Support Staff only) | K68: 0
C69: 16630000 | F69: Training Institutes, etc. | K69: 0
B70: 16700000 | E70: Community Relations Control | G70: 660952.64 | I70: 44772.728 | J70: 616179.91
C71: 16710000 | F71: Alumni Relations | G71: 46999.82 | I71: 0 | J71: 46999.82 | K71: 46999.82 | L71: Printed materials related to development of alumni
C72: 16720000 | F72: Community and/or Public Relation Activities | G72: 223863.64 | H72: Partial | I72: 44772.728 | J72: 179090.91 | K72: 223863.64 | L72: 0.2
C73: 16730000 | F73: Development (Fund Raising) | G73: 390089.18 | H73: No | J73: 390089.18 | K73: 390089.18 | L73: Inst. Advancement
B74: 16800000 | E74: Unassigned
B75: 16900000 | E75: Unassigned
A76: TOTAL | G76: 7456690.7 | I76: 2791123.6 | J76: 4665567.1 | K76: 7456690.7
F77: Total 6.0 INSTITUTIONAL SUPPORT reported from CA-2: | G77: 7456690.7 | I77: 0.3743113 | J77: 0.6256887
F79: Note: The amounts in cells G76 and G77 must be equal.
H80: Yes
H83: Total Expense (Excluding Transfers) from Cost Analysis (CA-2): | I83: 47076469 | J83: 0.059289145 | K83: : Administrative Cost Percentage

Sheet PENSACOLA
A1: The Florida College System
A2: Data Collection for the Administrative Cost Report
A3: COLLEGE NAME:
A4: Pensacola State College
A6: Account | D6: Name | G6: FY 2017-18 | H6: Administration? | I6: Administrative Amount | J6: Excluded Amount | K6: Data Validation | L6: Comments / Additional Details
A7: 16000000 | D7: Institutional Support Control (Administrative)
B8: 16100000 | E8: Executive Management Control | G8: 2694034 | I8: 2628635.9 | J8: 65398.11
C9: 16110000 | F9: College-Wide Management | K9: 0
C10: 16111000 | F10: District Board of Trustees | G10: 2967.15 | H10: yes | I10: 2967.15 | K10: 2967.15
C11: 16112000 | F11: President | G11: 545808.29 | H11: yes | I11: 545808.29 | K11: 545808.29
C12: 16113000 | F12: Assistant to the President | G12: 183374.21 | H12: yes | I12: 183374.21 | K12: 183374.21
C13: 16114000 | F13: Executive Vice President/Vice President(s) | G13: 1263281.7 | H13: yes | I13: 1263281.7 | K13: 1263281.7
C14: 16115000 | F14: Chief Campus Administrators in Multi-Campus Colleges | K14: 0
C15: 16116000 | F15: Equal Access, Equal Opportunity, Equal Employment Officer | G15: 201386.27 | H15: yes | I15: 201386.27 | K15: 201386.27
C16: 16117000 | F16: Internal Auditing | K16: 0
C17: 16120000 | F17: Educational Planning and Development | K17: 0
C18: 16121000 | F18: Institutional Research | G18: 372161.22 | H18: yes | I18: 372161.22 | K18: 372161.22
C19: 16122000 | F19: Analytical Studies | K19: 0
C20: 16130000 | F20: Legal Services | G20: 59657 | H20: yes | I20: 59657 | K20: 59657
C21: 16140000 | F21: College-Wide Planning and Management Committees, Council or Task Forces | K21: 0
C22: 16141000 | F22: Faculty Senates | K22: 0
C23: 16142000 | F23: Planning Committees | G23: 65398.11 | H23: no | J23: 65398.11 | K23: 65398.11 | L23: SACS Accreditation Expenses
C24: 16143000 | F24: Administrative Councils | K24: 0
B25: 16200000 | E25: Fiscal Operations Control | G25: 1245301.9 | I25: 822847.07 | J25: 422454.87
C26: 16210000 | F26: Fiscal Control | K26: 0
C27: 16211000 | F27: Business Officer (Financial Duties) | K27: 0
C28: 16212000 | F28: Comptroller | G28: 671948.24 | H28: Partial | I28: 659378.09 | J28: 12570.15 | K28: 671948.24 | L28: excluded: bank mobile student card charges
C29: 16213000 | F29: Budget Administration and Control | K29: 0
C30: 16220000 | F30: Financial Operations | K30: 0
C31: 16221000 | F31: Payroll Operation | G31: 163468.98 | H31: yes | I31: 163468.98 | K31: 163468.98
C32: 16222000 | F32: Bursar | G32: 409884.72 | H32: no | J32: 409884.72 | K32: 409884.72 | L32: excluded: entire cashiering operation
C33: 16223000 | F33: Cashier | K33: 0
C34: 16224000 | F34: Disbursement | K34: 0
C35: 16225000 | F35: Accounting | K35: 0
C36: 16230000 | F36: Investment Management | K36: 0
C37: 16231000 | F37: Cash Flow Management | K37: 0
C38: 16232000 | F38: Endowment Management | K38: 0
C39: 16240000 | F39: Grants and Contracts Financial Management | K39: 0
C40: 16241000 | F40: Grants Management | K40: 0
C41: 16242000 | F41: Grants Accounting | K41: 0
B42: 16300000 | E42: General Administrative and Logistical Services Control | G42: 5698850.3 | I42: 1114201.1 | J42: 4584649.2
C43: 16310000 | F43: Administrative Data/Telecommunication Services | G43: 1031605.5 | H43: no | J43: 1031605.5 | K43: 1031605.5 | L43: Excluded: admin staff, programming staff and consortium fees
C44: 16310100 | F44: Computing | G44: 896947.56 | H44: no | J44: 896947.56 | K44: 896947.56 | L44: Excluded: computer operations for entire college
C45: 16310200 | F45: Telecommunications | K45: 0
C46: 16310300 | F46: Networking | G46: 824259.7 | H46: no | J46: 824259.7 | K46: 824259.7 | L46: Excluded: networking staff and operations for entire college
C47: 16320000 | F47: Human Resources | G47: 496975.32 | H47: yes | I47: 496975.32 | K47: 496975.32
C48: 16330000 | F48: Logistical Services | K48: 0
C49: 16330100 | F49: Purchasing | G49: 175143.12 | H49: yes | I49: 175143.12 | K49: 175143.12
C50: 16330200 | F50: Receiving | G50: 103227.5 | H50: yes | I50: 103227.5 | K50: 103227.5
C51: 16330300 | F51: Shipping | K51: 0
C52: 16330400 | F52: Warehousing | G52: 35487.12 | H52: yes | I52: 35487.12 | K52: 35487.12
C53: 16330500 | F53: Property Management | K53: 0
C54: 16330600 | F54: Mail and Distribution | G54: 80544.28 | H54: yes | I54: 80544.28 | K54: 80544.28
C55: 16330700 | F55: Telephone Service/Operations | G55: 638383.92 | H55: no | J55: 638383.92 | K55: 638383.92 | L55: Excluded: telephone operations for the entire college
C56: 16330800 | F56: General Printing and Reproduction | G56: 149810.6 | H56: no | J56: 149810.6 | K56: 149810.6 | L56: Excluded: copier costs for alllocations
C57: 16330900 | F57: Campus Transportation (including motor pool) | G57: 197152.13 | H57: no | J57: 197152.13 | K57: 197152.13 | L57: Excluded: small car fleet, three buses, mowers, golf carts
C58: 16331000 | F58: Parking and Parking Space Management | K58: 0
C59: 16340000 | F59: Other General Expenses | G59: 393629.13 | H59: partial | I59: 125074.56 | J59: 268554.57 | K59: 393629.13 | L59: Excluded: bad debt expense, SBA bond admin, unemployment comp
C60: 16341000 | F60: Business Hospitality | K60: 0
C61: 16342000 | F61: Organizational Memberships | G61: 97749.21 | H61: yes | I61: 97749.21 | K61: 97749.21
C62: 16343000 | F62: General Insurance (other than property) | G62: 530927.26 | H62: no | J62: 530927.26 | K62: 530927.26 | L62: Excluded: not related to buildings or fixtures
C63: 16344000 | F63: Commencement (Graduation) | G63: 47007.97 | H63: no | J63: 47007.97 | K63: 47007.97 | L63: Excluded: college wide graduation
B64: 16400000 | E64: Unassigned
B65: 16500000 | E65: Unassigned
B66: 16600000 | E66: Administrative and Support Staff Services Control | G66: 80448.44 | I66: 0 | J66: 80448.44
C67: 16610000 | F67: In-Service Training | G67: 80448.44 | H67: no | J67: 80448.44 | K67: 80448.44 | L67: Excluded: college wide staff development expenses
C68: 16620000 | F68: Sabbatical Leaves (Administrative and Support Staff only) | K68: 0
C69: 16630000 | F69: Training Institutes, etc. | K69: 0
B70: 16700000 | E70: Community Relations Control | G70: 1834756.2 | I70: 672496.86 | J70: 1162259.3
C71: 16710000 | F71: Alumni Relations | G71: 164824.92 | H71: no | J71: 164824.92 | K71: 164824.92 | L71: Excluded: college wide alumni office
C72: 16720000 | F72: Community and/or Public Relation Activities | G72: 1042005.9 | H72: partial | I72: 672496.86 | J72: 369509.05 | K72: 1042005.9 | L72: Excluded: college wide advertising, foundaton & student records
C73: 16730000 | F73: Development (Fund Raising) | G73: 627925.35 | H73: no | J73: 627925.35 | K73: 627925.35 | L73: Excluded: foundation expenses
B74: 16800000 | E74: Unassigned
B75: 16900000 | E75: Unassigned
A76: TOTAL | G76: 11553391 | I76: 5238180.9 | J76: 6315209.9 | K76: 11553391
F77: Total 6.0 INSTITUTIONAL SUPPORT reported from CA-2: | G77: 11553391 | I77: 0.45338905 | J77: 0.54661095
F79: Note: The amounts in cells G76 and G77 must be equal.
H80: Yes
H83: Total Expense (Excluding Transfers) from Cost Analysis (CA-2): | I83: 52267285 | J83: 0.10021911 | K83: : Administrative Cost Percentage

Sheet POLK
A1: The Florida College System
A2: Data Collection for the Administrative Cost Report
A3: COLLEGE NAME:
A4: Polk State College
A6: Account | D6: Name | G6: FY 2017-18 | H6: Administration? | I6: Administrative Amount | J6: Excluded Amount | K6: Data Validation | L6: Comments / Additional Details
A7: 16000000 | D7: Institutional Support Control (Administrative)
B8: 16100000 | E8: Executive Management Control | G8: 1519645.4 | I8: 854512.36 | J8: 665133.04
C9: 16110000 | F9: College-Wide Management | K9: 0
C10: 16111000 | F10: District Board of Trustees | G10: 81586.54 | H10: Yes | I10: 81586.54 | K10: 81586.54
C11: 16112000 | F11: President | G11: 606288.23 | H11: Yes | I11: 606288.23 | K11: 606288.23
C12: 16113000 | F12: Assistant to the President | K12: 0
C13: 16114000 | F13: Executive Vice President/Vice President(s) | K13: 0
C14: 16115000 | F14: Chief Campus Administrators in Multi-Campus Colleges | G14: 396977.64 | H14: No | J14: 396977.64 | K14: 396977.64
C15: 16116000 | F15: Equal Access, Equal Opportunity, Equal Employment Officer | G15: 166637.59 | H15: Yes | I15: 166637.59 | K15: 166637.59
C16: 16117000 | F16: Internal Auditing | K16: 0
C17: 16120000 | F17: Educational Planning and Development | K17: 0
C18: 16121000 | F18: Institutional Research | G18: 268155.4 | H18: No | J18: 268155.4 | K18: 268155.4
C19: 16122000 | F19: Analytical Studies | K19: 0
C20: 16130000 | F20: Legal Services | K20: 0
C21: 16140000 | F21: College-Wide Planning and Management Committees, Council or Task Forces | K21: 0
C22: 16141000 | F22: Faculty Senates | K22: 0
C23: 16142000 | F23: Planning Committees | K23: 0
C24: 16143000 | F24: Administrative Councils | K24: 0
B25: 16200000 | E25: Fiscal Operations Control | G25: 1758714.9 | I25: 1316700.1 | J25: 442014.87
C26: 16210000 | F26: Fiscal Control | G26: 284294.48 | H26: Yes | I26: 284294.48 | K26: 284294.48
C27: 16211000 | F27: Business Officer (Financial Duties) | K27: 0
C28: 16212000 | F28: Comptroller | K28: 0
C29: 16213000 | F29: Budget Administration and Control | K29: 0
C30: 16220000 | F30: Financial Operations | G30: 1324995.4 | H30: Partial | I30: 1032405.6 | J30: 292589.81 | K30: 1324995.4
C31: 16221000 | F31: Payroll Operation | K31: 0
C32: 16222000 | F32: Bursar | K32: 0
C33: 16223000 | F33: Cashier | K33: 0
C34: 16224000 | F34: Disbursement | K34: 0
C35: 16225000 | F35: Accounting | K35: 0
C36: 16230000 | F36: Investment Management | K36: 0
C37: 16231000 | F37: Cash Flow Management | K37: 0
C38: 16232000 | F38: Endowment Management | K38: 0
C39: 16240000 | F39: Grants and Contracts Financial Management | K39: 0
C40: 16241000 | F40: Grants Management | G40: 149425.06 | H40: No | J40: 149425.06 | K40: 149425.06
C41: 16242000 | F41: Grants Accounting | K41: 0
B42: 16300000 | E42: General Administrative and Logistical Services Control | G42: 4418586.2 | I42: 1157929.9 | J42: 3260656.3
C43: 16310000 | F43: Administrative Data/Telecommunication Services | G43: 268380.63 | H43: No | J43: 268380.63 | K43: 268380.63
C44: 16310100 | F44: Computing | G44: 943194.92 | H44: No | J44: 943194.92 | K44: 943194.92
C45: 16310200 | F45: Telecommunications | K45: 0
C46: 16310300 | F46: Networking | K46: 0
C47: 16320000 | F47: Human Resources | G47: 574907.31 | H47: Yes | I47: 574907.31 | K47: 574907.31
C48: 16330000 | F48: Logistical Services | G48: 222226.31 | H48: No | J48: 222226.31 | K48: 222226.31
C49: 16330100 | F49: Purchasing | G49: 536075.72 | H49: Yes | I49: 536075.72 | K49: 536075.72
C50: 16330200 | F50: Receiving | K50: 0
C51: 16330300 | F51: Shipping | K51: 0
C52: 16330400 | F52: Warehousing | K52: 0
C53: 16330500 | F53: Property Management | K53: 0
C54: 16330600 | F54: Mail and Distribution | K54: 0
C55: 16330700 | F55: Telephone Service/Operations | G55: 1496346 | H55: No | J55: 1496346 | K55: 1496346
C56: 16330800 | F56: General Printing and Reproduction | K56: 0
C57: 16330900 | F57: Campus Transportation (including motor pool) | K57: 0
C58: 16331000 | F58: Parking and Parking Space Management | K58: 0
C59: 16340000 | F59: Other General Expenses | K59: 0
C60: 16341000 | F60: Business Hospitality | K60: 0
C61: 16342000 | F61: Organizational Memberships | G61: 46946.86 | H61: Yes | I61: 46946.86 | K61: 46946.86
C62: 16343000 | F62: General Insurance (other than property) | G62: 204798.27 | H62: No | J62: 204798.27 | K62: 204798.27
C63: 16344000 | F63: Commencement (Graduation) | G63: 125710.15 | H63: No | J63: 125710.15 | K63: 125710.15
B64: 16400000 | E64: Unassigned
B65: 16500000 | E65: Unassigned
B66: 16600000 | E66: Administrative and Support Staff Services Control | G66: 34070.36 | I66: 34070.36 | J66: 0
C67: 16610000 | F67: In-Service Training | G67: 34070.36 | H67: Yes | I67: 34070.36 | K67: 34070.36
C68: 16620000 | F68: Sabbatical Leaves (Administrative and Support Staff only) | K68: 0
C69: 16630000 | F69: Training Institutes, etc. | K69: 0
B70: 16700000 | E70: Community Relations Control | G70: 1591411.6 | I70: 565985.12 | J70: 1025426.4
C71: 16710000 | F71: Alumni Relations | K71: 0
C72: 16720000 | F72: Community and/or Public Relation Activities | G72: 826346.17 | H72: Partial | I72: 565985.12 | J72: 260361.05 | K72: 826346.17
C73: 16730000 | F73: Development (Fund Raising) | G73: 765065.4 | H73: No | J73: 765065.4 | K73: 765065.4
B74: 16800000 | E74: Unassigned
B75: 16900000 | E75: Unassigned
A76: TOTAL | G76: 9322428.4 | I76: 3929197.8 | J76: 5393230.6 | K76: 9322428.4
F77: Total 6.0 INSTITUTIONAL SUPPORT reported from CA-2: | G77: 9322428.4 | I77: 0.42147793 | J77: 0.57852207
F79: Note: The amounts in cells G76 and G77 must be equal.
H80: Yes
H83: Total Expense (Excluding Transfers) from Cost Analysis (CA-2): | I83: 49547692 | J83: 0.079301329 | K83: : Administrative Cost Percentage

Sheet ST JOHNS
A1: The Florida College System
A2: Data Collection for the Administrative Cost Report
A3: COLLEGE NAME:
A4: St. Johns River State College
A6: Account | D6: Name | G6: FY 2017-18 | H6: Administration? | I6: Administrative Amount | J6: Excluded Amount | K6: Data Validation | L6: Comments / Additional Details
A7: 16000000 | D7: Institutional Support Control (Administrative)
B8: 16100000 | E8: Executive Management Control | G8: 1707062.2 | I8: 1166512 | J8: 540550.21
C9: 16110000 | F9: College-Wide Management | K9: 0
C10: 16111000 | F10: District Board of Trustees | G10: 28054.4 | H10: Yes | I10: 28054.4 | K10: 28054.4
C11: 16112000 | F11: President | G11: 688926.69 | H11: Yes | I11: 688926.69 | K11: 688926.69
C12: 16113000 | F12: Assistant to the President | K12: 0
C13: 16114000 | F13: Executive Vice President/Vice President(s) | G13: 291110 | H13: Yes | I13: 291110 | K13: 291110
C14: 16115000 | F14: Chief Campus Administrators in Multi-Campus Colleges | G14: 273651.07 | H14: No | J14: 273651.07 | K14: 273651.07 | L14: Directly related to institution
C15: 16116000 | F15: Equal Access, Equal Opportunity, Equal Employment Officer | K15: 0
C16: 16117000 | F16: Internal Auditing | K16: 0
C17: 16120000 | F17: Educational Planning and Development | K17: 0
C18: 16121000 | F18: Institutional Research | G18: 266899.14 | H18: No | J18: 266899.14 | K18: 266899.14
C19: 16122000 | F19: Analytical Studies | G19: 131821.62 | H19: Yes | I19: 131821.62 | K19: 131821.62
C20: 16130000 | F20: Legal Services | G20: 26599.3 | H20: Yes | I20: 26599.3 | K20: 26599.3
C21: 16140000 | F21: College-Wide Planning and Management Committees, Council or Task Forces | K21: 0
C22: 16141000 | F22: Faculty Senates | K22: 0
C23: 16142000 | F23: Planning Committees | K23: 0
C24: 16143000 | F24: Administrative Councils | K24: 0
B25: 16200000 | E25: Fiscal Operations Control | G25: 2109104.6 | I25: 1979419.3 | J25: 129685.34
C26: 16210000 | F26: Fiscal Control | G26: 2109104.6 | H26: Partial | I26: 1979419.3 | J26: 129685.34 | K26: 2109104.6 | L26: Cashiers, A/R staf and bank charges not comparable to K-12
C27: 16211000 | F27: Business Officer (Financial Duties) | K27: 0
C28: 16212000 | F28: Comptroller | K28: 0
C29: 16213000 | F29: Budget Administration and Control | K29: 0
C30: 16220000 | F30: Financial Operations | K30: 0
C31: 16221000 | F31: Payroll Operation | K31: 0
C32: 16222000 | F32: Bursar | K32: 0
C33: 16223000 | F33: Cashier | K33: 0
C34: 16224000 | F34: Disbursement | K34: 0
C35: 16225000 | F35: Accounting | K35: 0
C36: 16230000 | F36: Investment Management | K36: 0
C37: 16231000 | F37: Cash Flow Management | K37: 0
C38: 16232000 | F38: Endowment Management | K38: 0
... C41: 16242000 | F41: Grants Accounting | K41: 0
B42: 16300000 | E42: General Administrative and Logistical Services Control | G42: 3013542.9 | I42: 1000596.6 | J42: 2012946.4
C43: 16310000 | F43: Administrative Data/Telecommunication Services | G43: 2435929.2 | H43: Partial | I43: 487185.83 | J43: 1948743.3 | K43: 2435929.2 | L43: Most is instructional. Assign 20% to Administrative.
C44: 16310100 | F44: Computing | K44: 0
C45: 16310200 | F45: Telecommunications | K45: 0
C46: 16310300 | F46: Networking | K46: 0
C47: 16320000 | F47: Human Resources | G47: 513410.75 | H47: Yes | I47: 513410.75 | K47: 513410.75
C48: 16330000 | F48: Logistical Services | K48: 0
C49: 16330100 | F49: Purchasing | K49: 0
C50: 16330200 | F50: Receiving | G50: 60111.52 | H50: No | J50: 60111.52 | K50: 60111.52
C51: 16330300 | F51: Shipping | K51: 0
C52: 16330400 | F52: Warehousing | K52: 0
C53: 16330500 | F53: Property Management | K53: 0
C54: 16330600 | F54: Mail and Distribution | K54: 0
C55: 16330700 | F55: Telephone Service/Operations | K55: 0
C56: 16330800 | F56: General Printing and Reproduction | K56: 0
C57: 16330900 | F57: Campus Transportation (including motor pool) | G57: 4091.5 | H57: No | J57: 4091.5 | K57: 4091.5
C58: 16331000 | F58: Parking and Parking Space Management | K58: 0
C59: 16340000 | F59: Other General Expenses | K59: 0
C60: 16341000 | F60: Business Hospitality | K60: 0
C61: 16342000 | F61: Organizational Memberships | K61: 0
C62: 16343000 | F62: General Insurance (other than property) | K62: 0
C63: 16344000 | F63: Commencement (Graduation) | K63: 0
B64: 16400000 | E64: Unassigned
B65: 16500000 | E65: Unassigned
B66: 16600000 | E66: Administrative and Support Staff Services Control | G66: 0 | I66: 0 | J66: 0
C67: 16610000 | F67: In-Service Training | K67: 0
C68: 16620000 | F68: Sabbatical Leaves (Administrative and Support Staff only) | K68: 0
C69: 16630000 | F69: Training Institutes, etc. | K69: 0
B70: 16700000 | E70: Community Relations Control | G70: 785886.76 | I70: 173827.52 | J70: 612059.24
C71: 16710000 | F71: Alumni Relations | K71: 0
C72: 16720000 | F72: Community and/or Public Relation Activities | G72: 347655.05 | H72: Partial | I72: 173827.52 | J72: 173827.53 | K72: 347655.05 | L72: Assign 50% to Administrative
C73: 16730000 | F73: Development (Fund Raising) | G73: 438231.71 | H73: No | J73: 438231.71 | K73: 438231.71
B74: 16800000 | E74: Unassigned
B75: 16900000 | E75: Unassigned
A76: TOTAL | G76: 7615596.6 | I76: 4320355.4 | J76: 3295241.1 | K76: 7615596.5
F77: Total 6.0 INSTITUTIONAL SUPPORT reported from CA-2: | G77: 7615596.5 | I77: 0.56730361 | J77: 0.43269639
G78: =G76-G77 -> 0
F79: Note: The amounts in cells G76 and G77 must be equal.
H80: Yes
H83: Total Expense (Excluding Transfers) from Cost Analysis (CA-2): | I83: 32264588 | J83: 0.13390394 | K83: : Administrative Cost Percentage

Sheet ST PETE
A1: The Florida College System
A2: Data Collection for the Administrative Cost Report
A3: COLLEGE NAME:
A4: St. Petersburg College
A6: Account | D6: Name | G6: FY 2017-18 | H6: Administration? | I6: Administrative Amount | J6: Excluded Amount | K6: Data Validation | L6: Comments / Additional Details
A7: 16000000 | D7: Institutional Support Control (Administrative)
B8: 16100000 | E8: Executive Management Control | G8: 3868268.3 | I8: 3121454.5 | J8: 746813.85
C9: 16110000 | F9: College-Wide Management | K9: 0
C10: 16111000 | F10: District Board of Trustees | G10: 79251.68 | H10: Yes | I10: 79251.68 | K10: 79251.68
C11: 16112000 | F11: President | G11: 999982.71 | H11: Yes | I11: 999982.71 | K11: 999982.71
C12: 16113000 | F12: Assistant to the President | G12: 197895.51 | H12: Yes | I12: 197895.51 | K12: 197895.51
C13: 16114000 | F13: Executive Vice President/Vice President(s) | G13: 1342029.8 | H13: Yes | I13: 1342029.8 | K13: 1342029.8
C14: 16115000 | F14: Chief Campus Administrators in Multi-Campus Colleges | K14: 0
C15: 16116000 | F15: Equal Access, Equal Opportunity, Equal Employment Officer | G15: 860 | H15: Yes | I15: 860 | K15: 860
C16: 16117000 | F16: Internal Auditing | K16: 0
C17: 16120000 | F17: Educational Planning and Development | K17: 0
C18: 16121000 | F18: Institutional Research | G18: 745378.73 | H18: No | J18: 745378.73 | K18: 745378.73
C19: 16122000 | F19: Analytical Studies | K19: 0
C20: 16130000 | F20: Legal Services | G20: 481627.47 | H20: Yes | I20: 481627.47 | K20: 481627.47
C21: 16140000 | F21: College-Wide Planning and Management Committees, Council or Task Forces | K21: 0
C22: 16141000 | F22: Faculty Senates | G22: 1435.12 | H22: No | J22: 1435.12 | K22: 1435.12
C23: 16142000 | F23: Planning Committees | K23: 0
C24: 16143000 | F24: Administrative Councils | G24: 19807.27 | H24: Yes | I24: 19807.27 | K24: 19807.27
B25: 16200000 | E25: Fiscal Operations Control | G25: 4429857.7 | I25: 3585994.7 | J25: 843863.03
C26: 16210000 | F26: Fiscal Control | K26: 0
C27: 16211000 | F27: Business Officer (Financial Duties) | K27: 0
C28: 16212000 | F28: Comptroller | G28: 1690578.7 | H28: Yes | I28: 1690578.7 | K28: 1690578.7
C29: 16213000 | F29: Budget Administration and Control | G29: 168443.55 | H29: Yes | I29: 168443.55 | K29: 168443.55
C30: 16220000 | F30: Financial Operations | K30: 0
C31: 16221000 | F31: Payroll Operation | G31: 126214.13 | H31: Yes | I31: 126214.13 | K31: 126214.13
C32: 16222000 | F32: Bursar | G32: 52918.5 | H32: Yes | I32: 52918.5 | K32: 52918.5
C33: 16223000 | F33: Cashier | G33: 382798.11 | H33: Partial | I33: 119629.97 | J33: 263168.14 | K33: 382798.11 | L33: Excluded cashier, collections and payroll costs
C34: 16224000 | F34: Disbursement | K34: 0
C35: 16225000 | F35: Accounting | G35: 1026780.5 | H35: Yes | I35: 446085.6 | J35: 580694.89 | K35: 1026780.5 | L35: Excluded credit card fees
C36: 16230000 | F36: Investment Management | K36: 0
C37: 16231000 | F37: Cash Flow Management | K37: 0
C38: 16232000 | F38: Endowment Management | K38: 0
C39: 16240000 | F39: Grants and Contracts Financial Management | K39: 0
C40: 16241000 | F40: Grants Management | G40: 982124.2 | H40: Yes | I40: 982124.2 | K40: 982124.2 | L40: Excluded SPC Foundation development expenses
C41: 16242000 | F41: Grants Accounting | K41: 0
B42: 16300000 | E42: General Administrative and Logistical Services Control | G42: 7878000.2 | I42: 6056490.1 | J42: 1821510.2
C43: 16310000 | F43: Administrative Data/Telecommunication Services | K43: 0
C44: 16310100 | F44: Computing | G44: 2954344.2 | H44: Yes | I44: 2954344.2 | K44: 2954344.2
C45: 16310200 | F45: Telecommunications | G45: 54093.66 | H45: Yes | I45: 54093.66 | K45: 54093.66
C46: 16310300 | F46: Networking | K46: 0
C47: 16320000 | F47: Human Resources | G47: 1606150.9 | H47: Yes | I47: 1606150.9 | K47: 1606150.9
C48: 16330000 | F48: Logistical Services | K48: 0
C49: 16330100 | F49: Purchasing | G49: 332789.2 | H49: Yes | I49: 332789.2 | K49: 332789.2
C50: 16330200 | F50: Receiving | G50: 175348.36 | H50: Yes | I50: 175348.36 | K50: 175348.36
C51: 16330300 | F51: Shipping | K51: 0
C52: 16330400 | F52: Warehousing | G52: 56082.01 | H52: Yes | I52: 56082.01 | K52: 56082.01
C53: 16330500 | F53: Property Management | G53: 178007.75 | H53: Yes | I53: 178007.75 | K53: 178007.75
